Workbook
Name IVA: #REF!
Name IVA: #REF!
Name PRUEBA: #REF!
Name TRM: #REF!
Name TRM: #REF!

Sheet I. ITEMS GRUPO-CATEG MUNICIPIOS
A3: FORMATO ECONÓMICO
B8: OFERTA INICIAL | Q8: OFERTA DESPUÉS DE DESCUENTO
A9: DESCRIPCIÓN | B9: CANTIDAD | C9: CANTIDAD | D9: MUNICIPIOS GRUPO 1 (CATEGORÍA 0 Ó ESPECIAL, 1, 2 Y 3) | J9: MUNICIPIOS GRUPO 2 (CATEGORÍA 0 Ó ESPECIAL, 4,5,6) | Q9: CANTIDAD | R9: CANTIDAD
D10: En vereda, inspección o corregimiento Valor Techo | E10: Valor Propuesta | F10: En casco urbano de municipio no capital Valor Techo | G10: Valor Propuesta | H10: En zona urbana de ciudad capital Valor Techo | I10: Valor Propuesta | J10: En vereda, inspección o corregimiento Valor Techo | K10: Valor Propuesta | L10: En casco urbano de municipio no capital Valor Techo | M10: Valor Propuesta | N10: En zona urbana de ciudad capital Valor Techo | O10: Valor Propuesta | S10: En vereda, inspección o corregimiento Valor Techo | T10: En casco urbano de municipio no capital Valor Techo | U10: En zona urbana de ciudad capital Valor Techo | V10: En vereda, inspección o corregimiento Valor Techo | W10: En casco urbano de municipio no capital Valor Techo | X10: En zona urbana de ciudad capital Valor Techo
A15: CAPSULA INFORMATIVA EN EMISORA COMERCIAL DE CUBRIMIENTO ZONAL RESTRINGIDO: (Resolución 2614 de 2022 de Mintic) que cubran los programas líderes en horarios 6 am a 8 am. Incluye solo la emisión (La UBPD proporciona la pieza radiofónica para su difusión). DURACIÓN: 30 SEGUNDOS. | B15: 1 cápsula | C15: 1 cápsula | D15: 189996 | E15: 178500 | F15: 150905 | G15: 142800 | H15: 4651795 | I15: 1999200 | J15: 562707 | K15: 178500 | L15: 226718 | M15: 142800 | N15: 4481252 | O15: 1999200 | Q15: =B15 -> 1 cápsula | R15: =C15 -> 1 cápsula | S15: =E15*12.5% -> 22312.5 | T15: =G15*12.5% -> 17850 | U15: =I15*12.5% -> 249900 | V15: =K15*12.5% -> 22312.5 | W15: =M15*12.5% -> 17850 | X15: =O15*12.5% -> 249900
A16: CAPSULA INFORMATIVA EN EMISORA COMERCIAL DE CUBRIMIENTO ZONAL RESTRINGIDO: (Resolución 2614 de 2022 de Mintic) que cubran los programas líderes en horarios 6 am a 8 am. Incluye solo la emisión (La UBPD proporciona la pieza radiofónica para su difusión). DURACIÓN: 1 MINUTO. | B16: 1 cápsula | C16: 1 cápsula | D16: 375507 | E16: 287980 | F16: 308316 | G16: 287980 | H16: 9303871 | I16: 4403000 | J16: 743089 | K16: 357000 | L16: 467928 | M16: 357000 | N16: 2488926 | O16: 833000 | Q16: =B16 -> 1 cápsula | R16: =C16 -> 1 cápsula | S16: =E16*12.5% -> 35997.5 | T16: =G16*12.5% -> 35997.5 | U16: =I16*12.5% -> 550375 | V16: =K16*12.5% -> 44625 | W16: =M16*12.5% -> 44625 | X16: =O16*12.5% -> 104125
A17: CAPSULA INFORMATIVA EN EMISORA COMERCIAL DE CUBRIMIENTO ZONAL RESTRINGIDO: (Resolución 2614 de 2022 de Mintic) que cubran los programas líderes en horarios 6 am a 8 am. Incluye solo la emisión (La UBPD proporciona la pieza radiofónica para su difusión). DURACIÓN: 5 MINUTOS. | B17: 1 cápsula | C17: 1 cápsula | D17: 1726659 | E17: 1190000 | F17: 1362313 | G17: 1190000 | H17: 42834787 | I17: 6902000 | J17: 5223710 | K17: 1190000 | L17: 2089937 | M17: 1190000 | N17: 30930132 | O17: 3927000 | Q17: =B17 -> 1 cápsula | R17: =C17 -> 1 cápsula | S17: =E17*12.5% -> 148750 | T17: =G17*12.5% -> 148750 | U17: =I17*12.5% -> 862750 | V17: =K17*12.5% -> 148750 | W17: =M17*12.5% -> 148750 | X17: =O17*12.5% -> 490875
A18: CAPSULA INFORMATIVA EN EMISORA COMUNITARIA DE CUBRIMIENTO LOCAL RESTRINGIDO: (Resolución 2614 de 2022 de Mintic) que cubran los programas líderes en horarios 6 am a 8 am. Incluye solo la emisión (La UBPD proporciona la pieza radiofónica para su difusión). DURACIÓN: 30 SEGUNDOS. | B18: 1 cápsula | C18: 1 cápsula | D18: 266373 | E18: 199920 | F18: 498529 | G18: 199920 | H18: 868375 | I18: 297500 | J18: 245181 | K18: 199920 | L18: 509721 | M18: 199920 | N18: 847246 | O18: 199920 | Q18: =B18 -> 1 cápsula | R18: =C18 -> 1 cápsula | S18: =E18*12.5% -> 24990 | T18: =G18*12.5% -> 24990 | U18: =I18*12.5% -> 37187.5 | V18: =K18*12.5% -> 24990 | W18: =M18*12.5% -> 24990 | X18: =O18*12.5% -> 24990
A19: CAPSULA INFORMATIVA EN EMISORA COMUNITARIA DE CUBRIMIENTO LOCAL RESTRINGIDO: (Resolución 2614 de 2022 de Mintic) que cubran los programas líderes en horarios 6 am a 8 am. Incluye solo la emisión (La UBPD proporciona la pieza radiofónica para su difusión). DURACIÓN: 1 MINUTO. | B19: 1 cápsula | C19: 1 cápsula | D19: 546325 | E19: 357000 | F19: 1036347 | G19: 357000 | H19: 1756580 | I19: 357000 | J19: 573673 | K19: 357000 | L19: 1039040 | M19: 357000 | N19: 1684685 | O19: 357000 | Q19: =B19 -> 1 cápsula | R19: =C19 -> 1 cápsula | S19: =E19*12.5% -> 44625 | T19: =G19*12.5% -> 44625 | U19: =I19*12.5% -> 44625 | V19: =K19*12.5% -> 44625 | W19: =M19*12.5% -> 44625 | X19: =O19*12.5% -> 44625
A20: CAPSULA INFORMATIVA EN EMISORA COMUNITARIA DE CUBRIMIENTO LOCAL RESTRINGIDO: (Resolución 2614 de 2022 de Mintic) que cubran los programas líderes en horarios 6 am a 8 am. Incluye solo la emisión (La UBPD proporciona la pieza radiofónica para su difusión). DURACIÓN: 5 MINUTOS. | B20: 1 cápsula | C20: 1 cápsula | D20: 2851445 | E20: 1190000 | F20: 5274133 | G20: 1190000 | H20: 9186720 | I20: 4998000 | J20: 4582577 | K20: 1190000 | L20: 6785675 | M20: 1190000 | N20: 8175621 | O20: 1190000 | Q20: =B20 -> 1 cápsula | R20: =C20 -> 1 cápsula | S20: =E20*12.5% -> 148750 | T20: =G20*12.5% -> 148750 | U20: =I20*12.5% -> 624750 | V20: =K20*12.5% -> 148750 | W20: =M20*12.5% -> 148750 | X20: =O20*12.5% -> 148750
A21: CAPSULA INFORMATIVA EN EMISORA COMUNITARIA INDÍGENA DE CUBRIMIENTO LOCAL RESTRINGIDO:(Resolución 2614 de 2022 de Mintic) que cubran los programas líderes en horarios 6 am a 8 am. Incluye solo la emisión (La UBPD proporciona la pieza radiofónica para su difusión). DURACIÓN: 30 SEGUNDOS. | B21: 1 cápsula | C21: 1 cápsula | D21: 38745 | E21: 36890 | F21: 36559 | G21: 34510 | H21: 53754 | I21: 49980 | J21: 53417 | K21: 49980 | L21: 57542 | M21: 49980 | N21: 50267 | O21: 49980 | Q21: =B21 -> 1 cápsula | R21: =C21 -> 1 cápsula | S21: =E21*12.5% -> 4611.25 | T21: =G21*12.5% -> 4313.75 | U21: =I21*12.5% -> 6247.5 | V21: =K21*12.5% -> 6247.5 | W21: =M21*12.5% -> 6247.5 | X21: =O21*12.5% -> 6247.5
A22: CAPSULA INFORMATIVA EN EMISORA COMUNITARIA INDÍGENA DE CUBRIMIENTO LOCAL RESTRINGIDO:(Resolución 2614 de 2022 de Mintic) que cubran los programas líderes en horarios 6 am a 8 am. Incluye solo la emisión (La UBPD proporciona la pieza radiofónica para su difusión). DURACIÓN: 1 MINUTO. | B22: 1 cápsula | C22: 1 cápsula | D22: 68860 | E22: 50000 | F22: 89364 | G22: 50000 | H22: 107507 | I22: 50000 | J22: 106275 | K22: 50000 | L22: 114481 | M22: 50000 | N22: 100009 | O22: 50000 | Q22: =B22 -> 1 cápsula | R22: =C22 -> 1 cápsula | S22: =E22*12.5% -> 6250 | T22: =G22*12.5% -> 6250 | U22: =I22*12.5% -> 6250 | V22: =K22*12.5% -> 6250 | W22: =M22*12.5% -> 6250 | X22: =O22*12.5% -> 6250
A23: CAPSULA INFORMATIVA EN EMISORA COMUNITARIA INDÍGENA DE CUBRIMIENTO LOCAL RESTRINGIDO:(Resolución 2614 de 2022 de Mintic) que cubran los programas líderes en horarios 6 am a 8 am. Incluye solo la emisión (La UBPD proporciona la pieza radiofónica para su difusión). DURACIÓN: 5 MINUTOS. | B23: 1 cápsula | C23: 1 cápsula | D23: 192837 | E23: 180000 | F23: 203901 | G23: 190000 | H23: 248365 | I23: 200000 | J23: 242438 | K23: 200000 | L23: 261159 | M23: 200000 | N23: 228143 | O23: 214454 | Q23: =B23 -> 1 cápsula | R23: =C23 -> 1 cápsula | S23: =E23*12.5% -> 22500 | T23: =G23*12.5% -> 23750 | U23: =I23*12.5% -> 25000 | V23: =K23*12.5% -> 25000 | W23: =M23*12.5% -> 25000 | X23: =O23*12.5% -> 26806.75
A24: CAPSULA INFORMATIVA EN EMISORA COMERCIAL DE CUBRIMIENTO ZONAL RESTRINGIDO: (Resolución 2614 de 2022 de Mintic) que cubran los programas líderes en horarios 6 am a 8 am. Incluye producción de la pieza radiofonica y entrega de la misma en formatos: Wav y/o Mp3 y/o AiFF. DURACIÓN: 30 SEGUNDOS. | B24: 1 cápsula | C24: 1 cápsula | D24: 1317327 | E24: 1238287 | F24: 1289879 | G24: 1212486 | H24: 8354770 | I24: 7000000 | J24: 1565627 | K24: 1471689 | L24: 1302323 | M24: 1224184 | N24: 4448249 | O24: 4181354 | Q24: =B24 -> 1 cápsula | R24: =C24 -> 1 cápsula | S24: =E24*12.5% -> 154785.88 | T24: =G24*12.5% -> 151560.75 | U24: =I24*12.5% -> 875000 | V24: =K24*12.5% -> 183961.12 | W24: =M24*12.5% -> 153023 | X24: =O24*12.5% -> 522669.25
A25: CAPSULA INFORMATIVA EN EMISORA COMERCIAL DE CUBRIMIENTO ZONAL RESTRINGIDO: (Resolución 2614 de 2022 de Mintic) que cubran los programas líderes en horarios 6 am a 8 am. Incluye producción de la pieza radiofonica y entrega de la misma en formatos: Wav y/o Mp3 y/o AiFF.. DURACIÓN: 1 MINUTO. | B25: 1 cápsula | C25: 1 cápsula | D25: 2064410 | E25: 1900000 | F25: 2018063 | G25: 1800000 | H25: 16006578 | I25: 4000000 | J25: 2434280 | K25: 1900000 | L25: 2046793 | M25: 1800000 | N25: 7336528 | O25: 4000000 | Q25: =B25 -> 1 cápsula | R25: =C25 -> 1 cápsula | S25: =E25*12.5% -> 237500 | T25: =G25*12.5% -> 225000 | U25: =I25*12.5% -> 500000 | V25: =K25*12.5% -> 237500 | W25: =M25*12.5% -> 225000 | X25: =O25*12.5% -> 500000
A26: CAPSULA INFORMATIVA EN EMISORA COMERCIAL DE CUBRIMIENTO ZONAL RESTRINGIDO: (Resolución 2614 de 2022 de Mintic) que cubran los programas líderes en horarios 6 am a 8 am. Incluye producción de la pieza radiofonica y entrega de la misma en formatos: Wav y/o Mp3 y/o AiFF. DURACIÓN: 5 MINUTOS. | B26: 1 cápsula | C26: 1 cápsula | D26: 6755498 | E26: 3927000 | F26: 6624445 | G26: 3927000 | H26: 71583594 | I26: 6000000 | J26: 7802145 | K26: 3927000 | L26: 6711435 | M26: 3927000 | N26: 21561988 | O26: 3927000 | Q26: =B26 -> 1 cápsula | R26: =C26 -> 1 cápsula | S26: =E26*12.5% -> 490875 | T26: =G26*12.5% -> 490875 | U26: =I26*12.5% -> 750000 | V26: =K26*12.5% -> 490875 | W26: =M26*12.5% -> 490875 | X26: =O26*12.5% -> 490875
... A54: Rompetrafico. 60cm x 148cm. En acrilico, 4x4 tintas (doble cara), la estructura debe ser rigida en metal resistente con pintura electroestatica (ideal para exteriores) sus superficies son perpendiculares, formando un angulo recto entre su base y el soporte grafico. incluye producción y entrega en el sitio donde se requiera. Además incluye arrendamiento del espacio por tres meses. | B54: 1 rompetráfico por tres meses | C54: 1 rompetráfico | D54: 29922597 | E54: 16040000 | F54: 23827383 | G54: 19040000 | H54: 39655151 | I54: 32130000 | J54: 21684050 | K54: 11420000 | L54: 15276311 | M54: 14518000 | N54: 30010894 | O54: 19040000 | Q54: =B54 -> 1 rompetráfico por tres meses | R54: =C54 -> 1 rompetráfico | S54: =E54*12.5% -> 2005000 | T54: =G54*12.5% -> 2380000 | U54: =I54*12.5% -> 4016250 | V54: =K54*12.5% -> 1427500 | W54: =M54*12.5% -> 1814750 | X54: =O54*12.5% -> 2380000
A55: Bastidor en centro comercial o terminal de transporte o zona pública permitida. Formato tabloide mediano y grande, 4x0 tintas. Incluye producción e instalación en el sitio donde se requiera. | C55: 1 bastidor | D55: 12833236 | E55: 3570000 | F55: 14011527 | G55: 3570000 | H55: 16635885 | I55: 4570000 | J55: 11005993 | K55: 3570000 | L55: 10321917 | M55: 3570000 | N55: 13854985 | O55: 3570000 | Q55: =B55 -> 0 | R55: =C55 -> 1 bastidor | S55: =E55*12.5% -> 446250 | T55: =G55*12.5% -> 446250 | U55: =I55*12.5% -> 571250 | V55: =K55*12.5% -> 446250 | W55: =M55*12.5% -> 446250 | X55: =O55*12.5% -> 446250
A56: Bastidor en centro comercial o terminal de transporte o zona pública permitida. Formato tabloide mediano y grande, 4x0 tintas. Incluye producción e instalación en el sitio donde se requiera. Además incluye arrendamiento del espacio por una semana. | B56: 1 bastidor por una semana | C56: 1 bastidor por una semana | D56: 11102843 | E56: 9282000 | F56: 12028439 | G56: 9282000 | H56: 14981594 | I56: 14875000 | J56: 10731767 | K56: 9282000 | L56: 9750953 | M56: 9282000 | N56: 13538343 | O56: 9282000 | Q56: =B56 -> 1 bastidor por una semana | R56: =C56 -> 1 bastidor por una semana | S56: =E56*12.5% -> 1160250 | T56: =G56*12.5% -> 1160250 | U56: =I56*12.5% -> 1859375 | V56: =K56*12.5% -> 1160250 | W56: =M56*12.5% -> 1160250 | X56: =O56*12.5% -> 1160250
A57: Vinilo adhesivo, altura 3.30 mts por 6 mts de ancho con forma troquelada para escaleras vista lateral Terminal de transporte. 4x0 tintas. Cada paral tiene 90 cm por 2 mts, 2,75 mts, 2,4 mts y 2,3 mts. Incluye producción e instalación en el sitio donde se requiera. | B57: 1 vinilo | C57: 1 vinilo | D57: 6073796 | E57: 4760000 | F57: 5627887 | G57: 4760000 | H57: 7758350 | I57: 4760000 | J57: 7460736 | K57: 4760000 | L57: 6345720 | M57: 4760000 | N57: 7598048 | O57: 4760000 | Q57: =B57 -> 1 vinilo | R57: =C57 -> 1 vinilo | S57: =E57*12.5% -> 595000 | T57: =G57*12.5% -> 595000 | U57: =I57*12.5% -> 595000 | V57: =K57*12.5% -> 595000 | W57: =M57*12.5% -> 595000 | X57: =O57*12.5% -> 595000
A58: Vinilo adhesivo, altura 3.30 mts por 6 mts de ancho con forma troquelada para escaleras vista lateral Terminal de transporte. 4x0 tintas. Cada paral tiene 90 cm por 2 mts, 2,75 mts, 2,4 mts y 2,3 mts. Incluye producción e instalación en el sitio donde se requiera. Además incluye arrendamiento del espacio por una semana. | B58: 1 vinilo por una semana | C58: 1 vinilo por una semana | D58: 8777783 | E58: 8330000 | F58: 8517609 | G58: 8330000 | H58: 10474590 | I58: 8330000 | J58: 6689613 | K58: 4165000 | L58: 5041100 | M58: 4165000 | N58: 8093739 | O58: 4165000 | Q58: =B58 -> 1 vinilo por una semana | R58: =C58 -> 1 vinilo por una semana | S58: =E58*12.5% -> 1041250 | T58: =G58*12.5% -> 1041250 | U58: =I58*12.5% -> 1041250 | V58: =K58*12.5% -> 520625 | W58: =M58*12.5% -> 520625 | X58: =O58*12.5% -> 520625
A59: Bastidor en zona de taquillas terminal de transporte: 500cm x 300cm, 4x0 tintas incluye producción e instalación en la terminal de transporte donde se requiera. | B59: 1 bastidor | C59: 1 bastidor | D59: 5010387 | E59: 2000000 | F59: 4355709 | G59: 4270000 | H59: 6094312 | I59: 5970000 | J59: 4875987 | K59: 2000000 | L59: 3846303 | M59: 3570000 | N59: 5999433 | O59: 3570000 | Q59: =B59 -> 1 bastidor | R59: =C59 -> 1 bastidor | S59: =E59*12.5% -> 250000 | T59: =G59*12.5% -> 533750 | U59: =I59*12.5% -> 746250 | V59: =K59*12.5% -> 250000 | W59: =M59*12.5% -> 446250 | X59: =O59*12.5% -> 446250
A60: Bastidor en zona de taquillas terminal de transporte: 500cm x 300cm, 4x0 tintas incluye producción e instalación en la terminal de transporte donde se requiera. Además incluye arrendamiento del espacio por una semana. | B60: 1 bastidor por una semana | C60: 1 bastidor por una semana | D60: 9559668 | E60: 8330000 | F60: 8496654 | G60: 8330000 | H60: 11383251 | I60: 11186000 | J60: 8283104 | K60: 8000000 | L60: 9573547 | M60: 8330000 | N60: 8549831 | O60: 8330000 | Q60: =B60 -> 1 bastidor por una semana | R60: =C60 -> 1 bastidor por una semana | S60: =E60*12.5% -> 1041250 | T60: =G60*12.5% -> 1041250 | U60: =I60*12.5% -> 1398250 | V60: =K60*12.5% -> 1000000 | W60: =M60*12.5% -> 1041250 | X60: =O60*12.5% -> 1041250
A61: Vinilo adhesivo de 4X0 Tintas. Altura 88 cm por 12,70 Mts. 4x0 tintas.Terminal de Transporte. incluye producción e instalación en la terminal de transporte donde se requiera. | B61: 1 vinilo | C61: 1 vinilo | D61: 3302646 | E61: 1190000 | F61: 2275532 | G61: 2142000 | H61: 5345913 | I61: 3470000 | J61: 4320228 | K61: 1190000 | L61: 4100694 | M61: 1190000 | N61: 5899448 | O61: 1190000 | Q61: =B61 -> 1 vinilo | R61: =C61 -> 1 vinilo | S61: =E61*12.5% -> 148750 | T61: =G61*12.5% -> 267750 | U61: =I61*12.5% -> 433750 | V61: =K61*12.5% -> 148750 | W61: =M61*12.5% -> 148750 | X61: =O61*12.5% -> 148750
A62: Vinilo adhesivo de 4X0 Tintas. Altura 88 cm por 12,70 Mts. 4x0 tintas.Terminal de Transporte. incluye producción e instalación en la terminal de transporte donde se requiera. Además incluye arrendamiento del espacio por una semana. | B62: 1 vinilo por una semana | C62: 1 vinilo por una semana | D62: 4031133 | E62: 3808000 | F62: 3118233 | G62: 2975000 | H62: 5908158 | I62: 5355000 | J62: 4178677 | K62: 2975000 | L62: 3077174 | M62: 2975000 | N62: 5602589 | O62: 2975000 | Q62: =B62 -> 1 vinilo por una semana | R62: =C62 -> 1 vinilo por una semana | S62: =E62*12.5% -> 476000 | T62: =G62*12.5% -> 371875 | U62: =I62*12.5% -> 669375 | V62: =K62*12.5% -> 371875 | W62: =M62*12.5% -> 371875 | X62: =O62*12.5% -> 371875
A63: Pendón en banner con ojaletes en las 4 esquinas (Horizontal) de alto 2.00 Mts X 4.00 Mts de ancho. Tintas 4x0. Incluye producción e instalación en el sitio donde se requiera. | B63: 1 pendón | C63: 1 pendón | D63: 2637958 | E63: 1071000 | F63: 5920077 | G63: 1071000 | H63: 5011741 | I63: 2071000 | J63: 4102630 | K63: 1071000 | L63: 6196853 | M63: 1071000 | N63: 4030937 | O63: 1071000 | Q63: =B63 -> 1 pendón | R63: =C63 -> 1 pendón | S63: =E63*12.5% -> 133875 | T63: =G63*12.5% -> 133875 | U63: =I63*12.5% -> 258875 | V63: =K63*12.5% -> 133875 | W63: =M63*12.5% -> 133875 | X63: =O63*12.5% -> 133875
A64: Pendón en banner con ojaletes en las 4 esquinas (Horizontal) de alto 2.00 Mts X 4.00 Mts de ancho. Tintas 4x0. Incluye producción e instalación en el sitio donde se requiera. Además incluye arrendamiento del espacio por una semana. | B64: 1 pendón por una semana | C64: 1 pendón por una semana | D64: 4229242 | E64: 3570000 | F64: 10227536 | G64: 4641000 | H64: 6040610 | I64: 4641000 | J64: 4518102 | K64: 3570000 | L64: 7268008 | M64: 3570000 | N64: 4329134 | O64: 3570000 | Q64: =B64 -> 1 pendón por una semana | R64: =C64 -> 1 pendón por una semana | S64: =E64*12.5% -> 446250 | T64: =G64*12.5% -> 580125 | U64: =I64*12.5% -> 580125 | V64: =K64*12.5% -> 446250 | W64: =M64*12.5% -> 446250 | X64: =O64*12.5% -> 446250
A65: Rompetráfico de estructura metálica armable y desarmable base de 120 cm de alto y 70 cm de ancho, con pintura electrostática. EL soporte de impresión que sea poliestireno de 3 mm de grosor, la impresión en 4x4 full injection (doble cara, inyección de 4 tintas sobre acrílico se refiere a la impresión digital UV de alta calidad, usando CMYK) Incluye entrega en el sitio donde se requiera. | B65: 1 rompetrafico | C65: 1 rompetrafico | D65: 3298856 | E65: 2380000 | F65: 2897193 | G65: 2380000 | H65: 4220694 | I65: 3570000 | J65: 3078486 | K65: 2380000 | L65: 2472595 | M65: 2380000 | N65: 4028455 | O65: 2380000 | Q65: =B65 -> 1 rompetrafico | R65: =C65 -> 1 rompetrafico | S65: =E65*12.5% -> 297500 | T65: =G65*12.5% -> 297500 | U65: =I65*12.5% -> 446250 | V65: =K65*12.5% -> 297500 | W65: =M65*12.5% -> 297500 | X65: =O65*12.5% -> 297500
A66: Rompetráfico metálico con pintura electrostática con impresión 4x4 full injection (inyección de 4 tintas sobre acrílico se refiere a la impresión digital UV de alta calidad, usando CMYK) sobre acrílico de 3mm de grosor y base de 120 cm de alto y 70 cm de ancho. Con bases fuertes que soporten el viento. Incluye producción y entrega en el sitio donde se requiera. Además incluye arrendamiento del espacio por una semana. | B66: 1 rompetráfico Arriendo por 1 semana | C66: 1 rompetráfico | D66: 5785897 | E66: 3570000 | F66: 3239052 | G66: 3094000 | H66: 5043509 | I66: 3094000 | J66: 3528705 | K66: 3094000 | L66: 2703153 | M66: 2500000 | N66: 4034250 | O66: 3094000 | Q66: =B66 -> 1 rompetráfico Arriendo por 1 semana | R66: =C66 -> 1 rompetráfico | S66: =E66*12.5% -> 446250 | T66: =G66*12.5% -> 386750 | U66: =I66*12.5% -> 386750 | V66: =K66*12.5% -> 386750 | W66: =M66*12.5% -> 312500 | X66: =O66*12.5% -> 386750
A67: Rompetráfico metálico con pintura electrostática con impresión 4x4 full injection (inyección de 4 tintas sobre acrílico se refiere a la impresión digital UV de alta calidad, usando CMYK) sobre acrílico de 3mm y base de 120 cm de alto y 70 cm de ancho. Con bases fuertes que soporten el viento. Incluye producción y entrega en el sitio donde se requiera. Además incluye arrendamiento del espacio por un mes. | B67: 1 rompetráfico Arriendo por 1 mes | C67: 1 rompetráfico | D67: 14294665 | E67: 13865825 | F67: 4580711 | G67: 4400000 | H67: 7132599 | I67: 6900000 | J67: 4656154 | K67: 3459000 | L67: 3566832 | M67: 3459000 | N67: 6570198 | O67: 6373000 | Q67: =B67 -> 1 rompetráfico Arriendo por 1 mes | R67: =C67 -> 1 rompetráfico | S67: =E67*12.5% -> 1733228.1 | T67: =G67*12.5% -> 550000 | U67: =I67*12.5% -> 862500 | V67: =K67*12.5% -> 432375 | W67: =M67*12.5% -> 432375 | X67: =O67*12.5% -> 796625
... A90: Lámina tipo EUCOL o MUPI en paradero de transporte público tintas 2X0. Incluye Incluye producción, envío, instalación y desinstalación en el sitio donde se requiera. Formato de impresión y recorte: 1.12 Mts X 1.64 Mts. | B90: 20 unidades | C90: 20 unidades | D90: 2763885 | E90: 200000 | F90: 2412729 | G90: 2340347 | H90: 2335517 | I90: 2288807 | J90: 2830816 | K90: 200000 | L90: 2183609 | M90: 1000000 | N90: 2222498 | O90: 2178048 | Q90: =B90 -> 20 unidades | R90: =C90 -> 20 unidades | S90: =E90*12.5% -> 25000 | T90: =G90*12.5% -> 292543.38 | U90: =I90*12.5% -> 286100.88 | V90: =K90*12.5% -> 25000 | W90: =M90*12.5% -> 125000 | X90: =O90*12.5% -> 272256
B91: 50 unidades | C91: 50 unidades | D91: 4170774 | E91: 200000 | F91: 3694925 | G91: 3584077 | H91: 3561381 | I91: 3490153 | J91: 4278339 | K91: 200000 | L91: 3361970 | M91: 1000000 | N91: 3404072 | O91: 3335991 | Q91: =B91 -> 50 unidades | R91: =C91 -> 50 unidades | S91: =E91*12.5% -> 25000 | T91: =G91*12.5% -> 448009.62 | U91: =I91*12.5% -> 436269.12 | V91: =K91*12.5% -> 25000 | W91: =M91*12.5% -> 125000 | X91: =O91*12.5% -> 416998.88
B92: 100 unidades | C92: 100 unidades | D92: 5737345 | E92: 200000 | F92: 5146211 | G92: 4991825 | H92: 4942557 | I92: 4843706 | J92: 5893035 | K92: 200000 | L92: 4702976 | M92: 1000000 | N92: 4741620 | O92: 4646788 | Q92: =B92 -> 100 unidades | R92: =C92 -> 100 unidades | S92: =E92*12.5% -> 25000 | T92: =G92*12.5% -> 623978.12 | U92: =I92*12.5% -> 605463.25 | V92: =K92*12.5% -> 25000 | W92: =M92*12.5% -> 125000 | X92: =O92*12.5% -> 580848.5
A93: Lámina tipo EUCOL o MUPI en paradero de transporte público tintas 2X0. Incluye Incluye producción, envío, instalación y desinstalación en el sitio donde se requiera. Formato de impresión y recorte: 1.12 Mts X 1.64 Mts. Además incluye arrendamiento del espacio por una semana. | B93: 20 unidades | C93: 20 unidades | D93: 4747069 | E93: 200000 | F93: 4943945 | G93: 4795627 | H93: 4606114 | I93: 4513992 | J93: 4957779 | K93: 200000 | L93: 4737952 | M93: 1000000 | N93: 4594286 | O93: 4502400 | Q93: =B93 -> 20 unidades | R93: =C93 -> 20 unidades | S93: =E93*12.5% -> 25000 | T93: =G93*12.5% -> 599453.38 | U93: =I93*12.5% -> 564249 | V93: =K93*12.5% -> 25000 | W93: =M93*12.5% -> 125000 | X93: =O93*12.5% -> 562800
B94: 50 unidades | C94: 50 unidades | D94: 6613119 | E94: 200000 | F94: 6821308 | G94: 6616669 | H94: 6355191 | I94: 6228087 | J94: 6906658 | K94: 200000 | L94: 6537093 | M94: 1000000 | N94: 6338872 | O94: 6212095 | Q94: =B94 -> 50 unidades | R94: =C94 -> 50 unidades | S94: =E94*12.5% -> 25000 | T94: =G94*12.5% -> 827083.62 | U94: =I94*12.5% -> 778510.88 | V94: =K94*12.5% -> 25000 | W94: =M94*12.5% -> 125000 | X94: =O94*12.5% -> 776511.88
B95: 100 unidades | C95: 100 unidades | D95: 8726063 | E95: 200000 | F95: 9000769 | G95: 8730746 | H95: 8385725 | I95: 8218011 | J95: 9113390 | K95: 200000 | L95: 8625746 | M95: 1000000 | N95: 8364192 | O95: 8196908 | Q95: =B95 -> 100 unidades | R95: =C95 -> 100 unidades | S95: =E95*12.5% -> 25000 | T95: =G95*12.5% -> 1091343.2 | U95: =I95*12.5% -> 1027251.4 | V95: =K95*12.5% -> 25000 | W95: =M95*12.5% -> 125000 | X95: =O95*12.5% -> 1024613.5
A96: Lámina tipo EUCOL o MUPI en paradero de transporte público tintas 2X0. Incluye producción, envío, instalación y desinstalación en el sitio donde se requiera. Formato de impresión y recorte: 1.15 Mts X 1.70 Mts. | B96: 20 unidades | C96: 20 unidades | D96: 2741634 | E96: 200000 | F96: 2389759 | G96: 2318066 | H96: 2328683 | I96: 2282109 | J96: 2812246 | K96: 200000 | L96: 2172290 | M96: 1000000 | N96: 2206824 | O96: 2162688 | Q96: =B96 -> 20 unidades | R96: =C96 -> 20 unidades | S96: =E96*12.5% -> 25000 | T96: =G96*12.5% -> 289758.25 | U96: =I96*12.5% -> 285263.62 | V96: =K96*12.5% -> 25000 | W96: =M96*12.5% -> 125000 | X96: =O96*12.5% -> 270336
B97: 50 unidades | C97: 50 unidades | D97: 4140815 | E97: 200000 | F97: 3664567 | G97: 3554630 | H97: 3552289 | I97: 3481243 | J97: 4253349 | K97: 200000 | L97: 3347111 | M97: 1000000 | N97: 3383428 | O97: 3315759 | Q97: =B97 -> 50 unidades | R97: =C97 -> 50 unidades | S97: =E97*12.5% -> 25000 | T97: =G97*12.5% -> 444328.75 | U97: =I97*12.5% -> 435155.38 | V97: =K97*12.5% -> 25000 | W97: =M97*12.5% -> 125000 | X97: =O97*12.5% -> 414469.88
B98: 100 unidades | C98: 100 unidades | D98: 5700142 | E98: 200000 | F98: 5109024 | G98: 4955753 | H98: 4931368 | I98: 4832741 | J98: 5862012 | K98: 200000 | L98: 4684860 | M98: 1000000 | N98: 4716396 | O98: 4622068 | Q98: =B98 -> 100 unidades | R98: =C98 -> 100 unidades | S98: =E98*12.5% -> 25000 | T98: =G98*12.5% -> 619469.12 | U98: =I98*12.5% -> 604092.62 | V98: =K98*12.5% -> 25000 | W98: =M98*12.5% -> 125000 | X98: =O98*12.5% -> 577758.5
A99: Lámina tipo EUCOL o MUPI en paradero de transporte público tintas 2X0. Incluye producción, envío, instalación y desinstalación en el sitio donde se requiera. Formato de impresión y recorte: 1.15 Mts X 1.70 Mts. Además incluye arrendamiento del espacio por una semana. | B99: 20 unidades | C99: 20 unidades | D99: 4747069 | E99: 200000 | F99: 4943945 | G99: 4795627 | H99: 4606114 | I99: 4513992 | J99: 4957779 | K99: 200000 | L99: 4737952 | M99: 1000000 | N99: 4594286 | O99: 4502400 | Q99: =B99 -> 20 unidades | R99: =C99 -> 20 unidades | S99: =E99*12.5% -> 25000 | T99: =G99*12.5% -> 599453.38 | U99: =I99*12.5% -> 564249 | V99: =K99*12.5% -> 25000 | W99: =M99*12.5% -> 125000 | X99: =O99*12.5% -> 562800
B100: 50 unidades | C100: 50 unidades | D100: 6613119 | E100: 200000 | F100: 6821308 | G100: 6616669 | H100: 6355191 | I100: 6228087 | J100: 6906658 | K100: 200000 | L100: 6537093 | M100: 1000000 | N100: 6338872 | O100: 6212095 | Q100: =B100 -> 50 unidades | R100: =C100 -> 50 unidades | S100: =E100*12.5% -> 25000 | T100: =G100*12.5% -> 827083.62 | U100: =I100*12.5% -> 778510.88 | V100: =K100*12.5% -> 25000 | W100: =M100*12.5% -> 125000 | X100: =O100*12.5% -> 776511.88
B101: 100 unidades | C101: 100 unidades | D101: 8726063 | E101: 200000 | F101: 9000769 | G101: 8730746 | H101: 8385725 | I101: 8218011 | J101: 9113390 | K101: 200000 | L101: 8625746 | M101: 1000000 | N101: 8364192 | O101: 8196908 | Q101: =B101 -> 100 unidades | R101: =C101 -> 100 unidades | S101: =E101*12.5% -> 25000 | T101: =G101*12.5% -> 1091343.2 | U101: =I101*12.5% -> 1027251.4 | V101: =K101*12.5% -> 25000 | W101: =M101*12.5% -> 125000 | X101: =O101*12.5% -> 1024613.5
A102: Lámina tipo EUCOL o MUPI en paradero de transporte público tintas 2X0. Incluye producción, envío, instalación y desinstalación en el sitio donde se requiera. Formato de impresión y recorte: 1.20 Mts X 1.75 Mts. | B102: 20 unidades | C102: 20 unidades | D102: 2743912 | E102: 200000 | F102: 2394988 | G102: 2323138 | H102: 2330975 | I102: 2284356 | J102: 2818220 | K102: 200000 | L102: 2183609 | M102: 1000000 | N102: 2210670 | O102: 2166457 | Q102: =B102 -> 20 unidades | R102: =C102 -> 20 unidades | S102: =E102*12.5% -> 25000 | T102: =G102*12.5% -> 290392.25 | U102: =I102*12.5% -> 285544.5 | V102: =K102*12.5% -> 25000 | W102: =M102*12.5% -> 125000 | X102: =O102*12.5% -> 270807.12
B103: 50 unidades | C103: 50 unidades | D103: 4143875 | E103: 200000 | F103: 3671456 | G103: 3561312 | H103: 3555337 | I103: 3484230 | J103: 4261363 | K103: 200000 | L103: 3361970 | M103: 1000000 | N103: 3388451 | O103: 3320682 | Q103: =B103 -> 50 unidades | R103: =C103 -> 50 unidades | S103: =E103*12.5% -> 25000 | T103: =G103*12.5% -> 445164 | U103: =I103*12.5% -> 435528.75 | V103: =K103*12.5% -> 25000 | W103: =M103*12.5% -> 125000 | X103: =O103*12.5% -> 415085.25
B104: 100 unidades | C104: 100 unidades | D104: 5703934 | E104: 200000 | F104: 5117440 | G104: 4963917 | H104: 4935116 | I104: 4836414 | J104: 5871935 | K104: 200000 | L104: 4702976 | M104: 1000000 | N104: 4722494 | O104: 4628044 | Q104: =B104 -> 100 unidades | R104: =C104 -> 100 unidades | S104: =E104*12.5% -> 25000 | T104: =G104*12.5% -> 620489.62 | U104: =I104*12.5% -> 604551.75 | V104: =K104*12.5% -> 25000 | W104: =M104*12.5% -> 125000 | X104: =O104*12.5% -> 578505.5
A105: Lámina tipo EUCOL o MUPI en paradero de transporte público tintas 2X0. Incluye producción, envío, instalación y desinstalación en el sitio donde se requiera. Formato de impresión y recorte: 1.20 Mts X 1.75 Mts. Además incluye arrendamiento del espacio por una semana. | B105: 20 unidades | C105: 20 unidades | D105: 4747069 | E105: 200000 | F105: 4943945 | G105: 4795627 | H105: 4606114 | I105: 4513992 | J105: 4957779 | K105: 200000 | L105: 4736369 | M105: 1000000 | N105: 4594286 | O105: 4502400 | Q105: =B105 -> 20 unidades | R105: =C105 -> 20 unidades | S105: =E105*12.5% -> 25000 | T105: =G105*12.5% -> 599453.38 | U105: =I105*12.5% -> 564249 | V105: =K105*12.5% -> 25000 | W105: =M105*12.5% -> 125000 | X105: =O105*12.5% -> 562800
B106: 50 unidades | C106: 50 unidades | D106: 6613119 | E106: 200000 | F106: 6821308 | G106: 6616669 | H106: 6355191 | I106: 6228087 | J106: 6906658 | K106: 200000 | L106: 6534909 | M106: 1000000 | N106: 6338872 | O106: 6212095 | Q106: =B106 -> 50 unidades | R106: =C106 -> 50 unidades | S106: =E106*12.5% -> 25000 | T106: =G106*12.5% -> 827083.62 | U106: =I106*12.5% -> 778510.88 | V106: =K106*12.5% -> 25000 | W106: =M106*12.5% -> 125000 | X106: =O106*12.5% -> 776511.88
B107: 100 unidades | C107: 100 unidades | D107: 8726063 | E107: 200000 | F107: 9000769 | G107: 8730746 | H107: 8385725 | I107: 8218011 | J107: 9113390 | K107: 200000 | L107: 8622864 | M107: 1000000 | N107: 8364192 | O107: 8196908 | Q107: =B107 -> 100 unidades | R107: =C107 -> 100 unidades | S107: =E107*12.5% -> 25000 | T107: =G107*12.5% -> 1091343.2 | U107: =I107*12.5% -> 1027251.4 | V107: =K107*12.5% -> 25000 | W107: =M107*12.5% -> 125000 | X107: =O107*12.5% -> 1024613.5
A108: Lámina tipo EUCOL o MUPI en paradero de transporte público tintas 2X0. Incluye producción, envío, instalación y desinstalación en el sitio donde se requiera. Formato de impresión y recorte: 1,25 Mts X 1.75 Mts. | B108: 20 unidades | C108: 20 unidades | D108: 2752906 | E108: 200000 | F108: 2389759 | G108: 2318066 | H108: 2322887 | I108: 2276429 | J108: 2820540 | K108: 200000 | L108: 2183609 | M108: 1000000 | N108: 2214256 | O108: 2169971 | Q108: =B108 -> 20 unidades | R108: =C108 -> 20 unidades | S108: =E108*12.5% -> 25000 | T108: =G108*12.5% -> 289758.25 | U108: =I108*12.5% -> 284553.62 | V108: =K108*12.5% -> 25000 | W108: =M108*12.5% -> 125000 | X108: =O108*12.5% -> 271246.38
B109: 50 unidades | C109: 50 unidades | D109: 4155970 | E109: 200000 | F109: 3664567 | G109: 3554630 | H109: 3544597 | I109: 3473705 | J109: 4264486 | K109: 200000 | L109: 3361970 | M109: 1000000 | N109: 3393179 | O109: 3325315 | Q109: =B109 -> 50 unidades | R109: =C109 -> 50 unidades | S109: =E109*12.5% -> 25000 | T109: =G109*12.5% -> 444328.75 | U109: =I109*12.5% -> 434213.12 | V109: =K109*12.5% -> 25000 | W109: =M109*12.5% -> 125000 | X109: =O109*12.5% -> 415664.38
B110: 100 unidades | C110: 100 unidades | D110: 5718940 | E110: 200000 | F110: 5109024 | G110: 4955753 | H110: 4921916 | I110: 4823478 | J110: 5875811 | K110: 200000 | L110: 4702976 | M110: 1000000 | N110: 4728277 | O110: 4633711 | Q110: =B110 -> 100 unidades | R110: =C110 -> 100 unidades | S110: =E110*12.5% -> 25000 | T110: =G110*12.5% -> 619469.12 | U110: =I110*12.5% -> 602934.75 | V110: =K110*12.5% -> 25000 | W110: =M110*12.5% -> 125000 | X110: =O110*12.5% -> 579213.88
A111: Lámina tipo EUCOL o MUPI en paradero de transporte público tintas 2X0. Incluye producción, envío, instalación y desinstalación en el sitio donde se requiera. Formato de impresión y recorte: 1,25 Mts X 1.75 Mts. Además incluye arrendamiento del espacio por una semana. | B111: 20 unidades | C111: 20 unidades | D111: 4747069 | E111: 200000 | F111: 4943945 | G111: 4795627 | H111: 4606114 | I111: 4513992 | J111: 4957779 | K111: 200000 | L111: 4736369 | M111: 1000000 | N111: 4594286 | O111: 4502400 | Q111: =B111 -> 20 unidades | R111: =C111 -> 20 unidades | S111: =E111*12.5% -> 25000 | T111: =G111*12.5% -> 599453.38 | U111: =I111*12.5% -> 564249 | V111: =K111*12.5% -> 25000 | W111: =M111*12.5% -> 125000 | X111: =O111*12.5% -> 562800
B112: 50 unidades | C112: 50 unidades | D112: 6613119 | E112: 200000 | F112: 6821308 | G112: 6616669 | H112: 6355191 | I112: 6228087 | J112: 6906658 | K112: 200000 | L112: 6534909 | M112: 1000000 | N112: 6338872 | O112: 6212095 | Q112: =B112 -> 50 unidades | R112: =C112 -> 50 unidades | S112: =E112*12.5% -> 25000 | T112: =G112*12.5% -> 827083.62 | U112: =I112*12.5% -> 778510.88 | V112: =K112*12.5% -> 25000 | W112: =M112*12.5% -> 125000 | X112: =O112*12.5% -> 776511.88
B113: 100 unidades | C113: 100 unidades | D113: 8726063 | E113: 200000 | F113: 9000769 | G113: 8730746 | H113: 8385725 | I113: 8218011 | J113: 9113390 | K113: 200000 | L113: 8622864 | M113: 1000000 | N113: 8364192 | O113: 8196908 | Q113: =B113 -> 100 unidades | R113: =C113 -> 100 unidades | S113: =E113*12.5% -> 25000 | T113: =G113*12.5% -> 1091343.2 | U113: =I113*12.5% -> 1027251.4 | V113: =K113*12.5% -> 25000 | W113: =M113*12.5% -> 125000 | X113: =O113*12.5% -> 1024613.5
A114: Lámina tipo EUCOL o MUPI en paradero de transporte público tintas 2X0. Incluye producción, envío, instalación y desinstalación en el sitio donde se requiera. Formato de impresión y recorte: 2.00 Mts X 1.00 Mts. | B114: 20 unidades | C114: 20 unidades | D114: 2757331 | E114: 200000 | F114: 2392383 | G114: 2320612 | H114: 2319362 | I114: 2272975 | J114: 2822921 | K114: 200000 | L114: 2183609 | M114: 1000000 | N114: 2203606 | O114: 2159534 | Q114: =B114 -> 20 unidades | R114: =C114 -> 20 unidades | S114: =E114*12.5% -> 25000 | T114: =G114*12.5% -> 290076.5 | U114: =I114*12.5% -> 284121.88 | V114: =K114*12.5% -> 25000 | W114: =M114*12.5% -> 125000 | X114: =O114*12.5% -> 269941.75
B115: 50 unidades | C115: 50 unidades | D115: 4161932 | E115: 200000 | F115: 3668021 | G115: 3557980 | H115: 3539928 | I115: 3469129 | J115: 4267681 | K115: 200000 | L115: 3361970 | M115: 1000000 | N115: 3379115 | O115: 3311533 | Q115: =B115 -> 50 unidades | R115: =C115 -> 50 unidades | S115: =E115*12.5% -> 25000 | T115: =G115*12.5% -> 444747.5 | U115: =I115*12.5% -> 433641.12 | V115: =K115*12.5% -> 25000 | W115: =M115*12.5% -> 125000 | X115: =O115*12.5% -> 413941.62
B116: 100 unidades | C116: 100 unidades | D116: 5726348 | E116: 200000 | F116: 5113242 | G116: 4959845 | H116: 4916188 | I116: 4817864 | J116: 5879770 | K116: 200000 | L116: 4702976 | M116: 1000000 | N116: 4711058 | O116: 4616837 | Q116: =B116 -> 100 unidades | R116: =C116 -> 100 unidades | S116: =E116*12.5% -> 25000 | T116: =G116*12.5% -> 619980.62 | U116: =I116*12.5% -> 602233 | V116: =K116*12.5% -> 25000 | W116: =M116*12.5% -> 125000 | X116: =O116*12.5% -> 577104.62
A117: Lámina tipo EUCOL o MUPI en paradero de transporte público tintas 2X0. Incluye producción, envío, instalación y desinstalación en el sitio donde se requiera. Formato de impresión y recorte: 2.00 Mts X 1.00 Mts. Además incluye arrendamiento del espacio por una semana. | B117: 20 unidades | C117: 20 unidades | D117: 4747069 | E117: 200000 | F117: 4943945 | G117: 4795627 | H117: 4606114 | I117: 4513992 | J117: 4957779 | K117: 200000 | L117: 4726999 | M117: 1000000 | N117: 4594286 | O117: 4502400 | Q117: =B117 -> 20 unidades | R117: =C117 -> 20 unidades | S117: =E117*12.5% -> 25000 | T117: =G117*12.5% -> 599453.38 | U117: =I117*12.5% -> 564249 | V117: =K117*12.5% -> 25000 | W117: =M117*12.5% -> 125000 | X117: =O117*12.5% -> 562800
B118: 50 unidades | C118: 50 unidades | D118: 6613119 | E118: 200000 | F118: 6821308 | G118: 6616669 | H118: 6355191 | I118: 6228087 | J118: 6906658 | K118: 200000 | L118: 6521981 | M118: 1000000 | N118: 6338872 | O118: 6212095 | Q118: =B118 -> 50 unidades | R118: =C118 -> 50 unidades | S118: =E118*12.5% -> 25000 | T118: =G118*12.5% -> 827083.62 | U118: =I118*12.5% -> 778510.88 | V118: =K118*12.5% -> 25000 | W118: =M118*12.5% -> 125000 | X118: =O118*12.5% -> 776511.88
B119: 100 unidades | C119: 100 unidades | D119: 8726063 | E119: 200000 | F119: 9000769 | G119: 8730746 | H119: 8385725 | I119: 8218011 | J119: 9113390 | K119: 200000 | L119: 8605805 | M119: 1000000 | N119: 8364192 | O119: 8196908 | Q119: =B119 -> 100 unidades | R119: =C119 -> 100 unidades | S119: =E119*12.5% -> 25000 | T119: =G119*12.5% -> 1091343.2 | U119: =I119*12.5% -> 1027251.4 | V119: =K119*12.5% -> 25000 | W119: =M119*12.5% -> 125000 | X119: =O119*12.5% -> 1024613.5
A120: Lámina tipo EUCOL o MUPI en paradero de transporte público tintas 2X0. Incluye producción, envío, instalación y desinstalación en el sitio donde se requiera. Formato de impresión y recorte: 1.91 Mts X 1.36 Mts. | B120: 20 unidades | C120: 20 unidades | D120: 2741634 | E120: 200000 | F120: 2394988 | G120: 2323138 | H120: 2321716 | I120: 2275282 | J120: 2826441 | K120: 200000 | L120: 2183609 | M120: 1000000 | N120: 2206035 | O120: 2161914 | Q120: =B120 -> 20 unidades | R120: =C120 -> 20 unidades | S120: =E120*12.5% -> 25000 | T120: =G120*12.5% -> 290392.25 | U120: =I120*12.5% -> 284410.25 | V120: =K120*12.5% -> 25000 | W120: =M120*12.5% -> 125000 | X120: =O120*12.5% -> 270239.25
B121: 50 unidades | C121: 50 unidades | D121: 4140815 | E121: 200000 | F121: 3671456 | G121: 3561312 | H121: 3543045 | I121: 3472184 | J121: 4272413 | K121: 200000 | L121: 3361970 | M121: 1000000 | N121: 3382311 | O121: 3314665 | Q121: =B121 -> 50 unidades | R121: =C121 -> 50 unidades | S121: =E121*12.5% -> 25000 | T121: =G121*12.5% -> 445164 | U121: =I121*12.5% -> 434023 | V121: =K121*12.5% -> 25000 | W121: =M121*12.5% -> 125000 | X121: =O121*12.5% -> 414333.12
B122: 100 unidades | C122: 100 unidades | D122: 5700142 | E122: 200000 | F122: 5117440 | G122: 4963917 | H122: 4920012 | I122: 4821612 | J122: 5885638 | K122: 200000 | L122: 4702976 | M122: 1000000 | N122: 4714961 | O122: 4620662 | Q122: =B122 -> 100 unidades | R122: =C122 -> 100 unidades | S122: =E122*12.5% -> 25000 | T122: =G122*12.5% -> 620489.62 | U122: =I122*12.5% -> 602701.5 | V122: =K122*12.5% -> 25000 | W122: =M122*12.5% -> 125000 | X122: =O122*12.5% -> 577582.75
A123: Lámina tipo EUCOL o MUPI en paradero de transporte público tintas 2X0. Incluye producción, envío, instalación y desinstalación en el sitio donde se requiera. Formato de impresión y recorte: 1.91 Mts X 1.36 Mts. Además incluye arrendamiento del espacio por una semana. | B123: 20 unidades | C123: 20 unidades | D123: 4747069 | E123: 200000 | F123: 4943945 | G123: 4795627 | H123: 4606114 | I123: 4513992 | J123: 4957779 | K123: 200000 | L123: 4726999 | M123: 1000000 | N123: 4594286 | O123: 4502400 | Q123: =B123 -> 20 unidades | R123: =C123 -> 20 unidades | S123: =E123*12.5% -> 25000 | T123: =G123*12.5% -> 599453.38 | U123: =I123*12.5% -> 564249 | V123: =K123*12.5% -> 25000 | W123: =M123*12.5% -> 125000 | X123: =O123*12.5% -> 562800
B124: 50 unidades | C124: 50 unidades | D124: 6613119 | E124: 200000 | F124: 6821308 | G124: 6616669 | H124: 6355191 | I124: 6228087 | J124: 6906658 | K124: 200000 | L124: 6521981 | M124: 1000000 | N124: 6338872 | O124: 6212095 | Q124: =B124 -> 50 unidades | R124: =C124 -> 50 unidades | S124: =E124*12.5% -> 25000 | T124: =G124*12.5% -> 827083.62 | U124: =I124*12.5% -> 778510.88 | V124: =K124*12.5% -> 25000 | W124: =M124*12.5% -> 125000 | X124: =O124*12.5% -> 776511.88
B125: 100 unidades | C125: 100 unidades | D125: 8726063 | E125: 200000 | F125: 9000769 | G125: 8730746 | H125: 8385725 | I125: 8218011 | J125: 9113390 | K125: 200000 | L125: 8605805 | M125: 1000000 | N125: 8364192 | O125: 8196908 | Q125: =B125 -> 100 unidades | R125: =C125 -> 100 unidades | S125: =E125*12.5% -> 25000 | T125: =G125*12.5% -> 1091343.2 | U125: =I125*12.5% -> 1027251.4 | V125: =K125*12.5% -> 25000 | W125: =M125*12.5% -> 125000 | X125: =O125*12.5% -> 1024613.5
A126: Lámina tipo EUCOL o MUPI en paradero de transporte público tintas 2X0. Incluye producción, envío, instalación y desinstalación en el sitio donde se requiera. Formato de impresión y recorte: 1.16 Mts X 164 Mts. | B126: 20 unidades | C126: 20 unidades | D126: 2741634 | E126: 200000 | F126: 2394988 | G126: 2323138 | H126: 2321716 | I126: 2275282 | J126: 2826441 | K126: 200000 | L126: 2183609 | M126: 1000000 | N126: 2206035 | O126: 2161914 | Q126: =B126 -> 20 unidades | R126: =C126 -> 20 unidades | S126: =E126*12.5% -> 25000 | T126: =G126*12.5% -> 290392.25 | U126: =I126*12.5% -> 284410.25 | V126: =K126*12.5% -> 25000 | W126: =M126*12.5% -> 125000 | X126: =O126*12.5% -> 270239.25
B127: 50 unidades | C127: 50 unidades | D127: 4140815 | E127: 200000 | F127: 3671456 | G127: 3561312 | H127: 3543045 | I127: 3472184 | J127: 4272413 | K127: 200000 | L127: 3361970 | M127: 1000000 | N127: 3382311 | O127: 3314665 | Q127: =B127 -> 50 unidades | R127: =C127 -> 50 unidades | S127: =E127*12.5% -> 25000 | T127: =G127*12.5% -> 445164 | U127: =I127*12.5% -> 434023 | V127: =K127*12.5% -> 25000 | W127: =M127*12.5% -> 125000 | X127: =O127*12.5% -> 414333.12
B128: 100 unidades | C128: 100 unidades | D128: 5700142 | E128: 200000 | F128: 5117440 | G128: 4963917 | H128: 4920012 | I128: 4821612 | J128: 5885638 | K128: 200000 | L128: 4702976 | M128: 1000000 | N128: 4714961 | O128: 4620662 | Q128: =B128 -> 100 unidades | R128: =C128 -> 100 unidades | S128: =E128*12.5% -> 25000 | T128: =G128*12.5% -> 620489.62 | U128: =I128*12.5% -> 602701.5 | V128: =K128*12.5% -> 25000 | W128: =M128*12.5% -> 125000 | X128: =O128*12.5% -> 577582.75
A129: Lámina tipo EUCOL o MUPI en paradero de transporte público tintas 2X0. Incluye producción, envío, instalación y desinstalación en el sitio donde se requiera. Formato de impresión y recorte: 1.16 Mts X 164 Mts. Además incluye arrendamiento del espacio por una semana. | B129: 20 unidades | C129: 20 unidades | D129: 4747069 | E129: 200000 | F129: 4943945 | G129: 4795627 | H129: 4606114 | I129: 4513992 | J129: 4957779 | K129: 200000 | L129: 4726999 | M129: 1000000 | N129: 4594286 | O129: 4502400 | Q129: =B129 -> 20 unidades | R129: =C129 -> 20 unidades | S129: =E129*12.5% -> 25000 | T129: =G129*12.5% -> 599453.38 | U129: =I129*12.5% -> 564249 | V129: =K129*12.5% -> 25000 | W129: =M129*12.5% -> 125000 | X129: =O129*12.5% -> 562800
B130: 50 unidades | C130: 50 unidades | D130: 6613119 | E130: 200000 | F130: 6821308 | G130: 6616669 | H130: 6355191 | I130: 6228087 | J130: 6906658 | K130: 200000 | L130: 6521981 | M130: 1000000 | N130: 6338872 | O130: 6212095 | Q130: =B130 -> 50 unidades | R130: =C130 -> 50 unidades | S130: =E130*12.5% -> 25000 | T130: =G130*12.5% -> 827083.62 | U130: =I130*12.5% -> 778510.88 | V130: =K130*12.5% -> 25000 | W130: =M130*12.5% -> 125000 | X130: =O130*12.5% -> 776511.88
B131: 100 unidades | C131: 100 unidades | D131: 8726063 | E131: 200000 | F131: 9000769 | G131: 8730746 | H131: 8385725 | I131: 8218011 | J131: 9113390 | K131: 200000 | L131: 8605805 | M131: 1000000 | N131: 8364192 | O131: 8196908 | Q131: =B131 -> 100 unidades | R131: =C131 -> 100 unidades | S131: =E131*12.5% -> 25000 | T131: =G131*12.5% -> 1091343.2 | U131: =I131*12.5% -> 1027251.4 | V131: =K131*12.5% -> 25000 | W131: =M131*12.5% -> 125000 | X131: =O131*12.5% -> 1024613.5
A132: Lámina tipo EUCOL o MUPI en paradero de transporte público tintas 4X0. Incluye producción, envío, instalación y desinstalación en el sitio donde se requiera. Formato de impresión y recorte: 1.12 Mts X 1.64 Mts. | B132: 20 unidades | C132: 20 unidades | D132: 2741634 | E132: 200000 | F132: 2394988 | G132: 2323138 | H132: 2321716 | I132: 2275282 | J132: 2826441 | K132: 200000 | L132: 2183609 | M132: 1000000 | N132: 2206035 | O132: 2161914 | Q132: =B132 -> 20 unidades | R132: =C132 -> 20 unidades | S132: =E132*12.5% -> 25000 | T132: =G132*12.5% -> 290392.25 | U132: =I132*12.5% -> 284410.25 | V132: =K132*12.5% -> 25000 | W132: =M132*12.5% -> 125000 | X132: =O132*12.5% -> 270239.25
B133: 50 unidades | C133: 50 unidades | D133: 4140815 | E133: 200000 | F133: 3671456 | G133: 3561312 | H133: 3543045 | I133: 3472184 | J133: 4272413 | K133: 200000 | L133: 3361970 | M133: 1000000 | N133: 3382311 | O133: 3314665 | Q133: =B133 -> 50 unidades | R133: =C133 -> 50 unidades | S133: =E133*12.5% -> 25000 | T133: =G133*12.5% -> 445164 | U133: =I133*12.5% -> 434023 | V133: =K133*12.5% -> 25000 | W133: =M133*12.5% -> 125000 | X133: =O133*12.5% -> 414333.12
B134: 100 unidades | C134: 100 unidades | D134: 5700142 | E134: 200000 | F134: 5117440 | G134: 4963917 | H134: 4920012 | I134: 4821612 | J134: 5885638 | K134: 200000 | L134: 4702976 | M134: 1000000 | N134: 4714961 | O134: 4620662 | Q134: =B134 -> 100 unidades | R134: =C134 -> 100 unidades | S134: =E134*12.5% -> 25000 | T134: =G134*12.5% -> 620489.62 | U134: =I134*12.5% -> 602701.5 | V134: =K134*12.5% -> 25000 | W134: =M134*12.5% -> 125000 | X134: =O134*12.5% -> 577582.75
A135: Lámina tipo EUCOL o MUPI en paradero de transporte público tintas 4X0. Incluye producción, envío, instalación y desinstalación en el sitio donde se requiera. Formato de impresión y recorte: 1.12 Mts X 1.64 Mts. Además incluye arrendamiento del espacio por una semana. | B135: 20 unidades | C135: 20 unidades | D135: 4747069 | E135: 200000 | F135: 4943945 | G135: 4795627 | H135: 4606114 | I135: 4513992 | J135: 4957779 | K135: 200000 | L135: 4726999 | M135: 1000000 | N135: 4594286 | O135: 4502400 | Q135: =B135 -> 20 unidades | R135: =C135 -> 20 unidades | S135: =E135*12.5% -> 25000 | T135: =G135*12.5% -> 599453.38 | U135: =I135*12.5% -> 564249 | V135: =K135*12.5% -> 25000 | W135: =M135*12.5% -> 125000 | X135: =O135*12.5% -> 562800
B136: 50 unidades | C136: 50 unidades | D136: 6613119 | E136: 200000 | F136: 6821308 | G136: 6616669 | H136: 6355191 | I136: 6228087 | J136: 6906658 | K136: 200000 | L136: 6521981 | M136: 1000000 | N136: 6338872 | O136: 6212095 | Q136: =B136 -> 50 unidades | R136: =C136 -> 50 unidades | S136: =E136*12.5% -> 25000 | T136: =G136*12.5% -> 827083.62 | U136: =I136*12.5% -> 778510.88 | V136: =K136*12.5% -> 25000 | W136: =M136*12.5% -> 125000 | X136: =O136*12.5% -> 776511.88
B137: 100 unidades | C137: 100 unidades | D137: 8726063 | E137: 200000 | F137: 9000769 | G137: 8730746 | H137: 8385725 | I137: 8218011 | J137: 9113390 | K137: 200000 | L137: 8605805 | M137: 1000000 | N137: 8364192 | O137: 8196908 | Q137: =B137 -> 100 unidades | R137: =C137 -> 100 unidades | S137: =E137*12.5% -> 25000 | T137: =G137*12.5% -> 1091343.2 | U137: =I137*12.5% -> 1027251.4 | V137: =K137*12.5% -> 25000 | W137: =M137*12.5% -> 125000 | X137: =O137*12.5% -> 1024613.5
A138: Lámina tipo EUCOL o MUPI en paradero de transporte público tintas 4X0. Incluye producción, envío, instalación y desinstalación en el sitio donde se requiera. Formato de impresión y recorte: 1.15 Mts X 1.70 Mts. | B138: 20 unidades | C138: 20 unidades | D138: 2741634 | E138: 200000 | F138: 2394988 | G138: 2323138 | H138: 2321716 | I138: 2275282 | J138: 2826441 | K138: 200000 | L138: 2183609 | M138: 1000000 | N138: 2206035 | O138: 2161914 | Q138: =B138 -> 20 unidades | R138: =C138 -> 20 unidades | S138: =E138*12.5% -> 25000 | T138: =G138*12.5% -> 290392.25 | U138: =I138*12.5% -> 284410.25 | V138: =K138*12.5% -> 25000 | W138: =M138*12.5% -> 125000 | X138: =O138*12.5% -> 270239.25
B139: 50 unidades | C139: 50 unidades | D139: 4140815 | E139: 200000 | F139: 3671456 | G139: 3561312 | H139: 3543045 | I139: 3472184 | J139: 4272413 | K139: 200000 | L139: 3361970 | M139: 1000000 | N139: 3382311 | O139: 3314665 | Q139: =B139 -> 50 unidades | R139: =C139 -> 50 unidades | S139: =E139*12.5% -> 25000 | T139: =G139*12.5% -> 445164 | U139: =I139*12.5% -> 434023 | V139: =K139*12.5% -> 25000 | W139: =M139*12.5% -> 125000 | X139: =O139*12.5% -> 414333.12
B140: 100 unidades | C140: 100 unidades | D140: 5700142 | E140: 200000 | F140: 5117440 | G140: 4963917 | H140: 4920012 | I140: 4821612 | J140: 5885638 | K140: 200000 | L140: 4702976 | M140: 1000000 | N140: 4714961 | O140: 4620662 | Q140: =B140 -> 100 unidades | R140: =C140 -> 100 unidades | S140: =E140*12.5% -> 25000 | T140: =G140*12.5% -> 620489.62 | U140: =I140*12.5% -> 602701.5 | V140: =K140*12.5% -> 25000 | W140: =M140*12.5% -> 125000 | X140: =O140*12.5% -> 577582.75
A141: Lámina tipo EUCOL o MUPI en paradero de transporte público tintas 4X0. Incluye producción, envío, instalación y desinstalación en el sitio donde se requiera. Formato de impresión y recorte: 1.15 Mts X 1.70 Mts. Además incluye arrendamiento del espacio por una semana. | B141: 20 unidades | C141: 20 unidades | D141: 4747069 | E141: 200000 | F141: 4943945 | G141: 4795627 | H141: 4606114 | I141: 4513992 | J141: 4957779 | K141: 200000 | L141: 4726999 | M141: 1000000 | N141: 4594286 | O141: 4502400 | Q141: =B141 -> 20 unidades | R141: =C141 -> 20 unidades | S141: =E141*12.5% -> 25000 | T141: =G141*12.5% -> 599453.38 | U141: =I141*12.5% -> 564249 | V141: =K141*12.5% -> 25000 | W141: =M141*12.5% -> 125000 | X141: =O141*12.5% -> 562800
B142: 50 unidades | C142: 50 unidades | D142: 6613119 | E142: 200000 | F142: 6821308 | G142: 6616669 | H142: 6355191 | I142: 6228087 | J142: 6906658 | K142: 200000 | L142: 6521981 | M142: 1000000 | N142: 6338872 | O142: 6212095 | Q142: =B142 -> 50 unidades | R142: =C142 -> 50 unidades | S142: =E142*12.5% -> 25000 | T142: =G142*12.5% -> 827083.62 | U142: =I142*12.5% -> 778510.88 | V142: =K142*12.5% -> 25000 | W142: =M142*12.5% -> 125000 | X142: =O142*12.5% -> 776511.88
B143: 100 unidades | C143: 100 unidades | D143: 8726063 | E143: 200000 | F143: 9000769 | G143: 8730746 | H143: 8385725 | I143: 8218011 | J143: 9113390 | K143: 200000 | L143: 8605805 | M143: 1000000 | N143: 8364192 | O143: 8196908 | Q143: =B143 -> 100 unidades | R143: =C143 -> 100 unidades | S143: =E143*12.5% -> 25000 | T143: =G143*12.5% -> 1091343.2 | U143: =I143*12.5% -> 1027251.4 | V143: =K143*12.5% -> 25000 | W143: =M143*12.5% -> 125000 | X143: =O143*12.5% -> 1024613.5
A144: Lámina tipo EUCOL o MUPI en paradero de transporte público tintas 4X0. Incluye producción, envío, instalación y desinstalación en el sitio donde se requiera. Formato de impresión y recorte: 1.20 Mts X 1.75 Mts. | B144: 20 unidades | C144: 20 unidades | D144: 2741634 | E144: 200000 | F144: 2394988 | G144: 2323138 | H144: 2321716 | I144: 2275282 | J144: 2826441 | K144: 200000 | L144: 2183609 | M144: 1000000 | N144: 2206035 | O144: 2161914 | Q144: =B144 -> 20 unidades | R144: =C144 -> 20 unidades | S144: =E144*12.5% -> 25000 | T144: =G144*12.5% -> 290392.25 | U144: =I144*12.5% -> 284410.25 | V144: =K144*12.5% -> 25000 | W144: =M144*12.5% -> 125000 | X144: =O144*12.5% -> 270239.25
B145: 50 unidades | C145: 50 unidades | D145: 4140815 | E145: 200000 | F145: 3671456 | G145: 3561312 | H145: 3543045 | I145: 3472184 | J145: 4272413 | K145: 200000 | L145: 3361970 | M145: 1000000 | N145: 3382311 | O145: 3314665 | Q145: =B145 -> 50 unidades | R145: =C145 -> 50 unidades | S145: =E145*12.5% -> 25000 | T145: =G145*12.5% -> 445164 | U145: =I145*12.5% -> 434023 | V145: =K145*12.5% -> 25000 | W145: =M145*12.5% -> 125000 | X145: =O145*12.5% -> 414333.12
B146: 100 unidades | C146: 100 unidades | D146: 5700142 | E146: 200000 | F146: 5117440 | G146: 4963917 | H146: 4920012 | I146: 4821612 | J146: 5885638 | K146: 200000 | L146: 4702976 | M146: 1000000 | N146: 4714961 | O146: 4620662 | Q146: =B146 -> 100 unidades | R146: =C146 -> 100 unidades | S146: =E146*12.5% -> 25000 | T146: =G146*12.5% -> 620489.62 | U146: =I146*12.5% -> 602701.5 | V146: =K146*12.5% -> 25000 | W146: =M146*12.5% -> 125000 | X146: =O146*12.5% -> 577582.75
A147: Lámina tipo EUCOL o MUPI en paradero de transporte público tintas 4X0. Incluye producción, envío, instalación y desinstalación en el sitio donde se requiera. Formato de impresión y recorte: 1.20 Mts X 1.75 Mts. Además incluye arrendamiento del espacio por una semana. | B147: 20 unidades | C147: 20 unidades | D147: 4747069 | E147: 200000 | F147: 4943945 | G147: 4795627 | H147: 4606114 | I147: 4513992 | J147: 4957779 | K147: 200000 | L147: 4726999 | M147: 1000000 | N147: 4594286 | O147: 4502400 | Q147: =B147 -> 20 unidades | R147: =C147 -> 20 unidades | S147: =E147*12.5% -> 25000 | T147: =G147*12.5% -> 599453.38 | U147: =I147*12.5% -> 564249 | V147: =K147*12.5% -> 25000 | W147: =M147*12.5% -> 125000 | X147: =O147*12.5% -> 562800
B148: 50 unidades | C148: 50 unidades | D148: 6613119 | E148: 200000 | F148: 6821308 | G148: 6616669 | H148: 6355191 | I148: 6228087 | J148: 6906658 | K148: 200000 | L148: 6521981 | M148: 1000000 | N148: 6338872 | O148: 6212095 | Q148: =B148 -> 50 unidades | R148: =C148 -> 50 unidades | S148: =E148*12.5% -> 25000 | T148: =G148*12.5% -> 827083.62 | U148: =I148*12.5% -> 778510.88 | V148: =K148*12.5% -> 25000 | W148: =M148*12.5% -> 125000 | X148: =O148*12.5% -> 776511.88
B149: 100 unidades | C149: 100 unidades | D149: 8726063 | E149: 200000 | F149: 9000769 | G149: 8730746 | H149: 8385725 | I149: 8218011 | J149: 9113390 | K149: 200000 | L149: 8605805 | M149: 1000000 | N149: 8364192 | O149: 8196908 | Q149: =B149 -> 100 unidades | R149: =C149 -> 100 unidades | S149: =E149*12.5% -> 25000 | T149: =G149*12.5% -> 1091343.2 | U149: =I149*12.5% -> 1027251.4 | V149: =K149*12.5% -> 25000 | W149: =M149*12.5% -> 125000 | X149: =O149*12.5% -> 1024613.5
A150: Lámina tipo EUCOL o MUPI en paradero de transporte público tintas 4X0. Incluye producción, envío, instalación y desinstalación en el sitio donde se requiera. Formato de impresión y recorte: 1,25 Mts X 1.75 Mts. | B150: 20 unidades | C150: 20 unidades | D150: 2741634 | E150: 200000 | F150: 2394988 | G150: 2323138 | H150: 2321716 | I150: 2275282 | J150: 2826441 | K150: 200000 | L150: 2183609 | M150: 1000000 | N150: 2206035 | O150: 2161914 | Q150: =B150 -> 20 unidades | R150: =C150 -> 20 unidades | S150: =E150*12.5% -> 25000 | T150: =G150*12.5% -> 290392.25 | U150: =I150*12.5% -> 284410.25 | V150: =K150*12.5% -> 25000 | W150: =M150*12.5% -> 125000 | X150: =O150*12.5% -> 270239.25
B151: 50 unidades | C151: 50 unidades | D151: 4140815 | E151: 200000 | F151: 3671456 | G151: 3561312 | H151: 3543045 | I151: 3472184 | J151: 4272413 | K151: 200000 | L151: 3361970 | M151: 1000000 | N151: 3382311 | O151: 3314665 | Q151: =B151 -> 50 unidades | R151: =C151 -> 50 unidades | S151: =E151*12.5% -> 25000 | T151: =G151*12.5% -> 445164 | U151: =I151*12.5% -> 434023 | V151: =K151*12.5% -> 25000 | W151: =M151*12.5% -> 125000 | X151: =O151*12.5% -> 414333.12
B152: 100 unidades | C152: 100 unidades | D152: 5700142 | E152: 200000 | F152: 5117440 | G152: 4963917 | H152: 4920012 | I152: 4821612 | J152: 5885638 | K152: 200000 | L152: 4702976 | M152: 1000000 | N152: 4714961 | O152: 4620662 | Q152: =B152 -> 100 unidades | R152: =C152 -> 100 unidades | S152: =E152*12.5% -> 25000 | T152: =G152*12.5% -> 620489.62 | U152: =I152*12.5% -> 602701.5 | V152: =K152*12.5% -> 25000 | W152: =M152*12.5% -> 125000 | X152: =O152*12.5% -> 577582.75
A153: Lámina tipo EUCOL o MUPI en paradero de transporte público tintas 4X0. Incluye producción, envío, instalación y desinstalación en el sitio donde se requiera. Formato de impresión y recorte: 1,25 Mts X 1.75 Mts. Además incluye arrendamiento del espacio por una semana. | B153: 20 unidades | C153: 20 unidades | D153: 4747069 | E153: 200000 | F153: 4943945 | G153: 4795627 | H153: 4606114 | I153: 4513992 | J153: 4957779 | K153: 200000 | L153: 4726999 | M153: 1000000 | N153: 4594286 | O153: 4502400 | Q153: =B153 -> 20 unidades | R153: =C153 -> 20 unidades | S153: =E153*12.5% -> 25000 | T153: =G153*12.5% -> 599453.38 | U153: =I153*12.5% -> 564249 | V153: =K153*12.5% -> 25000 | W153: =M153*12.5% -> 125000 | X153: =O153*12.5% -> 562800
B154: 50 unidades | C154: 50 unidades | D154: 6613119 | E154: 200000 | F154: 6821308 | G154: 6616669 | H154: 6355191 | I154: 6228087 | J154: 6906658 | K154: 200000 | L154: 6521981 | M154: 1000000 | N154: 6338872 | O154: 6212095 | Q154: =B154 -> 50 unidades | R154: =C154 -> 50 unidades | S154: =E154*12.5% -> 25000 | T154: =G154*12.5% -> 827083.62 | U154: =I154*12.5% -> 778510.88 | V154: =K154*12.5% -> 25000 | W154: =M154*12.5% -> 125000 | X154: =O154*12.5% -> 776511.88
B155: 100 unidades | C155: 100 unidades | D155: 8726063 | E155: 200000 | F155: 9000769 | G155: 8730746 | H155: 8385725 | I155: 8218011 | J155: 9113390 | K155: 200000 | L155: 8605805 | M155: 1000000 | N155: 8364192 | O155: 8196908 | Q155: =B155 -> 100 unidades | R155: =C155 -> 100 unidades | S155: =E155*12.5% -> 25000 | T155: =G155*12.5% -> 1091343.2 | U155: =I155*12.5% -> 1027251.4 | V155: =K155*12.5% -> 25000 | W155: =M155*12.5% -> 125000 | X155: =O155*12.5% -> 1024613.5
A156: Lámina tipo EUCOL o MUPI en paradero de transporte público tintas 4X0. Incluye producción, envío, instalación y desinstalación en el sitio donde se requiera. Formato de impresión y recorte: 2.00 Mts X 1.00 Mts. | B156: 20 unidades | C156: 20 unidades | D156: 2741634 | E156: 200000 | F156: 2394988 | G156: 2323138 | H156: 2321716 | I156: 2275282 | J156: 2826441 | K156: 200000 | L156: 2183609 | M156: 1000000 | N156: 2206035 | O156: 2161914 | Q156: =B156 -> 20 unidades | R156: =C156 -> 20 unidades | S156: =E156*12.5% -> 25000 | T156: =G156*12.5% -> 290392.25 | U156: =I156*12.5% -> 284410.25 | V156: =K156*12.5% -> 25000 | W156: =M156*12.5% -> 125000 | X156: =O156*12.5% -> 270239.25
B157: 50 unidades | C157: 50 unidades | D157: 4140815 | E157: 200000 | F157: 3671456 | G157: 3561312 | H157: 3543045 | I157: 3472184 | J157: 4272413 | K157: 200000 | L157: 3361970 | M157: 1000000 | N157: 3382311 | O157: 3314665 | Q157: =B157 -> 50 unidades | R157: =C157 -> 50 unidades | S157: =E157*12.5% -> 25000 | T157: =G157*12.5% -> 445164 | U157: =I157*12.5% -> 434023 | V157: =K157*12.5% -> 25000 | W157: =M157*12.5% -> 125000 | X157: =O157*12.5% -> 414333.12
B158: 100 unidades | C158: 100 unidades | D158: 5700142 | E158: 200000 | F158: 5117440 | G158: 4963917 | H158: 4920012 | I158: 4821612 | J158: 5885638 | K158: 200000 | L158: 4702976 | M158: 1000000 | N158: 4714961 | O158: 4620662 | Q158: =B158 -> 100 unidades | R158: =C158 -> 100 unidades | S158: =E158*12.5% -> 25000 | T158: =G158*12.5% -> 620489.62 | U158: =I158*12.5% -> 602701.5 | V158: =K158*12.5% -> 25000 | W158: =M158*12.5% -> 125000 | X158: =O158*12.5% -> 577582.75
A159: Lámina tipo EUCOL o MUPI en paradero de transporte público tintas 4X0. Incluye producción, envío, instalación y desinstalación en el sitio donde se requiera. Formato de impresión y recorte: 2.00 Mts X 1.00 Mts. Además incluye arrendamiento del espacio por una semana. | B159: 20 unidades | C159: 20 unidades | D159: 4747069 | E159: 200000 | F159: 4943945 | G159: 4795627 | H159: 4606114 | I159: 4513992 | J159: 4957779 | K159: 200000 | L159: 4726999 | M159: 1000000 | N159: 4594286 | O159: 4502400 | Q159: =B159 -> 20 unidades | R159: =C159 -> 20 unidades | S159: =E159*12.5% -> 25000 | T159: =G159*12.5% -> 599453.38 | U159: =I159*12.5% -> 564249 | V159: =K159*12.5% -> 25000 | W159: =M159*12.5% -> 125000 | X159: =O159*12.5% -> 562800
...

Sheet II. ITEMS PERIODICOS REGIONALES
C2: FORMATO ECONÓMICO
B4: II. CUADRO DE ITEMS - AVISOS EN PERIODICOS REGIONALES Y/O ALTERNATIVOS
F6: OFERTA INICIAL | AQ6: OFERTA DESPUÉS DE DESCUENTO
B7: ITEM | C7: DESCRIPCIÓN | D7: CANTIDAD | E7: CANTIDAD
F8: Diario del Huila | H8: El Colombiano / Medellín | J8: El Espectador / Bogotá | L8: El Heraldo / Barranquilla | N8: El Liberal / Popayán | P8: El Nuevo Siglo / Bogotá | R8: El país / Cali | T8: El Universal / Cartagena | V8: La Libertad / Barranquilla | X8: La Opinión / San José de Cúcuta | Z8: La Opinión / San José de Cúcuta | AB8: La República / Bogotá | AD8: La Tarde / Pereira | AF8: Portafolio / Bogotá | AH8: Publimetro / Bogotá | AJ8: Q´Hubo | AL8: Vanguardia Liberal / Bucaramanga | AN8: El Pilon / Valledupar | AQ8: Diario del Huila | AR8: El Colombiano / Medellín | AS8: El Espectador / Bogotá | AT8: El Heraldo / Barranquilla | AU8: El Liberal / Popayán | AV8: El Nuevo Siglo / Bogotá | AW8: El país / Cali | AX8: El Universal / Cartagena | AY8: La Libertad / Barranquilla | AZ8: La Opinión / San José de Cúcuta | BA8: La Opinión / San José de Cúcuta | BB8: La República / Bogotá | BC8: La Tarde / Pereira | BD8: Portafolio / Bogotá | BE8: Publimetro / Bogotá | BF8: Q´Hubo | BG8: Vanguardia Liberal / Bucaramanga | BH8: El Pilon / Valledupar
F9: PRESUPUESTO ESTIMADO | G9: OFERTA ECONOMICA | H9: PRESUPUESTO ESTIMADO | I9: OFERTA ECONOMICA | J9: PRESUPUESTO ESTIMADO | K9: OFERTA ECONOMICA | L9: PRESUPUESTO ESTIMADO | M9: OFERTA ECONOMICA | N9: PRESUPUESTO ESTIMADO | O9: OFERTA ECONOMICA | P9: PRESUPUESTO ESTIMADO | Q9: OFERTA ECONOMICA | R9: PRESUPUESTO ESTIMADO | S9: OFERTA ECONOMICA | T9: PRESUPUESTO ESTIMADO | U9: OFERTA ECONOMICA | V9: PRESUPUESTO ESTIMADO | W9: OFERTA ECONOMICA | X9: PRESUPUESTO ESTIMADO | Y9: OFERTA ECONOMICA | Z9: PRESUPUESTO ESTIMADO | AA9: OFERTA ECONOMICA | AB9: PRESUPUESTO ESTIMADO | AC9: OFERTA ECONOMICA | AD9: PRESUPUESTO ESTIMADO | AE9: OFERTA ECONOMICA | AF9: PRESUPUESTO ESTIMADO | AG9: OFERTA ECONOMICA | AH9: PRESUPUESTO ESTIMADO | AI9: OFERTA ECONOMICA | AJ9: PRESUPUESTO ESTIMADO | AK9: OFERTA ECONOMICA | AL9: PRESUPUESTO ESTIMADO | AM9: OFERTA ECONOMICA | AN9: PRESUPUESTO ESTIMADO | AO9: OFERTA ECONOMICA | AQ9: OFERTA ECONOMICA | AR9: OFERTA ECONOMICA | AS9: OFERTA ECONOMICA | AT9: OFERTA ECONOMICA | AU9: OFERTA ECONOMICA | AV9: OFERTA ECONOMICA | AW9: OFERTA ECONOMICA | AX9: OFERTA ECONOMICA | AY9: OFERTA ECONOMICA | AZ9: OFERTA ECONOMICA | BA9: OFERTA ECONOMICA | BB9: OFERTA ECONOMICA | BC9: OFERTA ECONOMICA | BD9: OFERTA ECONOMICA | BE9: OFERTA ECONOMICA | BF9: OFERTA ECONOMICA | BG9: OFERTA ECONOMICA | BH9: OFERTA ECONOMICA
B10: DIFUSIÓN EN PERIODICOS REGIONALES Y/O ALTERNATIVOS
B11: 172 | C11: Aviso de 1/2 página, Blanco y Negro, entre lunes y viernes | D11: 1 aviso | E11: 1 aviso | F11: 4460409 | G11: 4326597 | H11: 5712751 | I11: 5541368 | J11: 7698209 | K11: 7467263 | L11: 5986569 | M11: 5806972 | N11: 5884865 | O11: 5708319 | P11: 4921988 | Q11: 3445392 | R11: 15371804 | S11: 14910650 | T11: 5538655 | U11: 5372495 | V11: 7192051 | W11: 6976289 | X11: 5422425 | Y11: 5259752 | Z11: 6024919 | AA11: 5844171 | AB11: 5569069 | AC11: 5401997 | AD11: 5569069 | AE11: 5401997 | AF11: 5573155 | AG11: 4458524 | AH11: 13149984 | AI11: 7889990 | AJ11: 5844159 | AK11: 5668834 | AL11: 5809799 | AM11: 5635505 | AN11: 3947177 | AO11: 3828762 | AQ11: =G11*12.5% -> 540824.62 | AR11: =I11*12.5% -> 692671 | AS11: =K11*12.5% -> 933407.88 | AT11: =M11*12.5% -> 725871.5 | AU11: =O11*12.5% -> 713539.88 | AV11: =Q11*12.5% -> 430674 | AW11: =S11*12.5% -> 1863831.2 | AX11: =U11*12.5% -> 671561.88 | AY11: =W11*12.5% -> 872036.12 | AZ11: =Y11*12.5% -> 657469 | BA11: =AA11*12.5% -> 730521.38 | BB11: =AC11*12.5% -> 675249.62 | BC11: =AE11*12.5% -> 675249.62 | BD11: =AG11*12.5% -> 557315.5 | BE11: =AI11*12.5% -> 986248.75 | BF11: =AK11*12.5% -> 708604.25 | BG11: =AM11*12.5% -> 704438.12 | BH11: =AO11*12.5% -> 478595.25
B12: 173 | C12: Aviso de 1/2 página, Blanco y Negro, sabado y domingo | D12: 1 aviso | E12: 1 aviso | F12: 4457024 | G12: 4323313 | H12: 6065504 | I12: 5883539 | J12: 8676044 | K12: 8415763 | L12: 5980995 | M12: 5801565 | N12: 5890681 | O12: 5713961 | P12: 4932938 | Q12: 3453057 | R12: 15373786 | S12: 14912572 | T12: 5538655 | U12: 5372495 | V12: 7189172 | W12: 6973497 | X12: 5427019 | Y12: 5264208 | Z12: 6037469 | AA12: 5856345 | AB12: 5570041 | AC12: 5402940 | AD12: 5570041 | AE12: 5402940 | AH12: 13149984 | AI12: 7889990 | AJ12: 5846475 | AK12: 5671081 | AL12: 6027480 | AM12: 5846656 | AN12: 4024109 | AO12: 3903386 | AQ12: =G12*12.5% -> 540414.12 | AR12: =I12*12.5% -> 735442.38 | AS12: =K12*12.5% -> 1051970.4 | AT12: =M12*12.5% -> 725195.62 | AU12: =O12*12.5% -> 714245.12 | AV12: =Q12*12.5% -> 431632.12 | AW12: =S12*12.5% -> 1864071.5 | AX12: =U12*12.5% -> 671561.88 | AY12: =W12*12.5% -> 871687.12 | AZ12: =Y12*12.5% -> 658026 | BA12: =AA12*12.5% -> 732043.12 | BB12: =AC12*12.5% -> 675367.5 | BC12: =AE12*12.5% -> 675367.5 | BD12: =AG12*12.5% -> 0 | BE12: =AI12*12.5% -> 986248.75 | BF12: =AK12*12.5% -> 708885.12 | BG12: =AM12*12.5% -> 730832 | BH12: =AO12*12.5% -> 487923.25
B13: 174 | C13: Aviso de 1/4 página, Blanco y Negro, entre lunes y viernes | D13: 1 aviso | E13: 1 aviso | F13: 2464196 | G13: 2390270 | H13: 2876993 | I13: 2790683 | J13: 4892675 | K13: 4745895 | L13: 3072885 | M13: 2980698 | N13: 3940559 | O13: 3822342 | P13: 3248235 | Q13: 2273765 | R13: 9339522 | S13: 9059336 | T13: 2819825 | U13: 2735230 | V13: 3874980 | W13: 3758731 | X13: 3198973 | Y13: 3103004 | Z13: 3196265 | AA13: 3100377 | AB13: 3067797 | AC13: 2975763 | AD13: 3067797 | AE13: 2975763 | AF13: 4864607 | AG13: 3891686 | AH13: 6534471 | AI13: 3920683 | AJ13: 2918820 | AK13: 2831255 | AL13: 2698597 | AM13: 2617639 | AN13: 1702179 | AO13: 1651114 | AQ13: =G13*12.5% -> 298783.75 | AR13: =I13*12.5% -> 348835.38 | AS13: =K13*12.5% -> 593236.88 | AT13: =M13*12.5% -> 372587.25 | AU13: =O13*12.5% -> 477792.75 | AV13: =Q13*12.5% -> 284220.62 | AW13: =S13*12.5% -> 1132417 | AX13: =U13*12.5% -> 341903.75 | AY13: =W13*12.5% -> 469841.38 | AZ13: =Y13*12.5% -> 387875.5 | BA13: =AA13*12.5% -> 387547.12 | BB13: =AC13*12.5% -> 371970.38 | BC13: =AE13*12.5% -> 371970.38 | BD13: =AG13*12.5% -> 486460.75 | BE13: =AI13*12.5% -> 490085.38 | BF13: =AK13*12.5% -> 353906.88 | BG13: =AM13*12.5% -> 327204.88 | BH13: =AO13*12.5% -> 206389.25
B14: 175 | C14: Aviso de 1/4 página, Blanco y Negro, sabado y domingo | D14: 1 aviso | E14: 1 aviso | F14: 2464196 | G14: 2390270 | H14: 3061047 | I14: 2969216 | J14: 1647068 | K14: 1597656 | L14: 3072885 | M14: 2980698 | N14: 3940559 | O14: 3822342 | P14: 3248235 | Q14: 2273765 | R14: 9339522 | S14: 9059336 | T14: 2819825 | U14: 2735230 | V14: 3874980 | W14: 3758731 | X14: 3198973 | Y14: 3103004 | Z14: 3196265 | AA14: 3100377 | AB14: 3067797 | AC14: 2975763 | AD14: 3067797 | AE14: 2975763 | AH14: 6534471 | AI14: 3920683 | AJ14: 2918820 | AK14: 2831255 | AL14: 2787033 | AM14: 2703422 | AN14: 1725412 | AO14: 1673650 | AQ14: =G14*12.5% -> 298783.75 | AR14: =I14*12.5% -> 371152 | AS14: =K14*12.5% -> 199707 | AT14: =M14*12.5% -> 372587.25 | AU14: =O14*12.5% -> 477792.75 | AV14: =Q14*12.5% -> 284220.62 | AW14: =S14*12.5% -> 1132417 | AX14: =U14*12.5% -> 341903.75 | AY14: =W14*12.5% -> 469841.38 | AZ14: =Y14*12.5% -> 387875.5 | BA14: =AA14*12.5% -> 387547.12 | BB14: =AC14*12.5% -> 371970.38 | BC14: =AE14*12.5% -> 371970.38 | BD14: =AG14*12.5% -> 0 | BE14: =AI14*12.5% -> 490085.38 | BF14: =AK14*12.5% -> 353906.88 | BG14: =AM14*12.5% -> 337927.75 | BH14: =AO14*12.5% -> 209206.25
B15: TOTAL | F15: 13845825 | G15: 13430450 | H15: 17716295 | I15: 17184806 | J15: 22913996 | K15: 22226577 | L15: 18113334 | M15: 17569933 | N15: 19656664 | O15: 19066964 | P15: 16351396 | Q15: 11445979 | R15: 49424634 | S15: 47941894 | T15: 16716960 | U15: 16215450 | V15: 22131183 | W15: 21467248 | X15: 17247390 | Y15: 16729968 | Z15: 18454918 | AA15: 17901270 | AB15: 17274704 | AC15: 16756463 | AD15: 17274704 | AE15: 16756463 | AF15: 10437762 | AG15: 8350210 | AH15: 39368910 | AI15: 23621346 | AJ15: 17528274 | AK15: 17002425 | AL15: 17322909 | AM15: 16803222 | AN15: 11398877 | AO15: 11056912 | AQ15: =G15*12.5% -> 1678806.2 | AR15: =I15*12.5% -> 2148100.8 | AS15: =K15*12.5% -> 2778322.1 | AT15: =M15*12.5% -> 2196241.6 | AU15: =O15*12.5% -> 2383370.5 | AV15: =Q15*12.5% -> 1430747.4 | AW15: =S15*12.5% -> 5992736.8 | AX15: =U15*12.5% -> 2026931.2 | AY15: =W15*12.5% -> 2683406 | AZ15: =Y15*12.5% -> 2091246 | BA15: =AA15*12.5% -> 2237658.8 | BB15: =AC15*12.5% -> 2094557.9 | BC15: =AE15*12.5% -> 2094557.9 | BD15: =AG15*12.5% -> 1043776.2 | BE15: =AI15*12.5% -> 2952668.2 | BF15: =AK15*12.5% -> 2125303.1 | BG15: =AM15*12.5% -> 2100402.8 | BH15: =AO15*12.5% -> 1382114
C17: TOTAL SUMATORIA VALORES TECHO | D17: =SUM(G15,I15,K15,M15,O15,Q15,S15,U15,W15,Y15,AA15,AC15,AE15,AG15,AI15,AK15,AM15,AO15) -> 331527580 | AQ17: =+AQ15+AR15+AS15+AT15+AU15+AV15+AW15+AX15+AY15+AZ15+BA15+BB15+BC15+BD15+BE15+BF15+BG15+BH15 -> 41440948

Sheet III.ITEMS PIEZAS EN SISTEMAS DE
C2: FORMATO ECONÓMICO
B5: III. CUADRO DE ITEMS - PIEZAS EN SISTEMAS DE TRANSPORTE MASIVO DE PASAJEROS
E6: OFERTA INICIAL | T6: OFERTA DESPUÉS DE DESCUENTO
B7: ITEM | C7: DESCRIPCIÓN | D7: CANTIDAD
E8: Bogotá (Transmilenio) | G8: Medellín (Metro) | I8: Cali (Mio) | K8: Barranquilla (Transmetro) | M8: Bucaramanga (Metrolínea) | O8: Pereira (Megabús) | Q8: Cartagena (Transcaribe) | T8: Bogotá (Transmilenio) | U8: Medellín (Metro) | V8: Cali (Mio) | W8: Barranquilla (Transmetro) | X8: Bucaramanga (Metrolínea) | Y8: Pereira (Megabús) | Z8: Cartagena (Transcaribe)
E9: PRESUPUESTO ESTIMADO | F9: OFERTA ECONOMICA | G9: PRESUPUESTO ESTIMADO | H9: OFERTA ECONOMICA | I9: PRESUPUESTO ESTIMADO | J9: OFERTA ECONOMICA | K9: PRESUPUESTO ESTIMADO | L9: OFERTA ECONOMICA | M9: PRESUPUESTO ESTIMADO | N9: OFERTA ECONOMICA | O9: PRESUPUESTO ESTIMADO | P9: OFERTA ECONOMICA | Q9: PRESUPUESTO ESTIMADO | R9: OFERTA ECONOMICA | T9: OFERTA ECONOMICA | U9: OFERTA ECONOMICA | V9: OFERTA ECONOMICA | W9: OFERTA ECONOMICA | X9: OFERTA ECONOMICA | Y9: OFERTA ECONOMICA | Z9: OFERTA ECONOMICA
B10: 176 | C10: Bastidor 2.00 X 2.00 Mts, 4x0 tintas, en estaciones de servicio de transporte público y portales del sistema. (incluye producción, arrendamiento o tarifa de pauta e instalación y desistalación) | D10: 1 bastidor | E10: 4198629 | F10: 3946711 | G10: 4153581 | H10: 3904366 | I10: 4517396 | J10: 4246352 | K10: 3318110 | L10: 3119023 | M10: 3234980 | N10: 3040881 | O10: 3294657 | P10: 3096978 | Q10: 4336731 | R10: 4076527 | T10: =F10*12.5% -> 493338.88 | U10: =H10*12.5% -> 488045.75 | V10: =J10*12.5% -> 530794 | W10: =L10*12.5% -> 389877.88 | X10: =N10*12.5% -> 380110.12 | Y10: =P10*12.5% -> 387122.25 | Z10: =R10*12.5% -> 509565.88
B11: 177 | C11: Bastidor 4.00 X 2.00 Mts, 4x0 tintas, en estaciones de servicio de transporte público y portales del sistema. (incluye producción, arrendamiento o tarifa de pauta e instalación y desistalación). | D11: 1 bastidor | E11: 6848398 | F11: 6437494 | G11: 6740894 | H11: 6336440 | I11: 6854939 | J11: 6443643 | K11: 5797886 | L11: 5450013 | M11: 5689858 | N11: 5348467 | O11: 5656548 | P11: 5317155 | Q11: 5653007 | R11: 5313827 | T11: =F11*12.5% -> 804686.75 | U11: =H11*12.5% -> 792055 | V11: =J11*12.5% -> 805455.38 | W11: =L11*12.5% -> 681251.62 | X11: =N11*12.5% -> 668558.38 | Y11: =P11*12.5% -> 664644.38 | Z11: =R11*12.5% -> 664228.38
B12: 178 | C12: Activación pedagógica - Arrendamiento del espacio dentro de la estación, portal o troncal. Debe incluir arrendamiento del espacio, incluye gestión de permisos y condiciones de la locación. Incluye la producción y montaje de un stand con branding cuyas medidas son ancho 90 cm, Alto 2.00 mts. | D12: 1 stand por una semana | E12: 26395700 | F12: 24811958 | G12: 25348714 | H12: 23827791 | I12: 25893674 | J12: 24340054 | K12: 16263805 | L12: 15287977 | M12: 16167341 | N12: 15197301 | O12: 15130153 | P12: 14222344 | Q12: 52189144 | R12: 30000000 | T12: =F12*12.5% -> 3101494.8 | U12: =H12*12.5% -> 2978473.9 | V12: =J12*12.5% -> 3042506.8 | W12: =L12*12.5% -> 1910997.1 | X12: =N12*12.5% -> 1899662.6 | Y12: =P12*12.5% -> 1777793 | Z12: =R12*12.5% -> 3750000
B13: 179 | C13: Servicio de Branding interior bus del sistema. (incluye producción, arrendamiento o tarifa de pauta e instalación y desistalación). Incluye vinilo adhesivo semi translúcido en 6 lamparas, stickers techo x 8, franjas de techo x3 y franja techo central x1. | D13: 1 branding bus | E13: 10871008 | F13: 10218748 | G13: 10523968 | H13: 9892530 | I13: 10651890 | J13: 10012777 | K13: 9611627 | L13: 9034929 | M13: 10347864 | N13: 9726992 | O13: 10056975 | P13: 9453557 | Q13: 7223372 | R13: 6789970 | T13: =F13*12.5% -> 1277343.5 | U13: =H13*12.5% -> 1236566.2 | V13: =J13*12.5% -> 1251597.1 | W13: =L13*12.5% -> 1129366.1 | X13: =N13*12.5% -> 1215874 | Y13: =P13*12.5% -> 1181694.6 | Z13: =R13*12.5% -> 848746.25
B14: 180 | C14: Servicio de Branding interior bus zonal del sistema. (incluye producción, arrendamiento o tarifa de pauta e instalación y desistalación). Paquete de 6 lamparas por bus. | D14: 1 branding bus | E14: 3089139 | F14: 2903791 | G14: 3248264 | H14: 3053368 | I14: 3175673 | J14: 2985133 | K14: 2444118 | L14: 2297471 | M14: 2753449 | N14: 2588242 | O14: 2562457 | P14: 2408710 | Q14: 3988685 | R14: 3749364 | T14: =F14*12.5% -> 362973.88 | U14: =H14*12.5% -> 381671 | V14: =J14*12.5% -> 373141.62 | W14: =L14*12.5% -> 287183.88 | X14: =N14*12.5% -> 323530.25 | Y14: =P14*12.5% -> 301088.75 | Z14: =R14*12.5% -> 468670.5
B15: TOTAL | E15: 51402874 | F15: 48318702 | G15: 50015421 | H15: 47014495 | I15: 51093572 | J15: 48027959 | K15: 37435546 | L15: 35189413 | M15: 38193492 | N15: 35901883 | O15: 36700790 | P15: 34498744 | Q15: 73390939 | R15: 49929688 | T15: =F15*12.5% -> 6039837.8 | U15: =H15*12.5% -> 5876811.9 | V15: =J15*12.5% -> 6003494.9 | W15: =L15*12.5% -> 4398676.6 | X15: =N15*12.5% -> 4487735.4 | Y15: =P15*12.5% -> 4312343 | Z15: =R15*12.5% -> 6241211
C18: TOTAL VALORES | D18: =SUM(F15,H15,J15,L15,N15,P15,R15) -> 298880884 | T18: =+T15+U15+V15+W15+X15+Y15+Z15 -> 37360110

Sheet IV. ITEMS PIEZAS EN AEROPUERTOS
C2: FORMATO ECONÓMICO
B4: IV. CUADRO DE ITEMS - PIEZAS EN AEROPUERTOS Y BUSES URBANOS
F5: OFERTA INICIAL
B6: ITEM | C6: DESCRIPCIÓN | D6: CANTIDAD | E6: CANTIDAD
F7: Bogotá | H7: Cali | J7: Medellín | L7: Barranquilla | N7: Bucaramanga | P7: Santa Marta | R7: Quibdó | T7: Barrancabermeja | V7: Cúcuta | X7: Manizales | Z7: Pereira | AB7: Armenia | AD7: Florencia | AF7: Neiva | AH7: Mocoa | AJ7: Popayán | AL7: Pasto | AN7: Sincelejo | AP7: Valledupar | AR7: Apartadó | AT7: Montería | AV7: Ibagué | AX7: Tunja | AZ7: Villavicencio | BB7: Arauca | BD7: Yopal | BF7: San José de Guaviare | BI7: Bogotá | BJ7: Cali | BK7: Medellín | BL7: Barranquilla | BM7: Bucaramanga | BN7: Santa Marta | BO7: Quibdó | BP7: Barrancabermeja | BQ7: Cúcuta | BR7: Manizales | BS7: Pereira | BT7: Armenia | BU7: Florencia | BV7: Neiva | BW7: Mocoa | BX7: Popayán | BY7: Pasto | BZ7: Sincelejo | CA7: Valledupar | CB7: Apartadó | CC7: Montería | CD7: Montería | CE7: Ibagué | CF7: Tunja | CG7: Villavicencio | CH7: Arauca | CI7: Yopal | CJ7: San José de Guaviare
B8: A. PIEZAS EN AEROPUERTOS | F8: PRESUPUESTO ESTIMADO | G8: OFERTA ECONOMICA | H8: PRESUPUESTO ESTIMADO | I8: OFERTA ECONOMICA | J8: PRESUPUESTO ESTIMADO | K8: OFERTA ECONOMICA | L8: PRESUPUESTO ESTIMADO | M8: OFERTA ECONOMICA | N8: PRESUPUESTO ESTIMADO | O8: OFERTA ECONOMICA | P8: PRESUPUESTO ESTIMADO | Q8: OFERTA ECONOMICA | R8: PRESUPUESTO ESTIMADO | S8: OFERTA ECONOMICA | T8: PRESUPUESTO ESTIMADO | U8: OFERTA ECONOMICA | V8: PRESUPUESTO ESTIMADO | W8: OFERTA ECONOMICA | X8: PRESUPUESTO ESTIMADO | Y8: OFERTA ECONOMICA | Z8: PRESUPUESTO ESTIMADO | AA8: OFERTA ECONOMICA | AB8: PRESUPUESTO ESTIMADO | AC8: OFERTA ECONOMICA | AD8: PRESUPUESTO ESTIMADO | AE8: OFERTA ECONOMICA | AF8: PRESUPUESTO ESTIMADO | AG8: OFERTA ECONOMICA | AH8: PRESUPUESTO ESTIMADO | AI8: OFERTA ECONOMICA | AJ8: PRESUPUESTO ESTIMADO | AK8: OFERTA ECONOMICA | AL8: PRESUPUESTO ESTIMADO | AM8: OFERTA ECONOMICA | AN8: PRESUPUESTO ESTIMADO | AO8: OFERTA ECONOMICA | AP8: PRESUPUESTO ESTIMADO | AQ8: OFERTA ECONOMICA | AR8: PRESUPUESTO ESTIMADO | AS8: OFERTA ECONOMICA | AT8: PRESUPUESTO ESTIMADO | AU8: OFERTA ECONOMICA | AV8: PRESUPUESTO ESTIMADO | AW8: OFERTA ECONOMICA | AX8: PRESUPUESTO ESTIMADO | AY8: OFERTA ECONOMICA | AZ8: PRESUPUESTO ESTIMADO | BA8: OFERTA ECONOMICA | BB8: PRESUPUESTO ESTIMADO | BC8: OFERTA ECONOMICA | BD8: PRESUPUESTO ESTIMADO | BE8: OFERTA ECONOMICA | BF8: PRESUPUESTO ESTIMADO | BG8: OFERTA ECONOMICA | BI8: OFERTA ECONOMICA | BJ8: OFERTA ECONOMICA | BK8: OFERTA ECONOMICA | BL8: OFERTA ECONOMICA | BM8: OFERTA ECONOMICA | BN8: OFERTA ECONOMICA | BO8: OFERTA ECONOMICA | BP8: OFERTA ECONOMICA | BQ8: OFERTA ECONOMICA | BR8: OFERTA ECONOMICA | BS8: OFERTA ECONOMICA | BT8: OFERTA ECONOMICA | BU8: OFERTA ECONOMICA | BV8: OFERTA ECONOMICA | BW8: OFERTA ECONOMICA | BX8: OFERTA ECONOMICA | BY8: OFERTA ECONOMICA | BZ8: OFERTA ECONOMICA | CA8: OFERTA ECONOMICA | CB8: OFERTA ECONOMICA | CC8: PRESUPUESTO ESTIMADO | CD8: OFERTA ECONOMICA | CE8: OFERTA ECONOMICA | CF8: OFERTA ECONOMICA | CG8: OFERTA ECONOMICA | CH8: OFERTA ECONOMICA | CI8: OFERTA ECONOMICA | CJ8: OFERTA ECONOMICA
B9: 337 | C9: Arco ingreso y/o salida escaleras en aeropuerto, 4x0 tintas, incluye producción e instalación en el sitio donde se requiera. | D9: 1 arco | E9: 1 arco | F9: 18078583 | G9: 6000000 | H9: 15874065 | I9: 6000000 | J9: 15926804 | K9: 6000000 | L9: 15979717 | M9: 6000000 | N9: 13968194 | O9: 6000000 | P9: 14014600 | Q9: 6000000 | R9: 10881224 | S9: 6000000 | T9: 10917375 | U9: 6000000 | V9: 14154746 | W9: 6000000 | X9: 12725903 | Y9: 6000000 | Z9: 14248955 | AA9: 6000000 | AB9: 12810601 | AC9: 6000000 | AD9: 11099937 | AE9: 6000000 | AF9: 12895864 | AG9: 6000000 | AH9: 11136814 | AI9: 6000000 | AJ9: 12981693 | AK9: 6000000 | AL9: 13024822 | AM9: 6000000 | AN9: 13024822 | AO9: 6000000 | AP9: 13111510 | AQ9: 6000000 | AR9: 11811887 | AS9: 6000000 | AT9: 14729486 | AU9: 6000000 | AV9: 13242626 | AW9: 6000000 | AX9: 10200696 | AY9: 6000000 | AZ9: 11811887 | BA9: 6000000 | BB9: 10200696 | BC9: 6000000 | BD9: 11811887 | BE9: 6000000 | BF9: 14763158 | BG9: 6000000 | BI9: =G9*12.5% -> 750000 | BJ9: =I9*12.5% -> 750000 | BK9: =K9*12.5% -> 750000 | BL9: =M9*12.5% -> 750000 | BM9: =O9*12.5% -> 750000 | BN9: =Q9*12.5% -> 750000 | BO9: =S9*12.5% -> 750000 | BP9: =U9*12.5% -> 750000 | BQ9: =W9*12.5% -> 750000 | BR9: =Y9*12.5% -> 750000 | BS9: =AA9*12.5% -> 750000 | BT9: =AC9*12.5% -> 750000 | BU9: =AE9*12.5% -> 750000 | BV9: =AG9*12.5% -> 750000 | BW9: =AI9*12.5% -> 750000 | BX9: =AK9*12.5% -> 750000 | BY9: =AM9*12.5% -> 750000 | BZ9: =AO9*12.5% -> 750000 | CA9: =AQ9*12.5% -> 750000 | CB9: =AS9*12.5% -> 750000 | CC9: =AT9*12.5% -> 1841185.8 | CD9: =AU9*12.5% -> 750000 | CE9: =AW9*12.5% -> 750000 | CF9: =AY9*12.5% -> 750000 | CG9: =BA9*12.5% -> 750000 | CH9: =BC9*12.5% -> 750000 | CI9: =BE9*12.5% -> 750000 | CJ9: =BG9*12.5% -> 750000
B10: 338 | C10: Arco ingreso y/o salida escaleras en aeropuerto, 4x0 tintas, incluye producción e instalación en el sitio donde se requiera. Además incluye arrendamiento del espacio por una semana. | D10: 1 arco por una semana | E10: 1 arco por una semana | F10: 18078583 | G10: 16993868 | H10: 15874065 | I10: 14921621 | J10: 15926804 | K10: 14971196 | L10: 15979717 | M10: 15020934 | N10: 13968194 | O10: 13130102 | P10: 14014600 | Q10: 13173724 | R10: 10881224 | S10: 10228351 | T10: 10917375 | U10: 10262333 | V10: 14154746 | W10: 13305461 | X10: 12725903 | Y10: 11962349 | Z10: 14248955 | AA10: 13394018 | AB10: 12810601 | AC10: 12041965 | AD10: 11099937 | AE10: 10433941 | AF10: 12895864 | AG10: 12122112 | AH10: 9711351 | AI10: 9128670 | AJ10: 12981693 | AK10: 12202791 | AL10: 13024822 | AM10: 12000000 | AN10: 11357703 | AO10: 10000000 | AP10: 13111510 | AQ10: 12000000 | AR10: 11433296 | AS10: 10747298 | AT10: 14729486 | AU10: 13845717 | AV10: 13242626 | AW10: 12448068 | AX10: 9972484 | AY10: 1200000 | AZ10: 10003007 | BA10: 9402827 | BB10: 9972484 | BC10: 9374135 | BD10: 11547628 | BE10: 10854770 | BF10: 14745588 | BG10: 13860853 | BI10: =G10*12.5% -> 2124233.5 | BJ10: =I10*12.5% -> 1865202.6 | BK10: =K10*12.5% -> 1871399.5 | BL10: =M10*12.5% -> 1877616.8 | BM10: =O10*12.5% -> 1641262.8 | BN10: =Q10*12.5% -> 1646715.5 | BO10: =S10*12.5% -> 1278543.9 | BP10: =U10*12.5% -> 1282791.6 | BQ10: =W10*12.5% -> 1663182.6 | BR10: =Y10*12.5% -> 1495293.6 | BS10: =AA10*12.5% -> 1674252.2 | BT10: =AC10*12.5% -> 1505245.6 | BU10: =AE10*12.5% -> 1304242.6 | BV10: =AG10*12.5% -> 1515264 | BW10: =AI10*12.5% -> 1141083.8 | BX10: =AK10*12.5% -> 1525348.9 | BY10: =AM10*12.5% -> 1500000 | BZ10: =AO10*12.5% -> 1250000 | CA10: =AQ10*12.5% -> 1500000 | CB10: =AS10*12.5% -> 1343412.2 | CC10: =AT10*12.5% -> 1841185.8 | CD10: =AU10*12.5% -> 1730714.6 | CE10: =AW10*12.5% -> 1556008.5 | CF10: =AY10*12.5% -> 150000 | CG10: =BA10*12.5% -> 1175353.4 | CH10: =BC10*12.5% -> 1171766.9 | CI10: =BE10*12.5% -> 1356846.2 | CJ10: =BG10*12.5% -> 1732606.6
B11: 339 | C11: Frontal ascensor en aeropuerto, 4x0 tintas, incluye producción e instalación en el sitio donde se requiera. | D11: 1 frontal | E11: 1 frontal | F11: 24732067 | G11: 2000000 | H11: 16607734 | I11: 2000000 | J11: 16662910 | K11: 12000000 | L11: 16718269 | M11: 12000000 | N11: 14721748 | O11: 12000000 | P11: 14770658 | Q11: 8000000 | R11: 11250357 | S11: 9000000 | T11: 11287734 | U11: 5000000 | V11: 14918365 | W11: 4000000 | X11: 13075689 | Y11: 9500000 | Z11: 15017656 | AA11: 9500000 | AB11: 13162716 | AC11: 8000000 | AD11: 11476490 | AE11: 500000 | AF11: 13250322 | AG11: 1200000 | AH11: 10040798 | AI11: 1200000 | AJ11: 13338511 | AK11: 1200000 | AL11: 13382825 | AM11: 9500000 | AN11: 11669883 | AO11: 1200000 | AP11: 13471896 | AQ11: 1200000 | AR11: 11747553 | AS11: 1200000 | AT11: 15524110 | AU11: 14592663 | AV11: 13606615 | AW11: 1100000 | AX11: 10310789 | AY11: 1100000 | AZ11: 10277952 | BA11: 7000000 | BB11: 10310789 | BC11: 7000000 | BD11: 11865029 | BE11: 7000000 | BF11: 14771501 | BG11: 7000000 | BI11: =G11*12.5% -> 250000 | BJ11: =I11*12.5% -> 250000 | BK11: =K11*12.5% -> 1500000 | BL11: =M11*12.5% -> 1500000 | BM11: =O11*12.5% -> 1500000 | BN11: =Q11*12.5% -> 1000000 | BO11: =S11*12.5% -> 1125000 | BP11: =U11*12.5% -> 625000 | BQ11: =W11*12.5% -> 500000 | BR11: =Y11*12.5% -> 1187500 | BS11: =AA11*12.5% -> 1187500 | BT11: =AC11*12.5% -> 1000000 | BU11: =AE11*12.5% -> 62500 | BV11: =AG11*12.5% -> 150000 | BW11: =AI11*12.5% -> 150000 | BX11: =AK11*12.5% -> 150000 | BY11: =AM11*12.5% -> 1187500 | BZ11: =AO11*12.5% -> 150000 | CA11: =AQ11*12.5% -> 150000 | CB11: =AS11*12.5% -> 150000 | CC11: =AT11*12.5% -> 1940513.8 | CD11: =AU11*12.5% -> 1824082.9 | CE11: =AW11*12.5% -> 137500 | CF11: =AY11*12.5% -> 137500 | CG11: =BA11*12.5% -> 875000 | CH11: =BC11*12.5% -> 875000 | CI11: =BE11*12.5% -> 875000 | CJ11: =BG11*12.5% -> 875000
B12: 340 | C12: Frontal ascensor en aeropuerto, 4x0 tintas, incluye producción e instalación en el sitio donde se requiera. Además incluye arrendamiento del espacio por una semana. | D12: 1 frontal por una semana | E12: 1 frontal por una semana | F12: 24732067 | G12: 23248143 | H12: 16607734 | I12: 15611270 | J12: 16662910 | K12: 15663135 | L12: 16718269 | M12: 15715173 | N12: 14721748 | O12: 1000000 | P12: 14770658 | Q12: 13884419 | R12: 11250357 | S12: 11000000 | T12: 11287734 | U12: 10610470 | V12: 14918365 | W12: 10000000 | X12: 13075689 | Y12: 12291148 | Z12: 15017656 | AA12: 14116597 | AB12: 13162716 | AC12: 12372953 | AD12: 11476490 | AE12: 500000 | AF12: 13250322 | AG12: 2200000 | AH12: 10040798 | AI12: 2200000 | AJ12: 13338511 | AK12: 2200000 | AL12: 13382825 | AM12: 2200000 | AN12: 11669883 | AO12: 2200000 | AP12: 13471896 | AQ12: 2200000 | AR12: 11747553 | AS12: 2200000 | AT12: 15524110 | AU12: 14592663 | AV12: 13606615 | AW12: 1200000 | AX12: 10310789 | AY12: 1200000 | AZ12: 10277952 | BA12: 3500000 | BB12: 10310789 | BC12: 3500000 | BD12: 11865029 | BE12: 3500000 | BF12: 14771501 | BG12: 3500000 | BI12: =G12*12.5% -> 2906017.9 | BJ12: =I12*12.5% -> 1951408.8 | BK12: =K12*12.5% -> 1957891.9 | BL12: =M12*12.5% -> 1964396.6 | BM12: =O12*12.5% -> 125000 | BN12: =Q12*12.5% -> 1735552.4 | BO12: =S12*12.5% -> 1375000 | BP12: =U12*12.5% -> 1326308.8 | BQ12: =W12*12.5% -> 1250000 | BR12: =Y12*12.5% -> 1536393.5 | BS12: =AA12*12.5% -> 1764574.6 | BT12: =AC12*12.5% -> 1546619.1 | BU12: =AE12*12.5% -> 62500 | BV12: =AG12*12.5% -> 275000 | BW12: =AI12*12.5% -> 275000 | BX12: =AK12*12.5% -> 275000 | BY12: =AM12*12.5% -> 275000 | BZ12: =AO12*12.5% -> 275000 | CA12: =AQ12*12.5% -> 275000 | CB12: =AS12*12.5% -> 275000 | CC12: =AT12*12.5% -> 1940513.8 | CD12: =AU12*12.5% -> 1824082.9 | CE12: =AW12*12.5% -> 150000 | CF12: =AY12*12.5% -> 150000 | CG12: =BA12*12.5% -> 437500 | CH12: =BC12*12.5% -> 437500 | CI12: =BE12*12.5% -> 437500 | CJ12: =BG12*12.5% -> 437500
B13: 341 | C13: Laterales escaleras electricas (2 caras) en aeropuerto, 4x0 tintas, incluye producción e instalación en el sitio donde se requiera. | D13: 1 par de laterales | E13: 1 par de laterales | F13: 19853139 | G13: 4000000 | H13: 17565103 | I13: 4000000 | J13: 17623459 | K13: 15000000 | L13: 17682009 | M13: 12000000 | N13: 15497976 | O13: 1000000 | P13: 15549465 | Q13: 10000000 | R13: 11160351 | S13: 10490730 | T13: 11197429 | U13: 5000000 | V13: 15704959 | W13: 10000000 | X13: 13724036 | Y13: 12900594 | Z13: 15809485 | AA13: 9000000 | AB13: 13815377 | AC13: 10000000 | AD13: 11384674 | AE13: 500000 | AF13: 13907327 | AG13: 500000 | AH13: 9960468 | AI13: 500000 | AJ13: 13999889 | AK13: 500000 | AL13: 14046401 | AM13: 500000 | AN13: 12248524 | AO13: 500000 | AP13: 14139888 | AQ13: 500000 | AR13: 12330045 | AS13: 500000 | AT13: 16342644 | AU13: 10000000 | AV13: 14281287 | AW13: 1100000 | AX13: 10228299 | AY13: 1100000 | AZ13: 10787575 | BA13: 6900000 | BB13: 10228299 | BC13: 6900000 | BD13: 12453346 | BE13: 6900000 | BF13: 14765258 | BG13: 6900000 | BI13: =G13*12.5% -> 500000 | BJ13: =I13*12.5% -> 500000 | BK13: =K13*12.5% -> 1875000 | BL13: =M13*12.5% -> 1500000 | BM13: =O13*12.5% -> 125000 | BN13: =Q13*12.5% -> 1250000 | BO13: =S13*12.5% -> 1311341.2 | BP13: =U13*12.5% -> 625000 | BQ13: =W13*12.5% -> 1250000 | BR13: =Y13*12.5% -> 1612574.2 | BS13: =AA13*12.5% -> 1125000 | BT13: =AC13*12.5% -> 1250000 | BU13: =AE13*12.5% -> 62500 | BV13: =AG13*12.5% -> 62500 | BW13: =AI13*12.5% -> 62500 | BX13: =AK13*12.5% -> 62500 | BY13: =AM13*12.5% -> 62500 | BZ13: =AO13*12.5% -> 62500 | CA13: =AQ13*12.5% -> 62500 | CB13: =AS13*12.5% -> 62500 | CC13: =AT13*12.5% -> 2042830.5 | CD13: =AU13*12.5% -> 1250000 | CE13: =AW13*12.5% -> 137500 | CF13: =AY13*12.5% -> 137500 | CG13: =BA13*12.5% -> 862500 | CH13: =BC13*12.5% -> 862500 | CI13: =BE13*12.5% -> 862500 | CJ13: =BG13*12.5% -> 862500
B14: 342 | C14: Laterales escaleras electricas (2 caras) en aeropuerto, 4x0 tintas, incluye producción e instalación en el sitio donde se requiera. Además incluye arrendamiento del espacio por una semana. | D14: 1 par de laterales por una semana | E14: 1 par de laterales por una semana | F14: 19853139 | G14: 18661951 | H14: 17565103 | I14: 16511197 | J14: 17623459 | K14: 16566051 | L14: 17682009 | M14: 16621088 | N14: 15497976 | O14: 1000000 | P14: 15549465 | Q14: 14616497 | R14: 11160351 | S14: 10490730 | T14: 11197429 | U14: 10525583 | V14: 15704959 | W14: 14762661 | X14: 13724036 | Y14: 12900594 | Z14: 15809485 | AA14: 14860916 | AB14: 13815377 | AC14: 12986454 | AD14: 11384674 | AE14: 500000 | AF14: 13907327 | AG14: 500000 | AH14: 9960468 | AI14: 500000 | AJ14: 13999889 | AK14: 500000 | AL14: 14046401 | AM14: 500000 | AN14: 12248524 | AO14: 500000 | AP14: 14139888 | AQ14: 500000 | AR14: 12330045 | AS14: 500000 | AT14: 16342644 | AU14: 15000000 | AV14: 14281287 | AW14: 1200000 | AX14: 10228299 | AY14: 1200000 | AZ14: 10787575 | BA14: 1500000 | BB14: 10228299 | BC14: 1500000 | BD14: 12453346 | BE14: 1500000 | BF14: 14765258 | BG14: 1500000 | BI14: =G14*12.5% -> 2332743.9 | BJ14: =I14*12.5% -> 2063899.6 | BK14: =K14*12.5% -> 2070756.4 | BL14: =M14*12.5% -> 2077636 | BM14: =O14*12.5% -> 125000 | BN14: =Q14*12.5% -> 1827062.1 | BO14: =S14*12.5% -> 1311341.2 | BP14: =U14*12.5% -> 1315697.9 | BQ14: =W14*12.5% -> 1845332.6 | BR14: =Y14*12.5% -> 1612574.2 | BS14: =AA14*12.5% -> 1857614.5 | BT14: =AC14*12.5% -> 1623306.8 | BU14: =AE14*12.5% -> 62500 | BV14: =AG14*12.5% -> 62500 | BW14: =AI14*12.5% -> 62500 | BX14: =AK14*12.5% -> 62500 | BY14: =AM14*12.5% -> 62500 | BZ14: =AO14*12.5% -> 62500 | CA14: =AQ14*12.5% -> 62500 | CB14: =AS14*12.5% -> 62500 | CC14: =AT14*12.5% -> 2042830.5 | CD14: =AU14*12.5% -> 1875000 | CE14: =AW14*12.5% -> 150000 | CF14: =AY14*12.5% -> 150000 | CG14: =BA14*12.5% -> 187500 | CH14: =BC14*12.5% -> 187500 | CI14: =BE14*12.5% -> 187500 | CJ14: =BG14*12.5% -> 187500
B15: 343 | C15: Pendones en vacio en aeropuerto. 150cm x 700cm, 4x4 tintas, incluye producción e instalación en el sitio donde se requiera. | D15: 1 pendón | E15: 1 pendón | F15: 21813981 | G15: 4000000 | H15: 19040815 | I15: 4000000 | J15: 19104074 | K15: 4000000 | L15: 19167543 | M15: 4000000 | N15: 17006811 | O15: 2000000 | P15: 17063312 | Q15: 4000000 | R15: 12528312 | S15: 4000000 | T15: 12569935 | U15: 2000000 | V15: 17233945 | W15: 4000000 | X15: 14757084 | Y15: 4000000 | Z15: 17348648 | AA15: 4000000 | AB15: 14855301 | AC15: 4000000 | AD15: 12780131 | AE15: 4000000 | AF15: 14954172 | AG15: 4000000 | AH15: 9321832 | AI15: 4000000 | AJ15: 15053701 | AK15: 4000000 | AL15: 15103714 | AM15: 4000000 | AN15: 10871460 | AO15: 4000000 | AP15: 15204238 | AQ15: 4000000 | AR15: 10871460 | AS15: 4000000 | AT15: 17933713 | AU15: 4000000 | AV15: 15356281 | AW15: 4000000 | AX15: 9321832 | AY15: 4000000 | AZ15: 10871460 | BA15: 4000000 | BB15: 9321832 | BC15: 4000000 | BD15: 10871460 | BE15: 4000000 | BF15: 14693318 | BG15: 4000000 | BI15: =G15*12.5% -> 500000 | BJ15: =I15*12.5% -> 500000 | BK15: =K15*12.5% -> 500000 | BL15: =M15*12.5% -> 500000 | BM15: =O15*12.5% -> 250000 | BN15: =Q15*12.5% -> 500000 | BO15: =S15*12.5% -> 500000 | BP15: =U15*12.5% -> 250000 | BQ15: =W15*12.5% -> 500000 | BR15: =Y15*12.5% -> 500000 | BS15: =AA15*12.5% -> 500000 | BT15: =AC15*12.5% -> 500000 | BU15: =AE15*12.5% -> 500000 | BV15: =AG15*12.5% -> 500000 | BW15: =AI15*12.5% -> 500000 | BX15: =AK15*12.5% -> 500000 | BY15: =AM15*12.5% -> 500000 | BZ15: =AO15*12.5% -> 500000 | CA15: =AQ15*12.5% -> 500000 | CB15: =AS15*12.5% -> 500000 | CC15: =AT15*12.5% -> 2241714.1 | CD15: =AU15*12.5% -> 500000 | CE15: =AW15*12.5% -> 500000 | CF15: =AY15*12.5% -> 500000 | CG15: =BA15*12.5% -> 500000 | CH15: =BC15*12.5% -> 500000 | CI15: =BE15*12.5% -> 500000 | CJ15: =BG15*12.5% -> 500000
B16: 344 | C16: Pendones en vacio en aeropuerto. 150cm x 700cm, 4x4 tintas, incluye producción e instalación en el sitio donde se requiera. Además incluye arrendamiento del espacio por una semana. | D16: 1 pendón por una semana | E16: 1 pendón por una semana | F16: 21813981 | G16: 20505142 | H16: 19040815 | I16: 17898366 | J16: 19104074 | K16: 17957830 | L16: 19167543 | M16: 18017490 | N16: 17006811 | O16: 3000000 | P16: 17063312 | Q16: 6000000 | R16: 12528312 | S16: 11776613 | T16: 12569935 | U16: 5000000 | V16: 17233945 | W16: 13000000 | X16: 14757084 | Y16: 13871659 | Z16: 17348648 | AA16: 16307729 | AB16: 14855301 | AC16: 13963983 | AD16: 12780131 | AE16: 1200000 | AF16: 14954172 | AG16: 1200000 | AH16: 9000130 | AI16: 1200000 | AJ16: 15053701 | AK16: 14150479 | AL16: 15103714 | AM16: 10000000 | AN16: 10496279 | AO16: 1200000 | AP16: 15204238 | AQ16: 1200000 | AR16: 10496279 | AS16: 1200000 | AT16: 17933713 | AU16: 16000000 | AV16: 15356281 | AW16: 800000 | AX16: 9000130 | AY16: 1200000 | AZ16: 10496279 | BA16: 2500000 | BB16: 9000130 | BC16: 2500000 | BD16: 10496279 | BE16: 2500000 | BF16: 14666183 | BG16: 2500000 | BI16: =G16*12.5% -> 2563142.8 | BJ16: =I16*12.5% -> 2237295.8 | BK16: =K16*12.5% -> 2244728.8 | BL16: =M16*12.5% -> 2252186.2 | BM16: =O16*12.5% -> 375000 | BN16: =Q16*12.5% -> 750000 | BO16: =S16*12.5% -> 1472076.6 | BP16: =U16*12.5% -> 625000 | BQ16: =W16*12.5% -> 1625000 | BR16: =Y16*12.5% -> 1733957.4 | BS16: =AA16*12.5% -> 2038466.1 | BT16: =AC16*12.5% -> 1745497.9 | BU16: =AE16*12.5% -> 150000 | BV16: =AG16*12.5% -> 150000 | BW16: =AI16*12.5% -> 150000 | BX16: =AK16*12.5% -> 1768809.9 | BY16: =AM16*12.5% -> 1250000 | BZ16: =AO16*12.5% -> 150000 | CA16: =AQ16*12.5% -> 150000 | CB16: =AS16*12.5% -> 150000 | CC16: =AT16*12.5% -> 2241714.1 | CD16: =AU16*12.5% -> 2000000 | CE16: =AW16*12.5% -> 100000 | CF16: =AY16*12.5% -> 150000 | CG16: =BA16*12.5% -> 312500 | CH16: =BC16*12.5% -> 312500 | CI16: =BE16*12.5% -> 312500 | CJ16: =BG16*12.5% -> 312500
B17: 345 | C17: Rompetrafico en aeropuerto. 60cm x 148cm. En acrilico, 4x4 tintas, incluye producción y entrega en el sitio donde se requiera. | D17: 1 rompetráfico | E17: 1 rompetráfico | F17: 15842739 | G17: 2000000 | H17: 14159301 | I17: 2000000 | J17: 14206343 | K17: 2000000 | L17: 14253540 | M17: 2000000 | N17: 14762529 | O17: 2000000 | P17: 12767524 | Q17: 2000000 | R17: 10034336 | S17: 2000000 | T17: 10067673 | U17: 2000000 | V17: 12895199 | W17: 2000000 | X17: 11317590 | Y17: 2000000 | Z17: 12981024 | AA17: 2000000 | AB17: 11392916 | AC17: 2000000 | AD17: 10236026 | AE17: 2000000 | AF17: 11468742 | AG17: 2000000 | AH17: 8955515 | AI17: 2000000 | AJ17: 11545074 | AK17: 2000000 | AL17: 11583430 | AM17: 2000000 | AN17: 10100802 | AO17: 2000000 | AP17: 11660524 | AQ17: 2000000 | AR17: 10168029 | AS17: 2000000 | AT17: 13418796 | AU17: 2000000 | AV17: 11777130 | AW17: 2000000 | AX17: 9196323 | AY17: 2000000 | AZ17: 8896024 | BA17: 2000000 | BB17: 10269710 | BC17: 2000000 | BD17: 10269710 | BE17: 2000000 | BF17: 14682839 | BG17: 2000000 | BI17: =G17*12.5% -> 250000 | BJ17: =I17*12.5% -> 250000 | BK17: =K17*12.5% -> 250000 | BL17: =M17*12.5% -> 250000 | BM17: =O17*12.5% -> 250000 | BN17: =Q17*12.5% -> 250000 | BO17: =S17*12.5% -> 250000 | BP17: =U17*12.5% -> 250000 | BQ17: =W17*12.5% -> 250000 | BR17: =Y17*12.5% -> 250000 | BS17: =AA17*12.5% -> 250000 | BT17: =AC17*12.5% -> 250000 | BU17: =AE17*12.5% -> 250000 | BV17: =AG17*12.5% -> 250000 | BW17: =AI17*12.5% -> 250000 | BX17: =AK17*12.5% -> 250000 | BY17: =AM17*12.5% -> 250000 | BZ17: =AO17*12.5% -> 250000 | CA17: =AQ17*12.5% -> 250000 | CB17: =AS17*12.5% -> 250000 | CC17: =AT17*12.5% -> 1677349.5 | CD17: =AU17*12.5% -> 250000 | CE17: =AW17*12.5% -> 250000 | CF17: =AY17*12.5% -> 250000 | CG17: =BA17*12.5% -> 250000 | CH17: =BC17*12.5% -> 250000 | CI17: =BE17*12.5% -> 250000 | CJ17: =BG17*12.5% -> 250000
B18: 346 | C18: Rompetrafico en aeropuerto. 60cm x 148cm. En acrilico, 4x4 tintas, incluye producción y entrega en el sitio donde se requiera. Además incluye arrendamiento del espacio por una semana. | D18: 1 rompetráfico por una semana | E18: 1 rompetráfico por una semana | F18: 15842739 | G18: 14892175 | H18: 14159301 | I18: 13309743 | J18: 14206343 | K18: 13353962 | L18: 14253540 | M18: 13398328 | N18: 14762529 | O18: 13876777 | P18: 12767524 | Q18: 12001473 | R18: 10034336 | S18: 9432276 | T18: 10067673 | U18: 9000000 | V18: 12895199 | W18: 10000000 | X18: 11317590 | Y18: 11000000 | Z18: 12981024 | AA18: 12202163 | AB18: 11392916 | AC18: 10709341 | AD18: 10236026 | AE18: 9621864 | AF18: 11468742 | AG18: 10780617 | AH18: 8955515 | AI18: 8418184 | AJ18: 11545074 | AK18: 10852370 | AL18: 11583430 | AM18: 10888424 | AN18: 10100802 | AO18: 9494754 | AP18: 11660524 | AQ18: 10960893 | AR18: 10168029 | AS18: 9557947 | AT18: 13418796 | AU18: 12613668 | AV18: 11777130 | AW18: 11070502 | AX18: 9196323 | AY18: 2000000 | AZ18: 8896024 | BA18: 8000000 | BB18: 10269710 | BC18: 9653527 | BD18: 10269710 | BE18: 9653527 | BF18: 14682839 | BG18: 13801869 | BI18: =G18*12.5% -> 1861521.9 | BJ18: =I18*12.5% -> 1663717.9 | BK18: =K18*12.5% -> 1669245.2 | BL18: =M18*12.5% -> 1674791 | BM18: =O18*12.5% -> 1734597.1 | BN18: =Q18*12.5% -> 1500184.1 | BO18: =S18*12.5% -> 1179034.5 | BP18: =U18*12.5% -> 1125000 | BQ18: =W18*12.5% -> 1250000 | BR18: =Y18*12.5% -> 1375000 | BS18: =AA18*12.5% -> 1525270.4 | BT18: =AC18*12.5% -> 1338667.6 | BU18: =AE18*12.5% -> 1202733 | BV18: =AG18*12.5% -> 1347577.1 | BW18: =AI18*12.5% -> 1052273 | BX18: =AK18*12.5% -> 1356546.2 | BY18: =AM18*12.5% -> 1361053 | BZ18: =AO18*12.5% -> 1186844.2 | CA18: =AQ18*12.5% -> 1370111.6 | CB18: =AS18*12.5% -> 1194743.4 | CC18: =AT18*12.5% -> 1677349.5 | CD18: =AU18*12.5% -> 1576708.5 | CE18: =AW18*12.5% -> 1383812.8 | CF18: =AY18*12.5% -> 250000 | CG18: =BA18*12.5% -> 1000000 | CH18: =BC18*12.5% -> 1206690.9 | CI18: =BE18*12.5% -> 1206690.9 | CJ18: =BG18*12.5% -> 1725233.6
B19: 347 | C19: Bastidor en aeropuerto. Formato tabloide mediano y grande, 4x0 tintas. Incluye producción e instalación en el sitio donde se requiera. | D19: 1 bastidor | E19: 1 bastidor | F19: 14165671 | G19: 3000000 | H19: 12766372 | I19: 3000000 | J19: 12808786 | K19: 3000000 | L19: 12851340 | M19: 3000000 | N19: 11175975 | O19: 3000000 | P19: 11213104 | Q19: 3000000 | R19: 10000550 | S19: 3000000 | T19: 10033775 | U19: 3000000 | V19: 11325235 | W19: 3000000 | X19: 10100556 | Y19: 3000000 | Z19: 11400612 | AA19: 3000000 | AB19: 10167781 | AC19: 3000000 | AD19: 10201561 | AE19: 3000000 | AF19: 10235454 | AG19: 3000000 | AH19: 8925361 | AI19: 3000000 | AJ19: 10303577 | AK19: 3000000 | AL19: 10337808 | AM19: 3000000 | AN19: 9014615 | AO19: 3000000 | AP19: 10406613 | AQ19: 3000000 | AR19: 9074613 | AS19: 3000000 | AT19: 11785085 | AU19: 3000000 | AV19: 10510679 | AW19: 3000000 | AX19: 10310789 | AY19: 3000000 | AZ19: 7939392 | BA19: 3000000 | BB19: 10310789 | BC19: 3000000 | BD19: 9165359 | BE19: 3000000 | BF19: 14680232 | BG19: 3000000 | BI19: =G19*12.5% -> 375000 | BJ19: =I19*12.5% -> 375000 | BK19: =K19*12.5% -> 375000 | BL19: =M19*12.5% -> 375000 | BM19: =O19*12.5% -> 375000 | BN19: =Q19*12.5% -> 375000 | BO19: =S19*12.5% -> 375000 | BP19: =U19*12.5% -> 375000 | BQ19: =W19*12.5% -> 375000 | BR19: =Y19*12.5% -> 375000 | BS19: =AA19*12.5% -> 375000 | BT19: =AC19*12.5% -> 375000 | BU19: =AE19*12.5% -> 375000 | BV19: =AG19*12.5% -> 375000 | BW19: =AI19*12.5% -> 375000 | BX19: =AK19*12.5% -> 375000 | BY19: =AM19*12.5% -> 375000 | BZ19: =AO19*12.5% -> 375000 | CA19: =AQ19*12.5% -> 375000 | CB19: =AS19*12.5% -> 375000 | CC19: =AT19*12.5% -> 1473135.6 | CD19: =AU19*12.5% -> 375000 | CE19: =AW19*12.5% -> 375000 | CF19: =AY19*12.5% -> 375000 | CG19: =BA19*12.5% -> 375000 | CH19: =BC19*12.5% -> 375000 | CI19: =BE19*12.5% -> 375000 | CJ19: =BG19*12.5% -> 375000
B20: 348 | C20: Bastidor en aeropuerto. Formato tabloide mediano y grande, 4x0 tintas. Incluye producción e instalación en el sitio donde se requiera. Además incluye arrendamiento del espacio por una semana. | D20: 1 bastidor por una semana | E20: 1 bastidor por una semana | F20: 14165671 | G20: 13315731 | H20: 12766372 | I20: 12000390 | J20: 12808786 | K20: 12040259 | L20: 12851340 | M20: 12080260 | N20: 11175975 | O20: 10505417 | P20: 11213104 | Q20: 10540318 | R20: 10000550 | S20: 9400517 | T20: 10033775 | U20: 9000000 | V20: 11325235 | W20: 10645721 | X20: 10100556 | Y20: 9494523 | Z20: 11400612 | AA20: 10716575 | AB20: 10167781 | AC20: 9557714 | AD20: 10201561 | AE20: 9589467 | AF20: 10235454 | AG20: 9621327 | AH20: 7441022 | AI20: 6994561 | AJ20: 10303577 | AK20: 9685362 | AL20: 10337808 | AM20: 9717540 | AN20: 7441022 | AO20: 7000000 | AP20: 10406613 | AQ20: 9782216 | AR20: 7441022 | AS20: 6994561 | AT20: 11785085 | AU20: 11077980 | AV20: 10510679 | AW20: 9880038 | AX20: 8370956 | AY20: 2000000 | AZ20: 7441022 | BA20: 6994561 | BB20: 8370956 | BC20: 7868699 | BD20: 7441022 | BE20: 6994561 | BF20: 14520076 | BG20: 13648871 | BI20: =G20*12.5% -> 1664466.4 | BJ20: =I20*12.5% -> 1500048.8 | BK20: =K20*12.5% -> 1505032.4 | BL20: =M20*12.5% -> 1510032.5 | BM20: =O20*12.5% -> 1313177.1 | BN20: =Q20*12.5% -> 1317539.8 | BO20: =S20*12.5% -> 1175064.6 | BP20: =U20*12.5% -> 1125000 | BQ20: =W20*12.5% -> 1330715.1 | BR20: =Y20*12.5% -> 1186815.4 | BS20: =AA20*12.5% -> 1339571.9 | BT20: =AC20*12.5% -> 1194714.2 | BU20: =AE20*12.5% -> 1198683.4 | BV20: =AG20*12.5% -> 1202665.9 | BW20: =AI20*12.5% -> 874320.12 | BX20: =AK20*12.5% -> 1210670.2 | BY20: =AM20*12.5% -> 1214692.5 | BZ20: =AO20*12.5% -> 875000 | CA20: =AQ20*12.5% -> 1222777 | CB20: =AS20*12.5% -> 874320.12 | CC20: =AT20*12.5% -> 1473135.6 | CD20: =AU20*12.5% -> 1384747.5 | CE20: =AW20*12.5% -> 1235004.8 | CF20: =AY20*12.5% -> 250000 | CG20: =BA20*12.5% -> 874320.12 | CH20: =BC20*12.5% -> 983587.38 | CI20: =BE20*12.5% -> 874320.12 | CJ20: =BG20*12.5% -> 1706108.9
... B23: 351 | C23: Circuito AirTv, pantallas Led en aeropuerto. En full HD (Vertical y horizontal) Spot 10 segundos. Pauta por un (1) mes. | D23: 1 spot por una semana | E23: 1 spot por una semana | F23: 28811716 | G23: 27083013 | H23: 24364428 | I23: 22902562 | J23: 24364428 | K23: 22902562 | L23: 24364428 | M23: 22902562 | N23: 24364428 | O23: 22902562 | P23: 20330575 | Q23: 12000000 | R23: 17202256 | S23: 16000000 | T23: 17202256 | U23: 15000000 | V23: 20330575 | W23: 19110741 | X23: 17202256 | Y23: 16170121 | Z23: 20330575 | AA23: 19110741 | AB23: 17202256 | AC23: 16170121 | AD23: 17202256 | AE23: 3330000 | AF23: 17202256 | AG23: 2220000 | AH23: 14901267 | AI23: 2220000 | AJ23: 20330575 | AK23: 15000000 | AL23: 20330575 | AM23: 19110741 | AN23: 17611139 | AO23: 16554471 | AP23: 20330575 | AQ23: 15000000 | AR23: 14901267 | AS23: 2220000 | AT23: 20330575 | AU23: 19110741 | AV23: 17202256 | AW23: 3200000 | AX23: 14901267 | AY23: 200000 | AZ23: 15255457 | BA23: 14340130 | BB23: 14901267 | BC23: 14007191 | BD23: 14901267 | BE23: 14007191 | BF23: 14892484 | BG23: 3200000 | BI23: =G23*12.5% -> 3385376.6 | BJ23: =I23*12.5% -> 2862820.2 | BK23: =K23*12.5% -> 2862820.2 | BL23: =M23*12.5% -> 2862820.2 | BM23: =O23*12.5% -> 2862820.2 | BN23: =Q23*12.5% -> 1500000 | BO23: =S23*12.5% -> 2000000 | BP23: =U23*12.5% -> 1875000 | BQ23: =W23*12.5% -> 2388842.6 | BR23: =Y23*12.5% -> 2021265.1 | BS23: =AA23*12.5% -> 2388842.6 | BT23: =AC23*12.5% -> 2021265.1 | BU23: =AE23*12.5% -> 416250 | BV23: =AG23*12.5% -> 277500 | BW23: =AI23*12.5% -> 277500 | BX23: =AK23*12.5% -> 1875000 | BY23: =AM23*12.5% -> 2388842.6 | BZ23: =AO23*12.5% -> 2069308.9 | CA23: =AQ23*12.5% -> 1875000 | CB23: =AS23*12.5% -> 277500 | CC23: =AT23*12.5% -> 2541321.9 | CD23: =AU23*12.5% -> 2388842.6 | CE23: =AW23*12.5% -> 400000 | CF23: =AY23*12.5% -> 25000 | CG23: =BA23*12.5% -> 1792516.2 | CH23: =BC23*12.5% -> 1750898.9 | CI23: =BE23*12.5% -> 1750898.9 | CJ23: =BG23*12.5% -> 400000
B24: B. PIEZAS EN BUSES DE SERVICIO PUBLICO URBANOS | BI24: =G24*12.5% -> 0 | BJ24: =I24*12.5% -> 0 | BK24: =K24*12.5% -> 0 | BL24: =M24*12.5% -> 0 | BM24: =O24*12.5% -> 0 | BN24: =Q24*12.5% -> 0 | BO24: =S24*12.5% -> 0 | BP24: =U24*12.5% -> 0 | BQ24: =W24*12.5% -> 0 | BR24: =Y24*12.5% -> 0 | BS24: =AA24*12.5% -> 0 | BT24: =AC24*12.5% -> 0 | BU24: =AE24*12.5% -> 0 | BV24: =AG24*12.5% -> 0 | BW24: =AI24*12.5% -> 0 | BX24: =AK24*12.5% -> 0 | BY24: =AM24*12.5% -> 0 | BZ24: =AO24*12.5% -> 0 | CA24: =AQ24*12.5% -> 0 | CB24: =AS24*12.5% -> 0 | CC24: =AT24*12.5% -> 0 | CD24: =AU24*12.5% -> 0 | CE24: =AW24*12.5% -> 0 | CF24: =AY24*12.5% -> 0 | CG24: =BA24*12.5% -> 0 | CH24: =BC24*12.5% -> 0 | CI24: =BE24*12.5% -> 0 | CJ24: =BG24*12.5% -> 0
B25: 352 | C25: Servicio de branding interior en buses urbanos (incluye costo de arrendamiento del espacio o tarifa de pauta, la producción de la pieza gráfica, instalación y desinstalación del mismo) de 5 a 7 vinilos adhesivos en la ventana superior más luneta trasera, el tamaño varia según el modelo del bus, costeando el rango de 7 a 15 mts de ancho por 2 de vinilo adhesivo. | D25: 1 - 5 buses | E25: 1 - 5 buses | F25: 8877706 | G25: 8687000 | H25: 8397286 | I25: 7893449 | J25: 8512331 | K25: 8001591 | L25: 8218566 | M25: 7725452 | N25: 7981200 | O25: 6000000 | P25: 7852448 | Q25: 6000000 | R25: 7560584 | S25: 200000 | T25: 7796523 | U25: 6000000 | V25: 7890450 | W25: 7417023 | X25: 8049742 | Y25: 7000000 | Z25: 8141622 | AA25: 6000000 | AB25: 8036895 | AC25: 6000000 | AD25: 7638388 | AE25: 200000 | AF25: 7953233 | AG25: 200000 | AH25: 7299763 | AI25: 200000 | AJ25: 7687170 | AK25: 200000 | AL25: 7849245 | AM25: 5000000 | AN25: 7807428 | AO25: 6000000 | AP25: 7968451 | AQ25: 6000000 | AR25: 7646870 | AS25: 200000 | AT25: 8087782 | AU25: 7602515 | AV25: 8180096 | AW25: 5000000 | AX25: 8007015 | AY25: 200000 | AZ25: 8299381 | BA25: 1200000 | BB25: 7699981 | BC25: 200000 | BD25: 7874167 | BE25: 200000 | BF25: 9018669 | BG25: 200000 | BI25: =G25*12.5% -> 1085875 | BJ25: =I25*12.5% -> 986681.12 | BK25: =K25*12.5% -> 1000198.9 | BL25: =M25*12.5% -> 965681.5 | BM25: =O25*12.5% -> 750000 | BN25: =Q25*12.5% -> 750000 | BO25: =S25*12.5% -> 25000 | BP25: =U25*12.5% -> 750000 | BQ25: =W25*12.5% -> 927127.88 | BR25: =Y25*12.5% -> 875000 | BS25: =AA25*12.5% -> 750000 | BT25: =AC25*12.5% -> 750000 | BU25: =AE25*12.5% -> 25000 | BV25: =AG25*12.5% -> 25000 | BW25: =AI25*12.5% -> 25000 | BX25: =AK25*12.5% -> 25000 | BY25: =AM25*12.5% -> 625000 | BZ25: =AO25*12.5% -> 750000 | CA25: =AQ25*12.5% -> 750000 | CB25: =AS25*12.5% -> 25000 | CC25: =AT25*12.5% -> 1010972.8 | CD25: =AU25*12.5% -> 950314.38 | CE25: =AW25*12.5% -> 625000 | CF25: =AY25*12.5% -> 25000 | CG25: =BA25*12.5% -> 150000 | CH25: =BC25*12.5% -> 25000 | CI25: =BE25*12.5% -> 25000 | CJ25: =BG25*12.5% -> 25000
D26: 6 - 10 buses | E26: 6 - 10 buses | F26: 25607734 | G26: 25585000 | H26: 23966976 | I26: 22528957 | J26: 24295332 | K26: 22837612 | L26: 23456885 | M26: 22049472 | N26: 23021763 | O26: 7000000 | P26: 22650380 | Q26: 15000000 | R26: 21808498 | S26: 200000 | T26: 22489065 | U26: 15000000 | V26: 22759996 | W26: 15000000 | X26: 23219475 | Y26: 15000000 | Z26: 23484501 | AA26: 15000000 | AB26: 23182416 | AC26: 20000000 | AD26: 22032923 | AE26: 200000 | AF26: 22941095 | AG26: 200000 | AH26: 21056160 | AI26: 200000 | AJ26: 22173634 | AK26: 200000 | AL26: 22641140 | AM26: 15000000 | AN26: 22520520 | AO26: 15000000 | AP26: 22984991 | AQ26: 15000000 | AR26: 22057391 | AS26: 200000 | AT26: 23329201 | AU26: 18000000 | AV26: 23595480 | AW26: 15000000 | AX26: 23096227 | AY26: 200000 | AZ26: 23939557 | BA26: 2200000 | BB26: 22210588 | BC26: 200000 | BD26: 22713028 | BE26: 200000 | BF26: 18388360 | BG26: 200000 | BI26: =G26*12.5% -> 3198125 | BJ26: =I26*12.5% -> 2816119.6 | BK26: =K26*12.5% -> 2854701.5 | BL26: =M26*12.5% -> 2756184 | BM26: =O26*12.5% -> 875000 | BN26: =Q26*12.5% -> 1875000 | BO26: =S26*12.5% -> 25000 | BP26: =U26*12.5% -> 1875000 | BQ26: =W26*12.5% -> 1875000 | BR26: =Y26*12.5% -> 1875000 | BS26: =AA26*12.5% -> 1875000 | BT26: =AC26*12.5% -> 2500000 | BU26: =AE26*12.5% -> 25000 | BV26: =AG26*12.5% -> 25000 | BW26: =AI26*12.5% -> 25000 | BX26: =AK26*12.5% -> 25000 | BY26: =AM26*12.5% -> 1875000 | BZ26: =AO26*12.5% -> 1875000 | CA26: =AQ26*12.5% -> 1875000 | CB26: =AS26*12.5% -> 25000 | CC26: =AT26*12.5% -> 2916150.1 | CD26: =AU26*12.5% -> 2250000 | CE26: =AW26*12.5% -> 1875000 | CF26: =AY26*12.5% -> 25000 | CG26: =BA26*12.5% -> 275000 | CH26: =BC26*12.5% -> 25000 | CI26: =BE26*12.5% -> 25000 | CJ26: =BG26*12.5% -> 25000
D27: 11 - 20 buses | E27: 11 - 20 buses | F27: 49751360 | G27: 49742000 | H27: 46812663 | I27: 44003903 | J27: 47454012 | K27: 44606771 | L27: 45816345 | M27: 43067364 | N27: 44727270 | O27: 10000000 | P27: 44005737 | Q27: 18000000 | R27: 42370107 | S27: 200000 | T27: 43692330 | U27: 22000000 | V27: 44218703 | W27: 22000000 | X27: 45111390 | Y27: 22000000 | Z27: 45626289 | AA27: 22000000 | AB27: 45039390 | AC27: 22000000 | AD27: 42806127 | AE27: 200000 | AF27: 44570546 | AG27: 200000 | AH27: 37784178 | AI27: 200000 | AJ27: 39657673 | AK27: 200000 | AL27: 40359724 | AM27: 24000000 | AN27: 40011778 | AO27: 20000000 | AP27: 40701772 | AQ27: 20000000 | AR27: 38929845 | AS27: 200000 | AT27: 41038166 | AU27: 20000000 | AV27: 41369133 | AW27: 22000000 | AX27: 40359724 | AY27: 200000 | AZ27: 41694888 | BA27: 5000000 | BB27: 38555496 | BC27: 200000 | BD27: 39297129 | BE27: 200000 | BF27: 36490879 | BG27: 200000 | BI27: =G27*12.5% -> 6217750 | BJ27: =I27*12.5% -> 5500487.9 | BK27: =K27*12.5% -> 5575846.4 | BL27: =M27*12.5% -> 5383420.5 | BM27: =O27*12.5% -> 1250000 | BN27: =Q27*12.5% -> 2250000 | BO27: =S27*12.5% -> 25000 | BP27: =U27*12.5% -> 2750000 | BQ27: =W27*12.5% -> 2750000 | BR27: =Y27*12.5% -> 2750000 | BS27: =AA27*12.5% -> 2750000 | BT27: =AC27*12.5% -> 2750000 | BU27: =AE27*12.5% -> 25000 | BV27: =AG27*12.5% -> 25000 | BW27: =AI27*12.5% -> 25000 | BX27: =AK27*12.5% -> 25000 | BY27: =AM27*12.5% -> 3000000 | BZ27: =AO27*12.5% -> 2500000 | CA27: =AQ27*12.5% -> 2500000 | CB27: =AS27*12.5% -> 25000 | CC27: =AT27*12.5% -> 5129770.8 | CD27: =AU27*12.5% -> 2500000 | CE27: =AW27*12.5% -> 2750000 | CF27: =AY27*12.5% -> 25000 | CG27: =BA27*12.5% -> 625000 | CH27: =BC27*12.5% -> 25000 | CI27: =BE27*12.5% -> 25000 | CJ27: =BG27*12.5% -> 25000
B28: 353 | C28: Servicio de branding interior en buses urbanos (incluye costo de arrendamiento del espacio o tarifa de pauta, la producción de la pieza gráfica, instalación y desinstalación del mismo) separadores laterales de 52x65 o 52x52 cm en vinilo adhesivo. Dado el caso debe incluir mamparas. | D28: 1 - 5 buses | E28: 1 - 5 buses | F28: 2127179 | G28: 2013000 | H28: 1962873 | I28: 1845101 | J28: 2020637 | K28: 1899399 | L28: 1932670 | M28: 1816710 | N28: 1941222 | O28: 1700000 | P28: 1906550 | Q28: 1700000 | R28: 1806073 | S28: 200000 | T28: 1889274 | U28: 1700000 | V28: 1932013 | W28: 1816092 | X28: 1973683 | Y28: 1800000 | Z28: 2014389 | AA28: 1700000 | AB28: 1986820 | AC28: 1700000 | AD28: 1800489 | AE28: 200000 | AF28: 1927249 | AG28: 200000 | AH28: 1768247 | AI28: 200000 | AJ28: 1901264 | AK28: 200000 | AL28: 1983963 | AM28: 1800000 | AN28: 1952988 | AO28: 1835809 | AP28: 2033488 | AQ28: 1911479 | AR28: 1885651 | AS28: 200000 | AT28: 2047022 | AU28: 1924201 | AV28: 2089241 | AW28: 2000000 | AX28: 2023841 | AY28: 200000 | AZ28: 2137630 | BA28: 1200000 | BB28: 1873596 | BC28: 200000 | BD28: 1923552 | BE28: 200000 | BF28: 1630442 | BG28: 200000 | BI28: =G28*12.5% -> 251625 | BJ28: =I28*12.5% -> 230637.62 | BK28: =K28*12.5% -> 237424.88 | BL28: =M28*12.5% -> 227088.75 | BM28: =O28*12.5% -> 212500 | BN28: =Q28*12.5% -> 212500 | BO28: =S28*12.5% -> 25000 | BP28: =U28*12.5% -> 212500 | BQ28: =W28*12.5% -> 227011.5 | BR28: =Y28*12.5% -> 225000 | BS28: =AA28*12.5% -> 212500 | BT28: =AC28*12.5% -> 212500 | BU28: =AE28*12.5% -> 25000 | BV28: =AG28*12.5% -> 25000 | BW28: =AI28*12.5% -> 25000 | BX28: =AK28*12.5% -> 25000 | BY28: =AM28*12.5% -> 225000 | BZ28: =AO28*12.5% -> 229476.12 | CA28: =AQ28*12.5% -> 238934.88 | CB28: =AS28*12.5% -> 25000 | CC28: =AT28*12.5% -> 255877.75 | CD28: =AU28*12.5% -> 240525.12 | CE28: =AW28*12.5% -> 250000 | CF28: =AY28*12.5% -> 25000 | CG28: =BA28*12.5% -> 150000 | CH28: =BC28*12.5% -> 25000 | CI28: =BE28*12.5% -> 25000 | CJ28: =BG28*12.5% -> 25000
D29: 6 - 10 buses | E29: 6 - 10 buses | F29: 6135846 | G29: 6069000 | H29: 5809033 | I29: 5460491 | J29: 5979984 | K29: 5621185 | L29: 5719649 | M29: 5376470 | N29: 5599453 | O29: 5000000 | P29: 5499441 | Q29: 5000000 | R29: 5209616 | S29: 200000 | T29: 5449610 | U29: 5000000 | V29: 5572889 | W29: 5238516 | X29: 5693088 | Y29: 5000000 | Z29: 5810504 | AA29: 5000000 | AB29: 5730979 | AC29: 5000000 | AD29: 5193507 | AE29: 200000 | AF29: 5559147 | AG29: 200000 | AH29: 5100508 | AI29: 200000 | AJ29: 5484194 | AK29: 200000 | AL29: 5722741 | AM29: 4700000 | AN29: 5633392 | AO29: 5295388 | AP29: 5865594 | AQ29: 5513658 | AR29: 5439158 | AS29: 200000 | AT29: 5904633 | AU29: 5550355 | AV29: 6026412 | AW29: 5000000 | AX29: 5837768 | AY29: 200000 | AZ29: 6165991 | BA29: 2200000 | BB29: 5404385 | BC29: 200000 | BD29: 5548485 | BE29: 200000 | BF29: 3324344 | BG29: 200000 | BI29: =G29*12.5% -> 758625 | BJ29: =I29*12.5% -> 682561.38 | BK29: =K29*12.5% -> 702648.12 | BL29: =M29*12.5% -> 672058.75 | BM29: =O29*12.5% -> 625000 | BN29: =Q29*12.5% -> 625000 | BO29: =S29*12.5% -> 25000 | BP29: =U29*12.5% -> 625000 | BQ29: =W29*12.5% -> 654814.5 | BR29: =Y29*12.5% -> 625000 | BS29: =AA29*12.5% -> 625000 | BT29: =AC29*12.5% -> 625000 | BU29: =AE29*12.5% -> 25000 | BV29: =AG29*12.5% -> 25000 | BW29: =AI29*12.5% -> 25000 | BX29: =AK29*12.5% -> 25000 | BY29: =AM29*12.5% -> 587500 | BZ29: =AO29*12.5% -> 661923.5 | CA29: =AQ29*12.5% -> 689207.25 | CB29: =AS29*12.5% -> 25000 | CC29: =AT29*12.5% -> 738079.12 | CD29: =AU29*12.5% -> 693794.38 | CE29: =AW29*12.5% -> 625000 | CF29: =AY29*12.5% -> 25000 | CG29: =BA29*12.5% -> 275000 | CH29: =BC29*12.5% -> 25000 | CI29: =BE29*12.5% -> 25000 | CJ29: =BG29*12.5% -> 25000
D30: 11 - 20 buses | E30: 11 - 20 buses | F30: 11284355 | G30: 11186000 | H30: 10412739 | I30: 9787975 | J30: 10719170 | K30: 10076020 | L30: 10252517 | M30: 9637366 | N30: 9748021 | O30: 9000000 | P30: 9573912 | Q30: 9000000 | R30: 9069359 | S30: 200000 | T30: 9487161 | U30: 7000000 | V30: 9701777 | W30: 9119670 | X30: 9911029 | Y30: 9000000 | Z30: 10115438 | AA30: 9000000 | AB30: 9976993 | AC30: 9000000 | AD30: 9041315 | AE30: 200000 | AF30: 9677853 | AG30: 200000 | AH30: 8879414 | AI30: 200000 | AJ30: 9547367 | AK30: 200000 | AL30: 9962651 | AM30: 8900000 | AN30: 9807106 | AO30: 9218680 | AP30: 10211343 | AQ30: 9598662 | AR30: 9468966 | AS30: 200000 | AT30: 10279306 | AU30: 9662548 | AV30: 10491310 | AW30: 9000000 | AX30: 10162901 | AY30: 200000 | AZ30: 10734300 | BA30: 5000000 | BB30: 9408429 | BC30: 200000 | BD30: 9659292 | BE30: 200000 | BF30: 5647196 | BG30: 200000 | BI30: =G30*12.5% -> 1398250 | BJ30: =I30*12.5% -> 1223496.9 | BK30: =K30*12.5% -> 1259502.5 | BL30: =M30*12.5% -> 1204670.8 | BM30: =O30*12.5% -> 1125000 | BN30: =Q30*12.5% -> 1125000 | BO30: =S30*12.5% -> 25000 | BP30: =U30*12.5% -> 875000 | BQ30: =W30*12.5% -> 1139958.8 | BR30: =Y30*12.5% -> 1125000 | BS30: =AA30*12.5% -> 1125000 | BT30: =AC30*12.5% -> 1125000 | BU30: =AE30*12.5% -> 25000 | BV30: =AG30*12.5% -> 25000 | BW30: =AI30*12.5% -> 25000 | BX30: =AK30*12.5% -> 25000 | BY30: =AM30*12.5% -> 1112500 | BZ30: =AO30*12.5% -> 1152335 | CA30: =AQ30*12.5% -> 1199832.8 | CB30: =AS30*12.5% -> 25000 | CC30: =AT30*12.5% -> 1284913.2 | CD30: =AU30*12.5% -> 1207818.5 | CE30: =AW30*12.5% -> 1125000 | CF30: =AY30*12.5% -> 25000 | CG30: =BA30*12.5% -> 625000 | CH30: =BC30*12.5% -> 25000 | CI30: =BE30*12.5% -> 25000 | CJ30: =BG30*12.5% -> 25000
B31: 354 | C31: Servicio proyección de video (sin sonido) en buses urbanos que cuenten con pantallas laterales superior derecho o izquierdo. Medidas de pantalla: 2.80X 80 - VIDEO: 2430X780 MP4 OO WMV. Duración: 1 minuto. Exibición aproximada de 11 horas al día. | D31: 1 - 5 buses | E31: 1 - 5 buses | F31: 2320258 | G31: 2261000 | H31: 2235809 | I31: 2101660 | J31: 2278816 | K31: 2142087 | L31: 2191081 | M31: 2059616 | N31: 4575647 | O31: 2000000 | P31: 4471619 | Q31: 200000 | R31: 4275925 | S31: 200000 | T31: 4406136 | U31: 1000000 | V31: 4487766 | W31: 200000 | X31: 4589287 | Y31: 2000000 | Z31: 4646780 | AA31: 2000000 | AB31: 4598344 | AC31: 2000000 | AD31: 4312857 | AE31: 200000 | AF31: 4517632 | AG31: 200000 | AH31: 4265378 | AI31: 200000 | AJ31: 4501291 | AK31: 200000 | AL31: 4608439 | AM31: 1000000 | AN31: 4577967 | AO31: 200000 | AP31: 4684154 | AQ31: 200000 | AR31: 4464328 | AS31: 200000 | AT31: 4759817 | AU31: 200000 | AV31: 4841058 | AW31: 200000 | AX31: 4677911 | AY31: 200000 | AZ31: 4894842 | BA31: 200000 | BB31: 4487977 | BC31: 200000 | BD31: 4604109 | BE31: 200000 | BF31: 3015236 | BG31: 200000 | BI31: =G31*12.5% -> 282625 | BJ31: =I31*12.5% -> 262707.5 | BK31: =K31*12.5% -> 267760.88 | BL31: =M31*12.5% -> 257452 | BM31: =O31*12.5% -> 250000 | BN31: =Q31*12.5% -> 25000 | BO31: =S31*12.5% -> 25000 | BP31: =U31*12.5% -> 125000 | BQ31: =W31*12.5% -> 25000 | BR31: =Y31*12.5% -> 250000 | BS31: =AA31*12.5% -> 250000 | BT31: =AC31*12.5% -> 250000 | BU31: =AE31*12.5% -> 25000 | BV31: =AG31*12.5% -> 25000 | BW31: =AI31*12.5% -> 25000 | BX31: =AK31*12.5% -> 25000 | BY31: =AM31*12.5% -> 125000 | BZ31: =AO31*12.5% -> 25000 | CA31: =AQ31*12.5% -> 25000 | CB31: =AS31*12.5% -> 25000 | CC31: =AT31*12.5% -> 594977.12 | CD31: =AU31*12.5% -> 25000 | CE31: =AW31*12.5% -> 25000 | CF31: =AY31*12.5% -> 25000 | CG31: =BA31*12.5% -> 25000 | CH31: =BC31*12.5% -> 25000 | CI31: =BE31*12.5% -> 25000 | CJ31: =BG31*12.5% -> 25000
D32: 6 - 10 buses | E32: 6 - 10 buses | F32: 6558891 | G32: 6545000 | H32: 6176481 | I32: 5805892 | J32: 6295289 | K32: 5917572 | L32: 6052918 | M32: 5689743 | N32: 12675652 | O32: 2000000 | P32: 12387468 | Q32: 200000 | R32: 11845350 | S32: 200000 | T32: 12206066 | U32: 1000000 | V32: 12432201 | W32: 200000 | X32: 12713438 | Y32: 2000000 | Z32: 12872707 | AA32: 2000000 | AB32: 12738527 | AC32: 2000000 | AD32: 11947660 | AE32: 200000 | AF32: 12514936 | AG32: 200000 | AH32: 11816133 | AI32: 200000 | AJ32: 12469669 | AK32: 200000 | AL32: 12766495 | AM32: 1000000 | AN32: 12682080 | AO32: 200000 | AP32: 12976243 | AQ32: 200000 | AR32: 12367270 | AS32: 200000 | AT32: 13185847 | AU32: 200000 | AV32: 13410905 | AW32: 200000 | AX32: 12958947 | AY32: 200000 | AZ32: 13559899 | BA32: 200000 | BB32: 12432783 | BC32: 200000 | BD32: 12754499 | BE32: 200000 | BF32: 5792350 | BG32: 200000 | BI32: =G32*12.5% -> 818125 | BJ32: =I32*12.5% -> 725736.5 | BK32: =K32*12.5% -> 739696.5 | BL32: =M32*12.5% -> 711217.88 | BM32: =O32*12.5% -> 250000 | BN32: =Q32*12.5% -> 25000 | BO32: =S32*12.5% -> 25000 | BP32: =U32*12.5% -> 125000 | BQ32: =W32*12.5% -> 25000 | BR32: =Y32*12.5% -> 250000 | BS32: =AA32*12.5% -> 250000 | BT32: =AC32*12.5% -> 250000 | BU32: =AE32*12.5% -> 25000 | BV32: =AG32*12.5% -> 25000 | BW32: =AI32*12.5% -> 25000 | BX32: =AK32*12.5% -> 25000 | BY32: =AM32*12.5% -> 125000 | BZ32: =AO32*12.5% -> 25000 | CA32: =AQ32*12.5% -> 25000 | CB32: =AS32*12.5% -> 25000 | CC32: =AT32*12.5% -> 1648230.9 | CD32: =AU32*12.5% -> 25000 | CE32: =AW32*12.5% -> 25000 | CF32: =AY32*12.5% -> 25000 | CG32: =BA32*12.5% -> 25000 | CH32: =BC32*12.5% -> 25000 | CI32: =BE32*12.5% -> 25000 | CJ32: =BG32*12.5% -> 25000
D33: 11 - 20 buses | E33: 11 - 20 buses | F33: 12698381 | G33: 12614000 | H33: 12038814 | I33: 11316485 | J33: 12270386 | K33: 11534163 | L33: 11797973 | M33: 11090095 | N33: 24455264 | O33: 2000000 | P33: 23899269 | Q33: 200000 | R33: 22853354 | S33: 200000 | T33: 23549287 | U33: 1000000 | V33: 23985572 | W33: 200000 | X33: 24528165 | Y33: 2000000 | Z33: 24835444 | AA33: 2000000 | AB33: 24576570 | AC33: 2000000 | AD33: 23050743 | AE33: 200000 | AF33: 24145194 | AG33: 200000 | AH33: 22796985 | AI33: 200000 | AJ33: 24057859 | AK33: 200000 | AL33: 24630529 | AM33: 1000000 | AN33: 24467666 | AO33: 200000 | AP33: 25035198 | AQ33: 200000 | AR33: 23860300 | AS33: 200000 | AT33: 25439590 | AU33: 200000 | AV33: 25873796 | AW33: 200000 | AX33: 25001829 | AY33: 200000 | AZ33: 26161251 | BA33: 200000 | BB33: 23986696 | BC33: 200000 | BD33: 24607384 | BE33: 200000 | BF33: 11448642 | BG33: 200000 | BI33: =G33*12.5% -> 1576750 | BJ33: =I33*12.5% -> 1414560.6 | BK33: =K33*12.5% -> 1441770.4 | BL33: =M33*12.5% -> 1386261.9 | BM33: =O33*12.5% -> 250000 | BN33: =Q33*12.5% -> 25000 | BO33: =S33*12.5% -> 25000 | BP33: =U33*12.5% -> 125000 | BQ33: =W33*12.5% -> 25000 | BR33: =Y33*12.5% -> 250000 | BS33: =AA33*12.5% -> 250000 | BT33: =AC33*12.5% -> 250000 | BU33: =AE33*12.5% -> 25000 | BV33: =AG33*12.5% -> 25000 | BW33: =AI33*12.5% -> 25000 | BX33: =AK33*12.5% -> 25000 | BY33: =AM33*12.5% -> 125000 | BZ33: =AO33*12.5% -> 25000 | CA33: =AQ33*12.5% -> 25000 | CB33: =AS33*12.5% -> 25000 | CC33: =AT33*12.5% -> 3179948.8 | CD33: =AU33*12.5% -> 25000 | CE33: =AW33*12.5% -> 25000 | CF33: =AY33*12.5% -> 25000 | CG33: =BA33*12.5% -> 25000 | CH33: =BC33*12.5% -> 25000 | CI33: =BE33*12.5% -> 25000 | CJ33: =BG33*12.5% -> 25000
B34: TOTAL | F34: 411794332 | G34: 307331656 | H34: 358430327 | I34: 267671920 | J34: 361081582 | K34: 290864253 | L34: 357334313 | M34: 284040981 | N34: 357582831 | O34: 154950948 | P34: 343550162 | Q34: 189518942 | R34: 292816217 | S34: 123619217 | T34: 297420385 | U34: 163098386 | V34: 345992277 | W34: 195561227 | X34: 321498104 | Y34: 203659819 | Z34: 351706446 | AA34: 213454081 | AB34: 322583409 | AC34: 203271362 | AD34: 296488738 | AE34: 56395272 | AF34: 321537738 | AG34: 58944056 | AH34: 263934982 | AI34: 50961415 | AJ34: 322471023 | AK34: 94091002 | AL34: 326028939 | AM34: 166362047 | AN34: 294827785 | AO34: 134600130 | AP34: 328996584 | AQ34: 136966908 | AR34: 285457734 | AS34: 53719806 | AT34: 354085044 | AU34: 219718393 | AV34: 327733758 | AW34: 118798608 | AX34: 278492016 | AY34: 28400000 | AZ34: 286498406 | BA34: 104200799 | BB34: 274572558 | BC34: 85103552 | BD34: 289209594 | BE34: 85710049 | BF34: 303172303 | BG34: 86111593 | BI34: =G34*12.5% -> 38416457 | BJ34: =I34*12.5% -> 33458990 | BK34: =K34*12.5% -> 36358032 | BL34: =M34*12.5% -> 35505123 | BM34: =O34*12.5% -> 19368868 | BN34: =Q34*12.5% -> 23689868 | BO34: =S34*12.5% -> 15452402 | BP34: =U34*12.5% -> 20387298 | BQ34: =W34*12.5% -> 24445153 | BR34: =Y34*12.5% -> 25457477 | BS34: =AA34*12.5% -> 26681760 | BT34: =AC34*12.5% -> 25408920 | BU34: =AE34*12.5% -> 7049409 | BV34: =AG34*12.5% -> 7368007 | BW34: =AI34*12.5% -> 6370176.9 | BX34: =AK34*12.5% -> 11761375 | BY34: =AM34*12.5% -> 20795256 | BZ34: =AO34*12.5% -> 16825016 | CA34: =AQ34*12.5% -> 17120864 | CB34: =AS34*12.5% -> 6714975.8 | CC34: =AT34*12.5% -> 44260630 | CD34: =AU34*12.5% -> 27464799 | CE34: =AW34*12.5% -> 14849826 | CF34: =AY34*12.5% -> 3550000 | CG34: =BA34*12.5% -> 13025100 | CH34: =BC34*12.5% -> 10637944 | CI34: =BE34*12.5% -> 10713756 | CJ34: =BG34*12.5% -> 10763949
D38: SUMATORIA | E38: =SUM(G34,I34,K34,M34,O34,Q34,S34,U34,W34,Y34,AA34,AC34,AE34,AG34,AI34,AK34,AM34,AO34,AQ34,AS34,AU34,AW34,AY34,BA34,BC34,BE34,BG34) -> 4077126422 | BI38: =SUM(BJ34,BK34,BL34,BM34,BN34,BO34,BP34,BQ34,BR34,BS34,BT34,BU34,BV34,BW34,BX34,BY34,BZ34,CA34,CB34,CD34,CE34,CF34,CG34,CH34,CI34,CJ34,CL34+BI34) -> 5.096408e+08

Sheet V. ITEMS GENERALES
C1: FORMATO ECONÓMICO
B2: V. CUADRO ITEMS - GENERALES
F3: OFERTA INICIAL | H3: OFERTA DESPUÉS DE DESCUENTO
B4: ITEM | C4: DESCRIPCIÓN | D4: CANTIDAD | E4: TIEMPO | F4: PRESUPUESTO ESTIMADO | G4: OFERTA ECONOMICA | H4: OFERTA ECONOMICA
B5: A. DIFUSIÓN EN RADIO NACIONAL
B6: 181 | C6: PROGRAMA RADIAL EN -RTVC- SISTEMA DE MEDIOS PÚBLICOS- En las 73 frecuencias de Radio Nacional de Colombia. Con una frecuencia semanal en el espacio de servicio establecido entre las 02:00 p. m. y las 04:00 p.m. Este espacio debe contar con un lugar físico (cabina), dotado con 5 micrófonos para la transmisión, 5 sillas, control master, audífonos, equipos de audio y video (con sus respectivos operadores) para que el contenido radial quede disponible para redes sociales como Youtube, Facebook e Instagram, también en el programa de Adobe Autidion. Se deberá entregar una copia del programa en vídeo. La Unidad de Búsqueda asume la producción de los contenidos y el talento que realizará el programa. La realización de este producto será en Bogotá. Programa en vivo. | D6: 1 | E6: 60 minutos | F6: 21711932 | G6: 21277693 | H6: =G6*12.5% -> 2659711.6
D7: 1 | E7: 30 minutos | F7: 12964721 | G7: 12705427 | H7: =G7*12.5% -> 1588178.4
B8: 182 | C8: PROGRAMA RADIAL EN -RTVC- SISTEMA DE MEDIOS PÚBLICOS: En las 73 frecuencias de Radio Nacional de Colombia. Con una frecuencia semanal en el espacio de servicio establecido entre las 02:00 p. m. y las 04:00 p.m. Este espacio debe contar con un lugar físico (cabina), dotado con 5 micrófonos para la transmisión, 5 sillas, control master, equipos de audio y video (con sus respectivos operadores) para que el contenido radial quede disponible para redes sociales como Youtube, Facebook e Instagram, también en el programa de Adobe Autidion. La Unidad de Búsqueda asume la producción de los contenidos y el talento que realizará el programa. La realización de este producto será en Bogotá. Programa pregrabado, se entrega listo para emisíon. | D8: 1 | E8: 60 minutos | F8: 20758815 | G8: 20343639 | H8: =G8*12.5% -> 2542954.9
D9: 1 | E9: 30 minutos | F9: 12833667 | G9: 12576994 | H9: =G9*12.5% -> 1572124.2
B10: 183 | C10: PROGRAMA RADIAL EN ESTUDIO. Este contenido que se emitirá semanalmente deberá estar dotado con 5 micrófonos para la transmisión, 5 sillas, control master, equipos de audio y video (con sus respectivos operadores) para que el contenido radial quede disponible para redes sociales como Youtube, Facebook e Instagram, también en el programa de Adobe Autidion. La Unidad de Búsqueda asume la producción de los contenidos y el talento que realizará el programa. La realización de este producto será en Bogotá. Programa pregrabado, se entrega listo para emisíon. | D10: 1 | E10: 60 minutos | F10: 12553037 | G10: 12301976 | H10: =G10*12.5% -> 1537747
D11: 1 | E11: 30 minutos | F11: 7984735 | G11: 7825040 | H11: =G11*12.5% -> 978130
B12: 184 | C12: PROGRAMA RADIAL EN ESTUDIO EMISORAS COMUNITARIAS. Con una frecuencia semanal. Este espacio debe contar con un lugar físico (cabina), dotado con 5 micrófonos para la transmisión, 5 sillas, control master, audífonos, equipos de audio y video (con sus respectivos operadores) para que el contenido radial quede disponible para redes sociales como Youtube, Facebook e Instagram, también en el programa de Adobe Autidion. Se deberá entregar una copia del programa en vídeo. La Unidad de Búsqueda asume la producción de los contenidos y el talento que realizará el programa. La realización de este producto será en Bogotá. Programa en vivo. | D12: 1 | E12: 60 minutos | F12: 32965891 | G12: 10000000 | H12: =G12*12.5% -> 1250000
D13: 1 | E13: 30 minutos | F13: 20106491 | G13: 8000000 | H13: =G13*12.5% -> 1000000
B14: 185 | C14: PROGRAMA RADIAL EN ESTUDIO EMISORAS COMUNITARIAS. Con una frecuencia semanal. Este espacio debe contar con un lugar físico (cabina), dotado con 5 micrófonos para la transmisión, 5 sillas, control master, audífonos, equipos de audio y video (con sus respectivos operadores) para que el contenido radial quede disponible para redes sociales como Youtube, Facebook e Instagram. Se deberá entregar una copia del programa en vídeo. La Unidad de Búsqueda asume la producción de los contenidos y el talento que realizará el programa. La realización de este producto será en Bogotá. Programa pregrabado. | D14: 1 | E14: 60 minutos | F14: 37004121 | G14: 10000000 | H14: =G14*12.5% -> 1250000
D15: 1 | E15: 30 minutos | F15: 28015621 | G15: 8000000 | H15: =G15*12.5% -> 1000000
B16: 186 | C16: PROGRAMA RADIAL EN ESTUDIO EMISORAS COMERCIALES (BLU RADIO, LA FM, CARACOL RADIO). Con una frecuencia semanal. La Unidad de Búsqueda asume la producción de los contenidos y el talento que realizará el programa. La emisión de este producto será en frecuencia nacional desde Bogotá. Programa pregrabado. | D16: 1 | E16: 60 minutos | F16: 58244054 | G16: 40000000 | H16: =G16*12.5% -> 5000000
D17: 1 | E17: 30 minutos | F17: 31468951 | G17: 30839572 | H17: =G17*12.5% -> 3854946.5
B18: 187 | C18: PROGRAMA RADIAL EN -RTVC- SISTEMA DE MEDIOS PÚBLICOS- En las 73 frecuencias de Radio Nacional de Colombia. Con una frecuencia semanal en el espacio de servicio establecido entre las 02:00 p. m. y las 04:00 p.m. Este contenido se hará desde un lugar público (parques, plazas de mercado), dotado con 5 micrófonos para la transmisión, 5 sillas, control master, audífonos, equipos de audio y video (con sus respectivos operadores) para que el contenido radial quede disponible para redes sociales como Youtube, Facebook e Instagram. Se deberá entregar una copia del programa en vídeo. La Unidad de Búsqueda asume la producción de los contenidos y el talento que realizará el programa. La realización de este producto será en Bogotá. Programa en vivo. | D18: 1 | E18: 60 minutos | F18: 42437996 | G18: 32000000 | H18: =G18*12.5% -> 4000000
D19: 1 | E19: 30 minutos | F19: 25202275 | G19: 24698230 | H19: =G19*12.5% -> 3087278.8
B20: 188 | C20: PROGRAMA RADIAL EN -RTVC- SISTEMA DE MEDIOS PÚBLICOS- En las 73 frecuencias de Radio Nacional de Colombia. Con una frecuencia semanal en el espacio de servicio establecido entre las 02:00 p. m. y las 04:00 p.m. Este contenido se hará desde un lugar público (parques, plazas de mercado), dotado con 5 micrófonos para la transmisión, 5 sillas, control master, audífonos, equipos de audio y video (con sus respectivos operadores) para que el contenido radial quede disponible para redes sociales como Youtube, Facebook e Instagram. Se deberá entregar una copia del programa en vídeo. La Unidad de Búsqueda asume la producción de los contenidos y el talento que realizará el programa. La realización de este producto será en Bogotá. Programa pregrabado. | D20: 1 | E20: 60 minutos | F20: 24570096 | G20: 24078694 | H20: =G20*12.5% -> 3009836.8
D21: 1 | E21: 30 minutos | F21: 14717218 | G21: 14422874 | H21: =G21*12.5% -> 1802859.2
B22: 189 | C22: PROGRAMA RADIAL. Este contenido se hará desde un lugar público (parques, plazas de mercado), dotado con 5 micrófonos para la transmisión, 5 sillas, control master, audífonos, equipos de audio y video (con sus respectivos operadores) para que el contenido radial quede disponible para redes sociales como Youtube, Facebook e Instagram. Se deberá entregar una copia del programa en vídeo. La Unidad de Búsqueda asume la producción de los contenidos y el talento que realizará el programa. La realización de este producto será en Bogotá. Programa pregrabado. | D22: 1 | E22: 60 minutos | F22: 47819485 | G22: 20000000 | H22: =G22*12.5% -> 2500000
D23: 1 | E23: 30 minutos | F23: 32535997 | G23: 15000000 | H23: =G23*12.5% -> 1875000
B24: 190 | C24: PROGRAMA RADIAL EN -RTVC- SISTEMA DE MEDIOS PÚBLICOS- En las 73 frecuencias de Radio Nacional de Colombia. Con una frecuencia semanal en el espacio de servicio establecido entre las 02:00 p. m. y las 04:00 p.m. Este espacio debe contar con un lugar físico (cabina), dotado con 5 micrófonos para la transmisión, 5 sillas, control master, audífonos, equipos de audio y video (con sus respectivos operadores) para que el contenido radial quede disponible para redes sociales como Youtube, Facebook e Instagram. Se deberá entregar una copia del programa en vídeo. La Unidad de Búsqueda asume la producción de los contenidos y el talento que realizará el programa. La realización de este producto será en las ciudades y/o 8 municipios más cercanos en los que la Unidad de Búsqueda tiene sede. Programa en vivo. | D24: 1 | E24: 60 minutos | F24: 54438656 | G24: 32663194 | H24: =G24*12.5% -> 4082899.2
D25: 1 | E25: 30 minutos | F25: 46198011 | G25: 36958409 | H25: =G25*12.5% -> 4619801.1
B26: 191 | C26: PROGRAMA RADIAL EN -RTVC- SISTEMA DE MEDIOS PÚBLICOS- En las 73 frecuencias de Radio Nacional de Colombia. Con una frecuencia semanal en el espacio de servicio establecido entre las 02:00 p. m. y las 04:00 p.m. Este espacio debe contar con un lugar físico (cabina), dotado con 5 micrófonos para la transmisión, 5 sillas, control master, audífonos, equipos de audio y video (con sus respectivos operadores) para que el contenido radial quede disponible para redes sociales como Youtube, Facebook e Instagram. Se deberá entregar una copia del programa en vídeo. La Unidad de Búsqueda asume la producción de los contenidos y el talento que realizará el programa. La realización de este producto será en las ciudades y/o 8 municipios más cercanos en los que la Unidad de Búsqueda tiene sede. Programa pregrabado. | D26: 1 | E26: 60 minutos | F26: 46772083 | G26: 37417666 | H26: =G26*12.5% -> 4677208.2
D27: 1 | E27: 30 minutos | F27: 31155820 | G27: 30532704 | H27: =G27*12.5% -> 3816588
B28: 192 | C28: PROGRAMA RADIAL Con una frecuencia semanal. El programa se grabará en un lugar exterior (plazas, parques), dotado con 5 micrófonos para la transmisión, 5 sillas, control master, audífonos, equipos de audio y video (con sus respectivos operadores) para que el contenido radial quede disponible para redes sociales como Youtube, Facebook e Instagram. Se deberá entregar una copia del programa en vídeo. La Unidad de Búsqueda asume la producción de los contenidos y el talento que realizará el programa. La realización de este producto será en las ciudades y/o 8 municipios más cercanos en los que la Unidad de Búsqueda tiene sede. Programa pregrabado. | D28: 1 | E28: 60 minutos | F28: 46975000 | G28: 20000000 | H28: =G28*12.5% -> 2500000
D29: 1 | E29: 30 minutos | F29: 32212248 | G29: 15000000 | H29: =G29*12.5% -> 1875000
B30: 193 | C30: PROGRAMA RADIAL EN EMISORAS COMUNITARIAS Con una frecuencia semanal en el espacio que establezca el emdio de comunicación. El programa se emitirá en cabina, dotado con 5 micrófonos para la transmisión, 5 sillas, control master, audífonos, equipos de audio y video (con sus respectivos operadores) para que el contenido radial quede disponible para redes sociales como Youtube, Facebook e Instagram. Se deberá entregar una copia del programa en vídeo. La Unidad de Búsqueda asume la producción de los contenidos y el talento que realizará el programa. La realización de este producto será en las ciudades y/o 8 municipios más cercanos en los que la Unidad de Búsqueda tiene sede. Programa pregrabado, se entrega listo para la emisión. | D30: 1 | E30: 60 minutos | F30: 28406194 | G30: 25000000 | H30: =G30*12.5% -> 3125000
D31: 1 | E31: 30 Minutos | F31: 20041527 | G31: 18000000 | H31: =G31*12.5% -> 2250000
B32: 194 | C32: PROGRAMA RADIAL EN EMISORAS COMERCIALES Con una frecuencia semanal en el espacio que establezca el emdio de comunicación. El programa se emitirá en cabina, dotado con 5 micrófonos para la transmisión, 5 sillas, control master, audífonos, equipos de audio y video (con sus respectivos operadores) para que el contenido radial quede disponible para redes sociales como Youtube, Facebook e Instagram. Se deberá entregar una copia del programa en vídeo. La Unidad de Búsqueda asume la producción de los contenidos y el talento que realizará el programa. La realización de este producto será en las ciudades y/o 8 municipios más cercanos en los que la Unidad de Búsqueda tiene sede. Programa pregrabado, se entrega listo para la emisión. | D32: 1 | E32: 60 minutos | F32: 58369181 | G32: 30000000 | H32: =G32*12.5% -> 3750000
D33: 1 | E33: 30 Minutos | F33: 32212248 | G33: 17000000 | H33: =G33*12.5% -> 2125000
B34: 195 | C34: Grabación, producción y difusión de promo de 1 minuto presentando el Programa "La Búsqueda Repara". Esta debe ser un mensaje específico para los territorios donde estará dirigido el programa que será en 25 departamentos del país. | D34: 1 | E34: 1 minuto | F34: 16129723 | G34: 3000000 | H34: =G34*12.5% -> 375000
B35: 196 | C35: Producción (grabación a 3 cámaras full HD) y Posproducción (edición) audiovisual de programa de radio. Edición y montaje del programa de radio en vídeo. Entregar versión editable y un vídeo exportado listo para emitir. | D35: 1 | E35: 30 minutos | F35: 9230450 | G35: 7900000 | H35: =G35*12.5% -> 987500
D36: 1 | E36: 60 minutos | F36: 7904485 | G36: 7746395 | H36: =G36*12.5% -> 968299.38
B37: 197 | C37: Posproducción (solo edición) audiovisual de programa de radio. Edición y montaje del programa de radio en vídeo. Entregar versión editable y un vídeo exportado listo para emitir. | D37: 1 | E37: 30 minutos | F37: 6974565 | G37: 1000000 | H37: =G37*12.5% -> 125000
D38: 1 | E38: 60 minutos | F38: 5881470 | G38: 3000000 | H38: =G38*12.5% -> 375000
B39: B. PRODUCCIÓN AUDIOVISUAL PARA LA CONSTRUCCIÓN DE PIEZAS AUDIOVISUALES DE ALTO IMPACTO E INVERSIÓN
B40: 198 | C40: 1 Video formato Full HD, entre 1 y 2 minutos de duración, incluye equipo humano de producción con cámaras profesionales, luces profesionales, estudio de grabación, arte / escenografía, sonido, animación, edición, corrección de color, música original y actores. Incluye equipo personal técnico, gastos de desplazamiento y gastos de montaje al lugar donde se requiera. | D40: 1 | E40: 1-2 minutos | F40: 29300725 | G40: 19040000 | H40: =G40*12.5% -> 2380000
B41: 199 | C41: 2 Video formato Full HD, entre 1 y 2 minutos de duración, incluye equipo humano de producción con cámaras profesionales, luces profesionales, estudio de grabación, arte / escenografía, sonido, animación, edición, corrección de color, música original y actores. Con enfoque diferencial para personas con discapacidad visual. Incluye equipo personal técnico, gastos de desplazamiento y gastos de montaje al lugar donde se requiera. | D41: 1 | E41: 5 minutos | F41: 46861012 | G41: 23324000 | H41: =G41*12.5% -> 2915500
B42: 200 | C42: 1 Video formato 4k, entre 1 y 2 minutos de duración, incluye equipo humano de producción con cámaras profesionales, luces profesionales, estudio de grabación, arte / escenografía, sonido, animación, edición, corrección de color, música original y actores. Incluye equipo personal técnico, gastos de desplazamiento y gastos de montaje al lugar donde se requiera. | D42: 1 | E42: 1-2 minutos | F42: 53495561 | G42: 26656000 | H42: =G42*12.5% -> 3332000
B43: 201 | C43: 1 Video formato 4k, entre 20 y 30 segundos de duración, incluye equipo humano de producción con cámaras profesionales, luces profesionales, estudio de grabación, arte / escenografía, sonido, animación, edición, corrección de color, música original y actores. Incluye equipo personal técnico, gastos de desplazamiento y gastos de montaje al lugar donde se requiera. | D43: 1 | E43: 20 y 30 segundos | F43: 46543045 | G43: 19992000 | H43: =G43*12.5% -> 2499000
B44: 202 | C44: Servicio de creación DCP (Digital Cinema Pack) para cualquier producto audiovisual aproximadamente de 60 minutos, para festivales de cine. Especificaciones Técnicas para la Entrega de DCP Aspect Ratio: Flat: 3996 x 2160 (4K) o 1998 x 1080 (2K). Scope: 4096 x 1716 (4K) o 2048 x 858 (2K) (Nota: No se aceptarán formatos "Full" ni otras relaciones de aspecto personalizadas). Opciones de Frame Rate: 24, 25 o 30 fps. No se admiten DCPs con altas frecuencias de cuadro (HFR). Idioma y Subtitulado: Es obligatorio incluir subtítulos en inglés (proporcionados por la entidad). Estos pueden estar "quemados" en la imagen (hardcoded), incluidos como un archivo de subtítulos dentro del DCP, o mediante un DCP suplementario (VF). Se requiere proporcionar al menos un timecode de una sección no inglesa para verificar la correcta visualización de los subtítulos. Audio: Formatos aceptados: 5.1 o Estéreo. Estándares y Formatos: Se aceptan paquetes tanto en estándar SMPTE como InterOp. Los DCPs deben haber sido generados mediante software de masterización profesional (no usar adobe premiere). Incluye equipo personal técnico, gastos de desplazamiento y gastos de montaje al lugar donde se requiera. | D44: 1 paquete de servicio digital | E44: 1 paquete de servicio digital | F44: 27720511 | G44: 19992000 | H44: =G44*12.5% -> 2499000
B45: 203 | C45: Grabación por 1 Canción , mezcla y mastering digital de 1 a 3 músicos con música propia (grabación instrumento por instrumento). incluye arreglos creativos a demanda de la entidad. Incluye equipo personal técnico, gastos de desplazamiento y gastos de montaje al lugar donde se requiera. | D45: 1 | E45: Canción de maximo 5 minutos | F45: 47863846 | G45: 19992000 | H45: =G45*12.5% -> 2499000
B46: 204 | C46: Grabación por 1 Canción , mezcla y mastering digital de 1 a 3 músicos con música propia (grabación instrumento por instrumento). incluye arreglos creativos a demanda de la entidad. Incluye equipo personal técnico, gastos de desplazamiento y gastos de montaje al lugar donde se requiera. | D46: 1 | E46: Canción de maximo 10 minutos | F46: 78674964 | G46: 26894000 | H46: =G46*12.5% -> 3361750
B47: 205 | C47: Grabación por 1 Canción , mezcla y mastering digital de 3 a 5 músicos con música propia (grabación instrumento por instrumento). incluye arreglos creativos a demanda de la entidad. Incluye equipo personal técnico, gastos de desplazamiento y gastos de montaje al lugar donde se requiera. | D47: 1 | E47: Canción de maximo 5 minutos | F47: 58395753 | G47: 27965000 | H47: =G47*12.5% -> 3495625
B48: 206 | C48: Grabación por 1 Canción , mezcla y mastering digital de 3 a 5 músicos con música propia (grabación instrumento por instrumento). incluye arreglos creativos a demanda de la entidad. Incluye equipo personal técnico, gastos de desplazamiento y gastos de montaje al lugar donde se requiera. | D48: 1 | E48: Canción de maximo 10 minutos | F48: 99730853 | G48: 34986000 | H48: =G48*12.5% -> 4373250
B49: 207 | C49: Grabación por 1 Canción , mezcla y mastering digital de 6 a 10 músicos con música propia (grabación instrumento por instrumento). incluye arreglos creativos a demanda de la entidad. Incluye equipo personal técnico, gastos de desplazamiento y gastos de montaje al lugar donde se requiera. | D49: 1 | E49: Canción de maximo 5 minutos | F49: 65517692 | G49: 38080000 | H49: =G49*12.5% -> 4760000
B50: 208 | C50: Grabación por 1 Canción , mezcla y mastering digital de 6 a 10 músicos con música propia (grabación instrumento por instrumento). incluye arreglos creativos a demanda de la entidad. Incluye equipo personal técnico, gastos de desplazamiento y gastos de montaje al lugar donde se requiera. | D50: 1 | E50: Canción de maximo 10 minutos | F50: 116921617 | G50: 49980000 | H50: =G50*12.5% -> 6247500
B51: C. PANTALLAS DE CINE
B52: 209 | C52: Mensaje 30 segundos en pantallas de cine - Cine Colombia (se debe cotizar 1 sala por semana). | D52: 1 | E52: Semana | F52: 5652277 | G52: 4521822 | H52: =G52*12.5% -> 565227.75
B53: 210 | C53: Mensaje 30 segundos en pantallas de cine - Cinemark (se debe cotizar 1 sala por semana). | D53: 2 paquete de servicio digital | E53: Semana | F53: 5652277 | G53: 4521822 | H53: =G53*12.5% -> 565227.75
B54: 211 | C54: Mensaje 30 segundos en pantallas de cine - Procinal (se debe cotizar 1 sala por semana). | D54: 1 | E54: Semana | F54: 5652277 | G54: 4521822 | H54: =G54*12.5% -> 565227.75
B55: 212 | C55: Mensaje 30 segundos en pantallas de cine - Cinepolis (se debe cotizar 1 sala por semana). | D55: 1 | E55: Semana | F55: 5652277 | G55: 4521822 | H55: =G55*12.5% -> 565227.75
B56: 213 | C56: Mensaje 1 minuto en pantallas de cine - Cine Colombia (se debe cotizar 1 sala por semana). | D56: 1 | E56: Semana | F56: 7993527 | G56: 6394822 | H56: =G56*12.5% -> 799352.75
B57: 214 | C57: Mensaje 1 minuto en pantallas de cine - Cinemark (se debe cotizar 1 sala por semana). | D57: 1 | E57: Semana | F57: 7993527 | G57: 6394822 | H57: =G57*12.5% -> 799352.75
B58: 215 | C58: Mensaje 1 minuto en pantallas de cine - Procinal (se debe cotizar 1 sala por semana). | D58: 1 | E58: Semana | F58: 7993527 | G58: 6394822 | H58: =G58*12.5% -> 799352.75
B59: 216 | C59: Mensaje 1 minuto en pantallas de cine - Cinepolis (se debe cotizar 1 sala por semana). | D59: 1 | E59: Semana | F59: 7993527 | G59: 6394822 | H59: =G59*12.5% -> 799352.75
B60: D. POSICIONAMIENTO DIGITAL
B61: 217 | C61: Caracoltelevision.com, formato Boton, CPM | D61: 1000 | E61: N/A | F61: 79412023 | G61: 100000 | H61: =G61*12.5% -> 12500
B62: 218 | C62: Caracoltelevision.com, formato robapaginas 250x350, CPM | D62: 1000 | F62: 12396714 | G62: 100000 | H62: =G62*12.5% -> 12500
B63: 219 | C63: Caracoltelevision.com, ubicación Home, formato Banner 81x75 replegables, 560x530 expandibles, CPM | D63: 1000 | E63: N/A | F63: 788429 | G63: 100000 | H63: =G63*12.5% -> 12500
B64: 220 | C64: DIGIMARKETING SAS, ubicación RED DE PORTALES PROGRAMATIC, formato Banners tradicionales, CPM | D64: 1000 | E64: N/A | F64: 116397 | G64: 114069 | H64: =G64*12.5% -> 14258.625
B65: 221 | C65: El espectador.com, formato Portada Falsa, DIARIA | D65: 1 | E65: DIA | F65: 1785084 | G65: 1749382 | H65: =G65*12.5% -> 218672.75
B66: 222 | C66: Elespectador.com, ubicación Home, formato 780x380 residual 300x250, CPM | D66: 1000 | E66: N/A | F66: 109314 | G66: 107128 | H66: =G66*12.5% -> 13391
B67: 223 | C67: Elespectador.com, ubicación Home, formato Toma de home tipo 1, PF | D67: 1 | E67: DIA | F67: 49498790 | G67: 20000000 | H67: =G67*12.5% -> 2500000
B68: 224 | C68: Elespectador.com, ubicación Home, formato Toma de home tipo 2, PF | D68: 1 | E68: DIA | F68: 68692864 | G68: 30000000 | H68: =G68*12.5% -> 3750000
B69: 225 | C69: Elespectador.com, ubicación Home, formato Toma de home, PF | D69: 1 | E69: DIA | F69: 2093197 | G69: 2051333 | H69: =G69*12.5% -> 256416.62
B70: 226 | C70: Eltiempo.com , ubicación Home- Politica- Bogotá, formato Cortinilla en video 400x300 , CPM | D70: 1000 | E70: N/A | F70: 76528 | G70: 74997 | H70: =G70*12.5% -> 9374.625
B71: 227 | C71: Eltiempo.com , ubicación ROSS, formato Banner tradicional 300 x 250 en scroll, CPM | D71: 1000 | E71: N/A | F71: 64670 | G71: 63377 | H71: =G71*12.5% -> 7922.125
B72: 228 | C72: Eltiempo.com , ubicación Toma de home, formato Toma de home, PF | D72: 1 | E72: DIA | F72: 57901941 | G72: 20000000 | H72: =G72*12.5% -> 2500000
B73: 229 | C73: Eltiempo.com, formato Toma Pre Home Mobile, DIARIA | D73: 1 | E73: DIA | F73: 25955772 | G73: 200000 | H73: =G73*12.5% -> 25000
B74: 230 | C74: Meta Ads / Feed + Reels + Stories / Video vertical 9:16 / CPM Alcance / | D74: 1000 | E74: N/A | F74: 5389 | G74: 5281 | H74: =G74*12.5% -> 660.125
B75: 231 | C75: Meta Ads / Reels / Video corto (6–30s) / (6–30s) / CPV optimizado / | D75: 1 reproducción | E75: N/A | F75: 1436 | G75: 1407 | H75: =G75*12.5% -> 175.875
B76: 232 | C76: Meta Ads / Feed / Imagen + copy / CPM Reach & Frequency / | D76: 1000 | E76: N/A | F76: 5389 | G76: 5281 | H76: =G76*12.5% -> 660.125
B77: 233 | C77: Meta Ads / Todas / Tráfico calificado / CPC optimizado / | D77: 1 clic | E77: N/A | F77: 486 | G77: 476 | H77: =G77*12.5% -> 59.5
B78: 234 | C78: Meta Ads / Todas / Interacción social / CPE / | D78: 1 interacción | E78: N/A | F78: 5389 | G78: 5281 | H78: =G78*12.5% -> 660.125
B79: 235 | C79: Meta Ads / Todas / /Click to WhatsApp / CPC / | D79: 1 clic | E79: N/A | F79: 532 | G79: 521 | H79: =G79*12.5% -> 65.125
B80: 236 | C80: Instagram Ads / Reels / Video vertical / CPV / | D80: 1 vista | E80: N/A | F80: 2732 | G80: 2677 | H80: =G80*12.5% -> 334.625
B81: 237 | C81: Instagram Ads / Feed / Post link / CPC / | D81: 1 clic | E81: N/A | F81: 347 | G81: 340 | H81: =G81*12.5% -> 42.5
B82: 238 | C82: Instagram Ads / Stories / Video/imagen / CPM / | D82: 1000 | E82: N/A | F82: 5389 | G82: 5281 | H82: =G82*12.5% -> 660.125
B83: 239 | C83: Google Ads / YouTube Shorts / Video vertical / CPV | D83: 1 vista | E83: N/A | F83: 3297 | G83: 3231 | H83: =G83*12.5% -> 403.875
B84: 240 | C84: Google Ads /YouTube / In-stream saltables / CPV / | D84: 1 vista | E84: N/A | F84: 3297 | G84: 3231 | H84: =G84*12.5% -> 403.875
B85: 241 | C85: Google Ads / YouTube / Bumper 6s / CPM / | D85: 1000 | E85: N/A | F85: 5632 | G85: 5519 | H85: =G85*12.5% -> 689.875
B86: 242 | C86: Google Ads / Demand Gen / Video + imagen / CPM / | D86: 1000 | E86: N/A | F86: 5632 | G86: 5519 | H86: =G86*12.5% -> 689.875
B87: 243 | C87: Google Ads / Búsqueda / Texto / CPC / | D87: 1 clic | E87: N/A | F87: 572 | G87: 561 | H87: =G87*12.5% -> 70.125
B88: 244 | C88: Google Ads / Medios contextuales / Display nativo / CPM / | D88: 1000 | E88: N/A | F88: 5632 | G88: 5519 | H88: =G88*12.5% -> 689.875
B89: 245 | C89: Google Ads / Contenido / Banner contextual / CPC / | D89: 1 clic | E89: N/A | F89: 454 | G89: 445 | H89: =G89*12.5% -> 55.625
B90: 246 | C90: TikTok Ads / In-feed / Video vertica 9:16 / CPV / | D90: 1 vista | E90: N/A | F90: 4888 | G90: 4790 | H90: =G90*12.5% -> 598.75
B91: 247 | C91: TikTok Ads / In-feed / Video alcance / CPM / | D91: 1000 | E91: N/A | F91: 18148 | G91: 17785 | H91: =G91*12.5% -> 2223.125
B92: 248 | C92: Spotify Ads / Audio digital / Audio 30s / CPM / | D92: 1000 | E92: N/A | F92: 16819 | G92: 16483 | H92: =G92*12.5% -> 2060.375
B93: 249 | C93: Spotify Ads / Podcast / Mención o cuña / CPM / | D93: 1000 | E93: N/A | F93: 16819 | G93: 16483 | H93: =G93*12.5% -> 2060.375
B94: 250 | C94: X - Ads / Timeline / Post patrocinado (texto = imagen) / CPM / | D94: 1000 | E94: N/A | F94: 26838 | G94: 26301 | H94: =G94*12.5% -> 3287.625
B95: 251 | C95: X - Ads / Timeline / Video corito ( 6-30s) / CPV / | D95: 1 vista | E95: N/A | F95: 4968 | G95: 4869 | H95: =G95*12.5% -> 608.625
B96: 252 | C96: X - Ads / Timeline / Post patrocinado / CPE (engagement) / | D96: 1 interacción | E96: N/A | F96: 1197 | G96: 1173 | H96: =G96*12.5% -> 146.625
B97: 253 | C97: X - Ads / Timeline / Tráfico a sitio / landing / CPC / | D97: 1 clic | E97: N/A | F97: 4663 | G97: 4570 | H97: =G97*12.5% -> 571.25
B98: 254 | C98: X - Ads / Timeline / Conversación patrocinada / CPE / | D98: 1 interacción | E98: N/A | F98: 1438 | G98: 1409 | H98: =G98*12.5% -> 176.125
B99: 255 | C99: X - Ads / Timeline / Hilo patrocinado / CPM / | D99: 1000 | E99: N/A | F99: 7857 | G99: 7700 | H99: =G99*12.5% -> 962.5
B100: 256 | C100: X - Ads / Timeline / Alcance institucional / CPM / | D100: 1000 | E100: N/A | F100: 7857 | G100: 7700 | H100: =G100*12.5% -> 962.5
...

Sheet VI. PORCENTAJE DE INTERMEDIACIÓ
B4: FORMATO ECONÓMICO
B6: VI. PORCENTAJE DE INTERMEDIACIÓN
H7: OFERTA INICIAL | I7: OFERTA DESPUÉS DE DESCUENTO
B8: ÍTEM | C8: NOMBRE | D8: OBSERVACIONES | G8: PRESUPUESTO ESTIMADO | H8: PRESUPUESTO ESTIMADO | I8: PRESUPUESTO ESTIMADO
B9: 335 | C9: PORCENTAJE DE INTERMEDIACION | D9: El porcentaje de intermediación incluye todos los costos directos e indirectos asociados a la gestión del contratista, tales como gastos administrativos, financieros, operativos, utilidades y demás erogaciones necesarias para la ejecución de la intermediación. El porcentaje de intermediación ofertado corresponde al valor base de la comisión del contratista y no incluye el Impuesto al Valor Agregado (IVA). En consecuencia, el porcentaje se calculará antes de IVA, y a dicho valor se le aplicará el impuesto correspondiente conforme a la normatividad tributaria vigente. El porcentaje (%) de intermediación aplicará únicamente para aquellos elementos o servicios que se requieran durante la ejecución del contrato que no estén previstos en el cuadro de ítems proyectados (tarifario) y que sean prestados por el contratista Para efectos de la liquidación de la comisión, el porcentaje de intermediación se aplicará sobre el valor del bien o servicio contratado antes de impuestos, el cual deberá estar soportado mediante cotización, orden de servicio o factura emitida por dicho proveedor. | G9: 0.057485149 | H9: 0.05 | I9: =+H9*12.5% -> 0.00625

Sheet RESUMEN 
A4: SERVICIO | B4: VALOR SUMATORIA UNITARIOS OFERTADOS INICIALMENTE | C4: VALOR OFERTADO DE DESCUENTO
A5: GRUPO-CATEG MUNICIPIOS | B5: ='I. ITEMS GRUPO-CATEG MUNICIPIOS'!C348 -> 18694950544 | C5: =B5*12.5% -> 2336868818
A6: PERIODICOS REGIONALES | B6: ='II. ITEMS PERIODICOS REGIONALES'!D17 -> 331527580 | C6: =B6*12.5% -> 41440948
A7: PIEZAS EN SISTEMAS DE TRANSPORTE MASIVO DE PASAJEROS | B7: ='III.ITEMS PIEZAS EN SISTEMAS DE'!D18 -> 298880884 | C7: =B7*12.5% -> 37360110
A8: PIEZAS EN AEROPUERTOS Y BUSES URBANOS | B8: ='IV. ITEMS PIEZAS EN AEROPUERTOS'!E38 -> 4077126422 | C8: =B8*12.5% -> 5.096408e+08
A9: GENERALES | B9: ='V. ITEMS GENERALES'!G190 -> 1159360471 | C9: =B9*12.5% -> 1.4492006e+08
A10: PORCENTAJE DE INTERMEDIACIÓN | B10: ='VI. PORCENTAJE DE INTERMEDIACIÓ'!H9 -> 0.05 | C10: 0.0063
